Workbook
Name asd: OFFSET('[1]4A Deprec Amor'!$J$13,'[1]4A Deprec Amor'!$D1-1,0,1,'[1]4A Deprec Amor'!$E1-'[1]4A Deprec Amor'!$D1)

Sheet Investimento
B1: Investimentos | D1: 1600
G4: 1 º Mês | H4: 2 º Mês | I4: 3 º Mês | J4: 4 º Mês | K4: 5 º Mês | L4: 6 º Mês | M4: 7 º Mês | N4: 8 º Mês | O4: 9 º Mês | P4: 10 º Mês | Q4: 11 º Mês | R4: 12 º Mês | S4: 2 ano | T4: 3 ano | U4: 4 ano | V4: 5 ano | W4: 6 ano | X4: 7 ano | Y4: 8 ano | Z4: 9 ano | AA4: 10 ano | AL4: TOTAL
B5: Itens | C5: Unidades | D5: Valor unit. | E5: Valor Total.
A6: 1 | B6: Equipamentos da Operação
A7: 1.1 | B7: Terminal POS - Ponto de Venda Comercio | C7: =1600/80 -> 20 | D7: 1340 | E7: =C7*D7 -> 26800 | G7: =E7 -> 26800 | V7: =E7/2 -> 13400 | W7: =V7 -> 13400 | AL7: =SUM(G7:AK7) -> 53600
A8: 1.2 | B8: Terminal POS - Fiscalização - 120 vagas | C8: =1600/120 -> 13.333333 | D8: 1340 | E8: =C8*D8 -> 17866.667 | G8: =E8 -> 17866.667 | V8: =E8/2 -> 8933.3333 | W8: =V8 -> 8933.3333 | AL8: =SUM(G8:AK8) -> 35733.333
A9: 1.3 | B9: Suprimentos POS | C9: 1 | D9: 3000 | E9: =C9*D9 -> 3000 | G9: =E9 -> 3000 | AL9: =SUM(G9:AK9) -> 3000
A10: 1.6 | B10: Parquimetro | C10: 16 | D10: 24000 | E10: =C10*D10 -> 384000 | G10: =E10 -> 384000 | AL10: =SUM(G10:AK10) -> 384000
A11: 1.7 | B11: Parquimetro inteligente Tela Toutch 10" | C11: 4 | D11: 31000 | E11: =C11*D11 -> 124000 | G11: =E11 -> 124000 | AL11: =SUM(G11:AK11) -> 124000
A12: 1.8 | B12: Totem 24" | C12: 4 | D12: 35000 | E12: =C12*D12 -> 140000 | G12: =E12 -> 140000
A13: 1.9 | B13: Sistema Fiscalização embarcado OCR | C13: 1 | D13: 200000 | E13: =C13*D13 -> 200000 | G13: =E13 -> 200000 | AL13: =SUM(M13:AK13) -> 0
A14: 2 | B14: Equipamento de Informatica
A15: 2.1 | B15: Computadores | C15: 5 | D15: 5500 | E15: =C15*D15 -> 27500 | G15: =E15 -> 27500 | V15: =E15 -> 27500 | AL15: =SUM(G15:AK15) -> 55000
A16: 2.2 | B16: Perifericos de Informatica | C16: 1 | D16: 10000 | E16: =C16*D16 -> 10000 | G16: =E16 -> 10000 | AL16: =SUM(G16:AK16) -> 10000
A17: 2.3 | B17: Smartphone Coorporativo | C17: 2 | D17: 1800 | E17: =C17*D17 -> 3600 | G17: =E17 -> 3600 | S17: =E17 -> 3600 | V17: =S17 -> 3600 | Y17: =V17 -> 3600 | AL17: =SUM(G17:AK17) -> 14400
A18: 2.4 | B18: Impressora Multifuncional | C18: 2 | D18: 2500 | E18: =C18*D18 -> 5000 | G18: =E18 -> 5000 | AL18: =SUM(G18:AK18) -> 5000
A19: 2.5 | B19: TV 43" Central de Operações / Atendimento | C19: 4 | D19: 1900 | E19: =C19*D19 -> 7600 | G19: =E19 -> 7600 | AL19: =SUM(G19:AK19) -> 7600
A20: 2.6 | B20: TV 58" Sala de Treinamento | C20: 1 | D20: 2700 | E20: =C20*D20 -> 2700 | G20: =E20 -> 2700 | AL20: =SUM(G20:AK20) -> 2700
A21: 2.8 | B21: REP - Relogio de Ponto | C21: 1 | D21: 1500 | E21: =C21*D21 -> 1500 | G21: =E21 -> 1500 | AL21: =SUM(G21:AK21) -> 1500
A22: 3 | B22: Infraestrutura da Sede
A23: 3.1 | B23: Filtro Bebedouro de agua 20 l | C23: 1 | D23: 2000 | E23: =C23*D23 -> 2000 | G23: =E23 -> 2000 | AL23: =SUM(G23:AK23) -> 2000
A24: 3.3 | B24: Geladeira 460L | C24: 1 | D24: 3700 | E24: =C24*D24 -> 3700 | G24: =E24 -> 3700 | AL24: =SUM(G24:AK24) -> 3700
A25: 3.5 | B25: Ar Condiconado 12000 Btus | C25: 4 | D25: 2700 | E25: =C25*D25 -> 10800 | G25: =E25 -> 10800 | AL25: =SUM(G25:AK25) -> 10800
A26: 3.6 | B26: Instalação ar condicionado 12000 Btus | C26: 4 | D26: 450 | E26: =C26*D26 -> 1800 | G26: =E26 -> 1800 | AL26: =SUM(G26:AK26) -> 1800
A27: 3.7 | B27: Mobiliario de Escritorio | C27: 1 | D27: 30000 | E27: =C27*D27 -> 30000 | G27: =E27 -> 30000 | AL27: =SUM(G27:AK27) -> 30000
AL28: =SUM(G28:AK28) -> 0
A29: 4 | B29: Veiculos
A30: 4.1 | B30: Carro Automotor 1.0 | C30: 1 | D30: 110000 | E30: =D30 -> 110000 | G30: =D30 -> 110000 | AL30: =SUM(G30:AK30) -> 110000
AL31: =SUM(G31:AK31) -> 0
A32: 5 | B32: Marketing
A33: 5.1 | B33: Divulgação Inicial ( radio, tv, redes sociais) | C33: 1 | D33: 50000 | E33: =D33*C33 -> 50000 | G33: =E33 -> 50000 | AL33: =SUM(G33:AK33) -> 50000
A34: 5.3 | B34: Impressao de Folders/Planfletos | C34: 1 | D34: 5000 | E34: =D34*C34 -> 5000 | G34: =E34 -> 5000 | AL34: =SUM(G34:AK34) -> 5000
AL35: =SUM(G35:AK35) -> 0
A36: 6 | B36: Sinalização
A37: 6.1 | B37: Sinalização Vertical - Poste | C37: =(800/16)*7 -> 350 | D37: 190 | E37: =D37*C37 -> 66500 | G37: =E37 -> 66500 | AL37: =SUM(G37:AK37) -> 66500
A38: 6.2 | B38: Sinalização Vertical - Placas | C38: =(1600/16)*7 -> 700 | D38: 250 | E38: =D38*C38 -> 175000 | G38: =E38 -> 175000 | AL38: =SUM(G38:AK38) -> 175000
A39: 6.3 | B39: Mão de Obra - Sinalização Vertical | C39: =C38 -> 700 | D39: 50 | E39: =D39*C39 -> 35000 | G39: =E39 -> 35000 | V39: =E39*0.8 -> 28000 | AL39: =SUM(G39:AK39) -> 63000
A40: 6.4 | B40: Mão de Obra - Sinalização Horizontal | C40: 1600 | D40: 73 | E40: =D40*C40 -> 116800 | G40: =E40 -> 116800 | V40: =E40*0.8 -> 93440 | AL40: =SUM(G40:AK40) -> 210240
A41: 6.5 | B41: Sinalização Horizontal - TINTA Azul | C41: 80 | D41: 435 | E41: =D41*C41 -> 34800 | G41: =E41 -> 34800 | V41: =E41*0.8 -> 27840 | AL41: =SUM(G41:AK41) -> 62640
A42: 6.6 | B42: Sinalização Horizontal - TINTA Branca | C42: 80 | D42: 410 | E42: =D42*C42 -> 32800 | G42: =E42 -> 32800 | V42: =E42*0.8 -> 26240 | AL42: =SUM(G42:AK42) -> 59040
A43: 6.7 | B43: Sinalização Horizontal - Solvente | C43: 30 | D43: 310 | E43: =D43*C43 -> 9300 | G43: =E43 -> 9300 | V43: =E43*0.8 -> 7440 | AL43: =SUM(G43:AK43) -> 16740
AL44: =SUM(G44:AK44) -> 0
A45: 7 | B45: Implantação/Treinamento
A46: 7.1 | B46: Despesas de adequação (reforma)- Central de Atendimento | C46: 1 | D46: 30000 | E46: =D46 -> 30000 | G46: =E46 -> 30000 | AL46: =SUM(G46:AK46) -> 30000
A47: 7.2 | B47: Despesas para treinamento equipe | C47: 1 | D47: 20000 | E47: =D47 -> 20000 | G47: =E47 -> 20000 | AL47: =SUM(G47:AK47) -> 20000
A48: 7.3 | B48: Recrutamento e seleção de funcionarios | C48: 1 | D48: 15000 | E48: =D48 -> 15000 | G48: =E48 -> 15000 | AL48: =SUM(G48:AK48) -> 15000
A49: 7.4 | B49: Desenvolvimento de Software | C49: 1 | D49: 150000 | E49: =D49 -> 150000 | G49: =E49 -> 150000
B50: Total do Investimento | G50: =SUM(G7:G49) -> 1852066.7 | H50: =SUM(H7:H48) -> 0 | I50: =SUM(I7:I48) -> 0 | J50: =SUM(J7:J48) -> 0 | K50: =SUM(K7:K48) -> 0 | L50: =SUM(L7:L48) -> 0 | M50: =SUM(M7:M48) -> 0 | N50: =SUM(N7:N48) -> 0 | O50: =SUM(O7:O48) -> 0 | ... AA50: =SUM(AA7:AA48) -> 0 | AL50: =SUM(AL7:AL48) -> 1627993.3 | AM50: =SUM(G50:AK50) -> 2117993.3
B51: Fracionamento Mensal | G51: =G50 -> 1852066.7 | H51: =H50 -> 0 | I51: =I50 -> 0 | J51: =J50 -> 0 | K51: =K50 -> 0 | L51: =L50 -> 0 | M51: =M50 -> 0 | N51: =N50 -> 0 | ... R51: =R50 -> 0 | S51: =S50/12 -> 300 | T51: =T50/12 -> 0 | U51: =U50/12 -> 0 | V51: =V50/12 -> 19699.444 | W51: =W50/12 -> 1861.1111 | X51: =X50/12 -> 0 | Y51: =Y50/12 -> 300 | Z51: =Z50/12 -> 0 | AA51: =AA50/12 -> 0 | AL51: =AL50=AM50 -> FALSE

Sheet Mão de Obra
A1: FOLHA DE MÃO DE OBRA
A3: Mão de Obra | B3: Salário | C3: Quantidade | E3: 1º mês | F3: 2º mês | G3: 3º mês | H3: 4º mês | I3: 5º mês | J3: 6º mês | K3: 7º mês | L3: 8º mês | M3: 9º mês | N3: 10º mês | O3: 11º mês | P3: 12º mês | Q3: 13º mês | R3: 14º mês | S3: 15º mês | T3: 16º mês | U3: 17º mês | V3: 18º mês | W3: 19º mês | X3: 20º mês | Y3: 21º mês | Z3: 22º mês | AA3: 23º mês | AB3: 24º mês | AC3: 25º mês | AD3: 26º mês | AE3: 27º mês | AF3: 28º mês | AG3: 29º mês | AH3: 30º mês | AI3: 31º mês | AJ3: 32º mês | AK3: 33º mês | AL3: 34º mês | AM3: 35º mês | AN3: 36º mês | AO3: 37º mês | AP3: 38º mês | AQ3: 39º mês | AR3: 40º mês | AS3: 41º mês | AT3: 42º mês | AU3: 43º mês | AV3: 44º mês | AW3: 45º mês | AX3: 46º mês | AY3: 47º mês | AZ3: 48º mês | BA3: 49º mês | BB3: 50º mês | BC3: 51º mês | BD3: 52º mês | BE3: 53º mês | BF3: 54º mês | BG3: 55º mês | BH3: 56º mês | BI3: 57º mês | BJ3: 58º mês | BK3: 59º mês | BL3: 60º mês | BM3: 61º mês | BN3: 62º mês | BO3: 63º mês | BP3: 64º mês | BQ3: 65º mês | BR3: 66º mês | BS3: 67º mês | BT3: 68º mês | BU3: 69º mês | BV3: 70º mês | BW3: 71º mês | BX3: 72º mês | BY3: 73º mês | BZ3: 74º mês | CA3: 75º mês | CB3: 76º mês | CC3: 77º mês | CD3: 78º mês | CE3: 79º mês | CF3: 80º mês | CG3: 81º mês | CH3: 82º mês | CI3: 83º mês | CJ3: 84º mês | CK3: 85º mês | CL3: 86º mês | CM3: 87º mês | CN3: 88º mês | CO3: 89º mês | CP3: 90º mês | CQ3: 91º mês | CR3: 92º mês | CS3: 93º mês | CT3: 94º mês | CU3: 95º mês | CV3: 96º mês | CW3: 97º mês | CX3: 98º mês | CY3: 99º mês | CZ3: 100º mês | DA3: 101º mês | DB3: 102º mês | DC3: 103º mês | DD3: 104º mês | DE3: 105º mês | DF3: 106º mês | DG3: 107º mês | DH3: 108º mês | DI3: 109º mês | DJ3: 110º mês | DK3: 111º mês | DL3: 112º mês | DM3: 113º mês | DN3: 114º mês | DO3: 115º mês | DP3: 116º mês | DQ3: 117º mês | DR3: 118º mês | DS3: 119º mês | DT3: 120º mês
A4: Gerente Operacional | B4: 4500 | C4: 1 | E4: =B4*C4 -> 4500 | F4: =E4 -> 4500 | G4: =F4 -> 4500 | H4: =G4 -> 4500 | I4: =H4 -> 4500 | J4: =I4 -> 4500 | K4: =J4 -> 4500 | L4: =K4 -> 4500 | M4: =L4 -> 4500 | ... DT4: =DS4 -> 4500
A5: Tecnico Operacional - TI | B5: 3500 | C5: 1 | E5: =B5*C5 -> 3500 | F5: =E5 -> 3500 | G5: =F5 -> 3500 | H5: =G5 -> 3500 | I5: =H5 -> 3500 | J5: =I5 -> 3500 | K5: =J5 -> 3500 | L5: =K5 -> 3500 | M5: =L5 -> 3500 | ... DT5: =DS5 -> 3500
A6: Aux. Financeiro | B6: 3000 | C6: 1 | E6: =B6*C6 -> 3000 | F6: =E6 -> 3000 | G6: =F6 -> 3000 | H6: =G6 -> 3000 | I6: =H6 -> 3000 | J6: =I6 -> 3000 | K6: =J6 -> 3000 | L6: =K6 -> 3000 | M6: =L6 -> 3000 | ... DT6: =DS6 -> 3000
A7: Aux. DP/RH | B7: 3000 | C7: 1 | E7: =B7*C7 -> 3000 | F7: =E7 -> 3000 | G7: =F7 -> 3000 | H7: =G7 -> 3000 | I7: =H7 -> 3000 | J7: =I7 -> 3000 | K7: =J7 -> 3000 | L7: =K7 -> 3000 | M7: =L7 -> 3000 | ... DT7: =DS7 -> 3000
A8: Motorista Carro OCR | B8: 2300 | C8: 1 | E8: =B8*C8 -> 2300 | F8: =E8 -> 2300 | G8: =F8 -> 2300 | H8: =G8 -> 2300 | I8: =H8 -> 2300 | J8: =I8 -> 2300 | K8: =J8 -> 2300 | L8: =K8 -> 2300 | M8: =L8 -> 2300 | ... DT8: =DS8 -> 2300
A9: Copeira | B9: 1518 | C9: 1 | E9: =B9*C9 -> 1518 | F9: =E9 -> 1518 | G9: =F9 -> 1518 | H9: =G9 -> 1518 | I9: =H9 -> 1518 | J9: =I9 -> 1518 | K9: =J9 -> 1518 | L9: =K9 -> 1518 | M9: =L9 -> 1518 | ... DT9: =DS9 -> 1518
A10: Recepcionista | B10: 1600 | C10: 2 | E10: =B10*C10 -> 3200 | F10: =E10 -> 3200 | G10: =F10 -> 3200 | H10: =G10 -> 3200 | I10: =H10 -> 3200 | J10: =I10 -> 3200 | K10: =J10 -> 3200 | L10: =K10 -> 3200 | M10: =L10 -> 3200 | ... DT10: =DS10 -> 3200
A11: Supervisora de Operação | B11: 2800 | C11: 1 | E11: =B11*C11 -> 2800 | F11: =E11 -> 2800 | G11: =F11 -> 2800 | H11: =G11 -> 2800 | I11: =H11 -> 2800 | J11: =I11 -> 2800 | K11: =J11 -> 2800 | L11: =K11 -> 2800 | M11: =L11 -> 2800 | ... DT11: =DS11 -> 2800
A12: Monitora | B12: 1800 | C12: =1661/120 -> 13.841667 | E12: =B12*C12 -> 24915 | F12: =E12 -> 24915 | G12: =F12 -> 24915 | H12: =G12 -> 24915 | I12: =H12 -> 24915 | J12: =I12 -> 24915 | K12: =J12 -> 24915 | L12: =K12 -> 24915 | M12: =L12 -> 24915 | ... DT12: =DS12 -> 24915
A13: Total do Custo de Mão de Obra | D13: =SUM(D4:D12) -> 0 | E13: =SUM(E4:E12) -> 48733 | F13: =SUM(F4:F12) -> 48733 | G13: =SUM(G4:G12) -> 48733 | H13: =SUM(H4:H12) -> 48733 | I13: =SUM(I4:I12) -> 48733 | J13: =SUM(J4:J12) -> 48733 | K13: =SUM(K4:K12) -> 48733 | ... DT13: =SUM(DT4:DT12) -> 48733
A14: Efetivo mensal | E14: =SUM(C4:C12) -> 22.841667 | F14: =SUM(C4:C12) -> 22.841667 | G14: =SUM(C4:C12) -> 22.841667 | H14: =SUM(C4:C12) -> 22.841667 | I14: =SUM(C4:C12) -> 22.841667 | J14: =I14 -> 22.841667 | K14: =J14 -> 22.841667 | L14: =K14 -> 22.841667 | M14: =L14 -> 22.841667 | N14: =M14 -> 22.841667 | O14: =N14 -> 22.841667 | P14: =O14 -> 22.841667 | Q14: =P14 -> 22.841667 | ... DT14: =DS14 -> 22.841667
A15: Encargos Sociais | C15: 0.95 | E15: =E13*$C$15 -> 46296.35 | F15: =F13*$C$15 -> 46296.35 | G15: =G13*$C$15 -> 46296.35 | H15: =H13*$C$15 -> 46296.35 | I15: =I13*$C$15 -> 46296.35 | J15: =I15 -> 46296.35 | K15: =J15 -> 46296.35 | L15: =L13*$C$15 -> 46296.35 | M15: =M13*$C$15 -> 46296.35 | N15: =N13*$C$15 -> 46296.35 | O15: =O13*$C$15 -> 46296.35 | P15: =P13*$C$15 -> 46296.35 | Q15: =Q13*$C$15 -> 46296.35 | R15: =R13*$C$15 -> 46296.35 | S15: =S13*$C$15 -> 46296.35 | ... DT15: =DT13*$C$15 -> 46296.35
A16: Uniforme | B16: 300 | E16: =B16*E14 -> 6852.5 | F16: =E16 -> 6852.5 | G16: =F16 -> 6852.5 | H16: =G16 -> 6852.5 | I16: =H16 -> 6852.5 | J16: =I16 -> 6852.5 | K16: =J16 -> 6852.5 | L16: =K16 -> 6852.5 | M16: =L16 -> 6852.5 | ... DT16: =DS16 -> 6852.5
A17: Vale Refeição | B17: 300 | D17: =$B$17*D14 -> 0 | E17: =$B$17*E14 -> 6852.5 | F17: =$B$17*F14 -> 6852.5 | G17: =$B$17*G14 -> 6852.5 | H17: =$B$17*H14 -> 6852.5 | I17: =$B$17*I14 -> 6852.5 | J17: =I17 -> 6852.5 | K17: =$B$17*K14 -> 6852.5 | L17: =$B$17*L14 -> 6852.5 | M17: =$B$17*M14 -> 6852.5 | N17: =$B$17*N14 -> 6852.5 | O17: =$B$17*O14 -> 6852.5 | P17: =$B$17*P14 -> 6852.5 | Q17: =$B$17*Q14 -> 6852.5 | R17: =$B$17*R14 -> 6852.5 | ... DT17: =$B$17*DT14 -> 6852.5
A18: Vale Transporte | B18: 180 | D18: =$B$18*D14*0.3 -> 0 | E18: =$B$18*E14*0.3 -> 1233.45 | F18: =$B$18*F14*0.3 -> 1233.45 | G18: =$B$18*G14*0.3 -> 1233.45 | H18: =$B$18*H14*0.3 -> 1233.45 | I18: =$B$18*I14*0.3 -> 1233.45 | J18: =I18 -> 1233.45 | K18: =J18 -> 1233.45 | L18: =K18 -> 1233.45 | M18: =L18 -> 1233.45 | N18: =M18 -> 1233.45 | O18: =N18 -> 1233.45 | P18: =O18 -> 1233.45 | Q18: =P18 -> 1233.45 | ... BK18: =BJ18 -> 1233.45 | BL18: =BJ18 -> 1233.45 | BM18: =BK18 -> 1233.45 | BN18: =BL18 -> 1233.45 | BO18: =BM18 -> 1233.45 | BP18: =BN18 -> 1233.45 | BQ18: =BO18 -> 1233.45 | BR18: =BP18 -> 1233.45 | BS18: =BQ18 -> 1233.45 | ... DT18: =DR18 -> 1233.45
A19: Sub-Total de Mão de Obra | E19: =SUM(E15:E18) -> 61234.8 | F19: =SUM(F15:F18) -> 61234.8 | G19: =SUM(G15:G18) -> 61234.8 | H19: =SUM(H15:H18) -> 61234.8 | I19: =SUM(I15:I18) -> 61234.8 | J19: =SUM(J15:J18) -> 61234.8 | K19: =SUM(K15:K18) -> 61234.8 | L19: =SUM(L15:L18) -> 61234.8 | ... DT19: =SUM(DT15:DT18) -> 61234.8
A25: Sub-Total | D25: =SUM(D20:D24)-D21 -> 0 | E25: =SUM(E20:E24)-E21 -> 0 | F25: =SUM(F20:F24)-F21 -> 0 | G25: =SUM(G20:G24)-G21 -> 0 | H25: =SUM(H20:H24)-H21 -> 0 | I25: =SUM(I20:I24)-I21 -> 0 | J25: =SUM(J20:J24)-J21 -> 0 | K25: =SUM(K20:K24)-K21 -> 0 | ... DT25: =SUM(DT20:DT24)-DT21 -> 0
A27: TOTAL FINAL | D27: =D13+D19+D25 -> 0 | E27: =E13+E19+E25 -> 109967.8 | F27: =F13+F19+F25 -> 109967.8 | G27: =G13+G19+G25 -> 109967.8 | H27: =H13+H19+H25 -> 109967.8 | I27: =I13+I19+I25 -> 109967.8 | J27: =J13+J19+J25 -> 109967.8 | K27: =K13+K19+K25 -> 109967.8 | ... DT27: =DT13+DT19+DT25 -> 109967.8

Sheet Operacional
H2: 0º mês | I2: 1º mês | J2: 2º mês | K2: 3º mês | L2: 4º mês | M2: 5º mês | N2: 6º mês | O2: 7º mês | P2: 8º mês | Q2: 9º mês | R2: 10º mês | S2: 11º mês | T2: 12º mês | U2: 1º ANO | V2: 13º mês | W2: 14º mês | X2: 15º mês | Y2: 16º mês | Z2: 17º mês | AA2: 18º mês | AB2: 19º mês | AC2: 20º mês | AD2: 21º mês | AE2: 22º mês | AF2: 23º mês | AG2: 24º mês | AH2: 2º ANO | AI2: 25º mês | AJ2: 26º mês | AK2: 27º mês | AL2: 28º mês | AM2: 29º mês | AN2: 30º mês | AO2: 31º mês | AP2: 32º mês | AQ2: 33º mês | AR2: 34º mês | AS2: 35º mês | AT2: 36º mês | AU2: 3º ANO | AV2: 37º mês | AW2: 38º mês | AX2: 39º mês | AY2: 40º mês | AZ2: 41º mês | BA2: 42º mês | BB2: 43º mês | BC2: 44º mês | BD2: 45º mês | BE2: 46º mês | BF2: 47º mês | BG2: 48º mês | BH2: 4º ANO | BI2: 49º mês | BJ2: 50º mês | BK2: 51º mês | BL2: 52º mês | BM2: 53º mês | BN2: 54º mês | BO2: 55º mês | BP2: 56º mês | BQ2: 57º mês | BR2: 58º mês | BS2: 59º mês | BT2: 60º mês | BU2: 5º ANO | BV2: 61º mês | BW2: 62º mês | BX2: 63º mês | BY2: 64º mês | BZ2: 65º mês | CA2: 66º mês | CB2: 67º mês | CC2: 68º mês | CD2: 69º mês | CE2: 70º mês | CF2: 71º mês | CG2: 72º mês | CH2: 6º ANO | CI2: 73º mês | CJ2: 74º mês | CK2: 75º mês | CL2: 76º mês | CM2: 77º mês | CN2: 78º mês | CO2: 79º mês | CP2: 80º mês | CQ2: 81º mês | CR2: 82º mês | CS2: 83º mês | CT2: 84º mês | CU2: 7º ANO | CV2: 85º mês | CW2: 86º mês | CX2: 87º mês | CY2: 88º mês | CZ2: 89º mês | DA2: 90º mês | DB2: 91º mês | DC2: 92º mês | DD2: 93º mês | DE2: 94º mês | DF2: 95º mês | DG2: 96º mês | DH2: 8º ANO | DI2: 97º mês | DJ2: 98º mês | DK2: 99º mês | DL2: 100º mês | DM2: 101º mês | DN2: 102º mês | DO2: 103º mês | DP2: 104º mês | DQ2: 105º mês | DR2: 106º mês | DS2: 107º mês | DT2: 108º mês | DU2: 9º ANO | DV2: 109º mês | DW2: 110º mês | DX2: 111º mês | DY2: 112º mês | DZ2: 113º mês | EA2: 114º mês | EB2: 115º mês | EC2: 116º mês | ED2: 117º mês | EE2: 118º mês | EF2: 119º mês | EG2: 120º mês | EH2: 10º ANO
A3: RECEITA LÍQUIDA | H3: =H4-H14 -> 0 | I3: =I4-I14 -> 205151.42 | J3: =J4-J14 -> 205151.42 | K3: =K4-K14 -> 205151.42 | L3: =L4-L14 -> 205151.42 | M3: =M4-M14 -> 205151.42 | N3: =N4-N14 -> 205151.42 | O3: =O4-O14 -> 205151.42 | ... EH3: =EH4-EH14 -> 2461817.1
A4: Receita Bruta (Rotativo | B4: Quantidade | C4: Tx.Ocup. | D4: Tx Resp. | E4: Tarifa | F4: Horas | H4: =SUM(H5:H13) -> 0 | I4: =SUM(I5:I13) -> 232862 | J4: =SUM(J5:J13) -> 232862 | K4: =SUM(K5:K13) -> 232862 | L4: =SUM(L5:L13) -> 232862 | M4: =SUM(M5:M13) -> 232862 | N4: =SUM(N5:N13) -> 232862 | O4: =SUM(O5:O13) -> 232862 | ... EH4: =SUM(EH5:EH13) -> 2794344
A5: Rotativo Carros - Semanal | B5: 840 | C5: 0.35 | D5: 0.7 | E5: 3 | F5: 180 | I5: =$B$5*$C$5*$D$5*$E$5*$F$5 -> 111132 | J5: =$B$5*$C$5*$D$5*$E$5*$F$5 -> 111132 | K5: =$B$5*$C$5*$D$5*$E$5*$F$5 -> 111132 | L5: =$B$5*$C$5*$D$5*$E$5*$F$5 -> 111132 | M5: =$B$5*$C$5*$D$5*$E$5*$F$5 -> 111132 | N5: =$B$5*$C$5*$D$5*$E$5*$F$5 -> 111132 | O5: =$B$5*$C$5*$D$5*$E$5*$F$5 -> 111132 | P5: =$B$5*$C$5*$D$5*$E$5*$F$5 -> 111132 | ... T5: =$B$5*$C$5*$D$5*$E$5*$F$5 -> 111132 | U5: =SUM(I5:T5) -> 1333584 | V5: =$B$5*$C$5*$D$5*$E$5*$F$5 -> 111132 | W5: =$B$5*$C$5*$D$5*$E$5*$F$5 -> 111132 | X5: =$B$5*$C$5*$D$5*$E$5*$F$5 -> 111132 | Y5: =$B$5*$C$5*$D$5*$E$5*$F$5 -> 111132 | Z5: =$B$5*$C$5*$D$5*$E$5*$F$5 -> 111132 | AA5: =$B$5*$C$5*$D$5*$E$5*$F$5 -> 111132 | AB5: =$B$5*$C$5*$D$5*$E$5*$F$5 -> 111132 | AC5: =$B$5*$C$5*$D$5*$E$5*$F$5 -> 111132 | ... AG5: =$B$5*$C$5*$D$5*$E$5*$F$5 -> 111132 | AH5: =SUM(V5:AG5) -> 1333584 | AI5: =$B$5*$C$5*$D$5*$E$5*$F$5 -> 111132 | AJ5: =$B$5*$C$5*$D$5*$E$5*$F$5 -> 111132 | AK5: =$B$5*$C$5*$D$5*$E$5*$F$5 -> 111132 | AL5: =$B$5*$C$5*$D$5*$E$5*$F$5 -> 111132 | AM5: =$B$5*$C$5*$D$5*$E$5*$F$5 -> 111132 | AN5: =$B$5*$C$5*$D$5*$E$5*$F$5 -> 111132 | AO5: =$B$5*$C$5*$D$5*$E$5*$F$5 -> 111132 | AP5: =$B$5*$C$5*$D$5*$E$5*$F$5 -> 111132 | ... AT5: =$B$5*$C$5*$D$5*$E$5*$F$5 -> 111132 | AU5: =SUM(AI5:AT5) -> 1333584 | AV5: =$B$5*$C$5*$D$5*$E$5*$F$5 -> 111132 | AW5: =$B$5*$C$5*$D$5*$E$5*$F$5 -> 111132 | AX5: =$B$5*$C$5*$D$5*$E$5*$F$5 -> 111132 | AY5: =$B$5*$C$5*$D$5*$E$5*$F$5 -> 111132 | AZ5: =$B$5*$C$5*$D$5*$E$5*$F$5 -> 111132 | BA5: =$B$5*$C$5*$D$5*$E$5*$F$5 -> 111132 | BB5: =$B$5*$C$5*$D$5*$E$5*$F$5 -> 111132 | BC5: =$B$5*$C$5*$D$5*$E$5*$F$5 -> 111132 | ... BG5: =$B$5*$C$5*$D$5*$E$5*$F$5 -> 111132 | BH5: =SUM(AV5:BG5) -> 1333584 | BI5: =$B$5*$C$5*$D$5*$E$5*$F$5 -> 111132 | BJ5: =$B$5*$C$5*$D$5*$E$5*$F$5 -> 111132 | BK5: =$B$5*$C$5*$D$5*$E$5*$F$5 -> 111132 | BL5: =$B$5*$C$5*$D$5*$E$5*$F$5 -> 111132 | BM5: =$B$5*$C$5*$D$5*$E$5*$F$5 -> 111132 | BN5: =$B$5*$C$5*$D$5*$E$5*$F$5 -> 111132 | BO5: =$B$5*$C$5*$D$5*$E$5*$F$5 -> 111132 | BP5: =$B$5*$C$5*$D$5*$E$5*$F$5 -> 111132 | ... BT5: =$B$5*$C$5*$D$5*$E$5*$F$5 -> 111132 | BU5: =SUM(BI5:BT5) -> 1333584 | BV5: =$B$5*$C$5*$D$5*$E$5*$F$5 -> 111132 | BW5: =$B$5*$C$5*$D$5*$E$5*$F$5 -> 111132 | BX5: =$B$5*$C$5*$D$5*$E$5*$F$5 -> 111132 | BY5: =$B$5*$C$5*$D$5*$E$5*$F$5 -> 111132 | BZ5: =$B$5*$C$5*$D$5*$E$5*$F$5 -> 111132 | CA5: =$B$5*$C$5*$D$5*$E$5*$F$5 -> 111132 | CB5: =$B$5*$C$5*$D$5*$E$5*$F$5 -> 111132 | CC5: =$B$5*$C$5*$D$5*$E$5*$F$5 -> 111132 | ... CG5: =$B$5*$C$5*$D$5*$E$5*$F$5 -> 111132 | CH5: =SUM(BV5:CG5) -> 1333584 | CI5: =$B$5*$C$5*$D$5*$E$5*$F$5 -> 111132 | CJ5: =$B$5*$C$5*$D$5*$E$5*$F$5 -> 111132 | CK5: =$B$5*$C$5*$D$5*$E$5*$F$5 -> 111132 | CL5: =$B$5*$C$5*$D$5*$E$5*$F$5 -> 111132 | CM5: =$B$5*$C$5*$D$5*$E$5*$F$5 -> 111132 | CN5: =$B$5*$C$5*$D$5*$E$5*$F$5 -> 111132 | CO5: =$B$5*$C$5*$D$5*$E$5*$F$5 -> 111132 | CP5: =$B$5*$C$5*$D$5*$E$5*$F$5 -> 111132 | ... CT5: =$B$5*$C$5*$D$5*$E$5*$F$5 -> 111132 | CU5: =SUM(CI5:CT5) -> 1333584 | CV5: =$B$5*$C$5*$D$5*$E$5*$F$5 -> 111132 | CW5: =$B$5*$C$5*$D$5*$E$5*$F$5 -> 111132 | CX5: =$B$5*$C$5*$D$5*$E$5*$F$5 -> 111132 | CY5: =$B$5*$C$5*$D$5*$E$5*$F$5 -> 111132 | CZ5: =$B$5*$C$5*$D$5*$E$5*$F$5 -> 111132 | DA5: =$B$5*$C$5*$D$5*$E$5*$F$5 -> 111132 | DB5: =$B$5*$C$5*$D$5*$E$5*$F$5 -> 111132 | DC5: =$B$5*$C$5*$D$5*$E$5*$F$5 -> 111132 | ... DG5: =$B$5*$C$5*$D$5*$E$5*$F$5 -> 111132 | DH5: =SUM(CV5:DG5) -> 1333584 | DI5: =$B$5*$C$5*$D$5*$E$5*$F$5 -> 111132 | DJ5: =$B$5*$C$5*$D$5*$E$5*$F$5 -> 111132 | DK5: =$B$5*$C$5*$D$5*$E$5*$F$5 -> 111132 | DL5: =$B$5*$C$5*$D$5*$E$5*$F$5 -> 111132 | DM5: =$B$5*$C$5*$D$5*$E$5*$F$5 -> 111132 | DN5: =$B$5*$C$5*$D$5*$E$5*$F$5 -> 111132 | DO5: =$B$5*$C$5*$D$5*$E$5*$F$5 -> 111132 | DP5: =$B$5*$C$5*$D$5*$E$5*$F$5 -> 111132 | ... DT5: =$B$5*$C$5*$D$5*$E$5*$F$5 -> 111132 | DU5: =SUM(DI5:DT5) -> 1333584 | DV5: =$B$5*$C$5*$D$5*$E$5*$F$5 -> 111132 | DW5: =$B$5*$C$5*$D$5*$E$5*$F$5 -> 111132 | DX5: =$B$5*$C$5*$D$5*$E$5*$F$5 -> 111132 | DY5: =$B$5*$C$5*$D$5*$E$5*$F$5 -> 111132 | DZ5: =$B$5*$C$5*$D$5*$E$5*$F$5 -> 111132 | EA5: =$B$5*$C$5*$D$5*$E$5*$F$5 -> 111132 | EB5: =$B$5*$C$5*$D$5*$E$5*$F$5 -> 111132 | EC5: =$B$5*$C$5*$D$5*$E$5*$F$5 -> 111132 | ... EG5: =$B$5*$C$5*$D$5*$E$5*$F$5 -> 111132 | EH5: =SUM(DV5:EG5) -> 1333584
A6: Rotativo Carros - Final de Semana/Feriados | B6: 840 | C6: 0.6 | D6: 0.5 | E6: 5 | F6: 26 | I6: =B6*C6*D6*E6*F6 -> 32760 | J6: =I6 -> 32760 | K6: =J6 -> 32760 | L6: =K6 -> 32760 | M6: =L6 -> 32760 | N6: =M6 -> 32760 | O6: =N6 -> 32760 | P6: =O6 -> 32760 | Q6: =P6 -> 32760 | ... T6: =S6 -> 32760 | U6: =SUM(I6:T6) -> 393120 | V6: =I6 -> 32760 | W6: =J6 -> 32760 | X6: =K6 -> 32760 | Y6: =L6 -> 32760 | Z6: =M6 -> 32760 | AA6: =N6 -> 32760 | AB6: =O6 -> 32760 | AC6: =P6 -> 32760 | ... EG6: =DT6 -> 32760 | EH6: =SUM(DV6:EG6) -> 393120
A7: Rotativo Moto - Semanal | B7: 840 | C7: 0.35 | D7: 0.7 | E7: 1 | F7: 180 | I7: =B7*C7*D7*E7*F7 -> 37044 | J7: =I7 -> 37044 | K7: =J7 -> 37044 | L7: =K7 -> 37044 | M7: =L7 -> 37044 | N7: =M7 -> 37044 | O7: =N7 -> 37044 | P7: =O7 -> 37044 | Q7: =P7 -> 37044 | ... T7: =S7 -> 37044 | U7: =SUM(I7:T7) -> 444528 | V7: =I7 -> 37044 | W7: =J7 -> 37044 | X7: =K7 -> 37044 | Y7: =L7 -> 37044 | Z7: =M7 -> 37044 | AA7: =N7 -> 37044 | AB7: =O7 -> 37044 | AC7: =P7 -> 37044 | ... EG7: =DT7 -> 37044 | EH7: =SUM(DV7:EG7) -> 444528
A8: Rotativo Moto - Final de Semana/Feriados | B8: 840 | C8: 0.6 | D8: 0.5 | E8: 3 | F8: 26 | I8: =B8*C8*D8*E8*F8 -> 19656 | J8: =I8 -> 19656 | K8: =J8 -> 19656 | L8: =K8 -> 19656 | M8: =L8 -> 19656 | N8: =M8 -> 19656 | O8: =N8 -> 19656 | P8: =O8 -> 19656 | Q8: =P8 -> 19656 | ... T8: =S8 -> 19656 | U8: =SUM(I8:T8) -> 235872 | V8: =I8 -> 19656 | W8: =J8 -> 19656 | X8: =K8 -> 19656 | Y8: =L8 -> 19656 | Z8: =M8 -> 19656 | AA8: =N8 -> 19656 | AB8: =O8 -> 19656 | AC8: =P8 -> 19656 | ... EG8: =DT8 -> 19656 | EH8: =SUM(DV8:EG8) -> 235872
A9: TPU Carros - Semanal | B9: 1500 | E9: 12 | I9: =B9*E9 -> 18000 | J9: =I9 -> 18000 | K9: =J9 -> 18000 | L9: =K9 -> 18000 | M9: =L9 -> 18000 | N9: =M9 -> 18000 | O9: =N9 -> 18000 | P9: =O9 -> 18000 | Q9: =P9 -> 18000 | ... T9: =S9 -> 18000 | U9: =SUM(I9:T9) -> 216000 | V9: =I9 -> 18000 | W9: =J9 -> 18000 | X9: =K9 -> 18000 | Y9: =L9 -> 18000 | Z9: =M9 -> 18000 | AA9: =N9 -> 18000 | AB9: =O9 -> 18000 | AC9: =P9 -> 18000 | ... EG9: =DT9 -> 18000 | EH9: =SUM(DV9:EG9) -> 216000
A10: TPU Carros - Final de Semana/Feriados | B10: 250 | E10: 20 | I10: =B10*E10 -> 5000 | J10: =I10 -> 5000 | K10: =J10 -> 5000 | L10: =K10 -> 5000 | M10: =L10 -> 5000 | N10: =M10 -> 5000 | O10: =N10 -> 5000 | P10: =O10 -> 5000 | Q10: =P10 -> 5000 | ... T10: =S10 -> 5000 | U10: =SUM(I10:T10) -> 60000 | V10: =I10 -> 5000 | W10: =J10 -> 5000 | X10: =K10 -> 5000 | Y10: =L10 -> 5000 | Z10: =M10 -> 5000 | AA10: =N10 -> 5000 | AB10: =O10 -> 5000 | AC10: =P10 -> 5000 | ... EG10: =DT10 -> 5000 | EH10: =SUM(DV10:EG10) -> 60000
A11: TPU Moto - Semanal | B11: 1500 | E11: 4 | I11: =B11*E11 -> 6000 | J11: =I11 -> 6000 | K11: =J11 -> 6000 | L11: =K11 -> 6000 | M11: =L11 -> 6000 | N11: =M11 -> 6000 | O11: =N11 -> 6000 | P11: =O11 -> 6000 | Q11: =P11 -> 6000 | ... T11: =S11 -> 6000 | U11: =SUM(I11:T11) -> 72000 | V11: =I11 -> 6000 | W11: =J11 -> 6000 | X11: =K11 -> 6000 | Y11: =L11 -> 6000 | Z11: =M11 -> 6000 | AA11: =N11 -> 6000 | AB11: =O11 -> 6000 | AC11: =P11 -> 6000 | ... EG11: =DT11 -> 6000 | EH11: =SUM(DV11:EG11) -> 72000
A12: TPU Moto - Final de Semana/Feriados | B12: 250 | E12: 12 | I12: =B12*E12 -> 3000 | J12: =I12 -> 3000 | K12: =J12 -> 3000 | L12: =K12 -> 3000 | M12: =L12 -> 3000 | N12: =M12 -> 3000 | O12: =N12 -> 3000 | P12: =O12 -> 3000 | Q12: =P12 -> 3000 | ... T12: =S12 -> 3000 | U12: =SUM(I12:T12) -> 36000 | V12: =I12 -> 3000 | W12: =J12 -> 3000 | X12: =K12 -> 3000 | Y12: =L12 -> 3000 | Z12: =M12 -> 3000 | AA12: =N12 -> 3000 | AB12: =O12 -> 3000 | AC12: =P12 -> 3000 | ... EG12: =DT12 -> 3000 | EH12: =SUM(DV12:EG12) -> 36000
A13: Caçamba - Mensal | B13: 1 | E13: 270 | I13: =B13*E13 -> 270 | J13: =$B$13*$E$13 -> 270 | K13: =$B$13*$E$13 -> 270 | L13: =$B$13*$E$13 -> 270 | M13: =$B$13*$E$13 -> 270 | N13: =$B$13*$E$13 -> 270 | O13: =$B$13*$E$13 -> 270 | P13: =$B$13*$E$13 -> 270 | Q13: =$B$13*$E$13 -> 270 | ... T13: =$B$13*$E$13 -> 270 | U13: =SUM(I13:T13) -> 3240 | V13: =$B$13*$E$13 -> 270 | W13: =$B$13*$E$13 -> 270 | X13: =$B$13*$E$13 -> 270 | Y13: =$B$13*$E$13 -> 270 | Z13: =$B$13*$E$13 -> 270 | AA13: =$B$13*$E$13 -> 270 | AB13: =$B$13*$E$13 -> 270 | AC13: =$B$13*$E$13 -> 270 | ... AG13: =$B$13*$E$13 -> 270 | AH13: =SUM(V13:AG13) -> 3240 | AI13: =$B$13*$E$13 -> 270 | AJ13: =$B$13*$E$13 -> 270 | AK13: =$B$13*$E$13 -> 270 | AL13: =$B$13*$E$13 -> 270 | AM13: =$B$13*$E$13 -> 270 | AN13: =$B$13*$E$13 -> 270 | AO13: =$B$13*$E$13 -> 270 | AP13: =$B$13*$E$13 -> 270 | ... AT13: =$B$13*$E$13 -> 270 | AU13: =SUM(AI13:AT13) -> 3240 | AV13: =$B$13*$E$13 -> 270 | AW13: =$B$13*$E$13 -> 270 | AX13: =$B$13*$E$13 -> 270 | AY13: =$B$13*$E$13 -> 270 | AZ13: =$B$13*$E$13 -> 270 | BA13: =$B$13*$E$13 -> 270 | BB13: =$B$13*$E$13 -> 270 | BC13: =$B$13*$E$13 -> 270 | ... BG13: =$B$13*$E$13 -> 270 | BH13: =SUM(AV13:BG13) -> 3240 | BI13: =$B$13*$E$13 -> 270 | BJ13: =$B$13*$E$13 -> 270 | BK13: =$B$13*$E$13 -> 270 | BL13: =$B$13*$E$13 -> 270 | BM13: =$B$13*$E$13 -> 270 | BN13: =$B$13*$E$13 -> 270 | BO13: =$B$13*$E$13 -> 270 | BP13: =$B$13*$E$13 -> 270 | ... BT13: =$B$13*$E$13 -> 270 | BU13: =SUM(BI13:BT13) -> 3240 | BV13: =$B$13*$E$13 -> 270 | BW13: =$B$13*$E$13 -> 270 | BX13: =$B$13*$E$13 -> 270 | BY13: =$B$13*$E$13 -> 270 | BZ13: =$B$13*$E$13 -> 270 | CA13: =$B$13*$E$13 -> 270 | CB13: =$B$13*$E$13 -> 270 | CC13: =$B$13*$E$13 -> 270 | ... CG13: =$B$13*$E$13 -> 270 | CH13: =SUM(BV13:CG13) -> 3240 | CI13: =$B$13*$E$13 -> 270 | CJ13: =$B$13*$E$13 -> 270 | CK13: =$B$13*$E$13 -> 270 | CL13: =$B$13*$E$13 -> 270 | CM13: =$B$13*$E$13 -> 270 | CN13: =$B$13*$E$13 -> 270 | CO13: =$B$13*$E$13 -> 270 | CP13: =$B$13*$E$13 -> 270 | ... CT13: =$B$13*$E$13 -> 270 | CU13: =SUM(CI13:CT13) -> 3240 | CV13: =$B$13*$E$13 -> 270 | CW13: =$B$13*$E$13 -> 270 | CX13: =$B$13*$E$13 -> 270 | CY13: =$B$13*$E$13 -> 270 | CZ13: =$B$13*$E$13 -> 270 | DA13: =$B$13*$E$13 -> 270 | DB13: =$B$13*$E$13 -> 270 | DC13: =$B$13*$E$13 -> 270 | ... DG13: =$B$13*$E$13 -> 270 | DH13: =SUM(CV13:DG13) -> 3240 | DI13: =$B$13*$E$13 -> 270 | DJ13: =$B$13*$E$13 -> 270 | DK13: =$B$13*$E$13 -> 270 | DL13: =$B$13*$E$13 -> 270 | DM13: =$B$13*$E$13 -> 270 | DN13: =$B$13*$E$13 -> 270 | DO13: =$B$13*$E$13 -> 270 | DP13: =$B$13*$E$13 -> 270 | ... DT13: =$B$13*$E$13 -> 270 | DU13: =SUM(DI13:DT13) -> 3240 | DV13: =$B$13*$E$13 -> 270 | DW13: =$B$13*$E$13 -> 270 | DX13: =$B$13*$E$13 -> 270 | DY13: =$B$13*$E$13 -> 270 | DZ13: =$B$13*$E$13 -> 270 | EA13: =$B$13*$E$13 -> 270 | EB13: =$B$13*$E$13 -> 270 | EC13: =$B$13*$E$13 -> 270 | ... EG13: =$B$13*$E$13 -> 270 | EH13: =SUM(DV13:EG13) -> 3240
A14: Impostos Previsto | B14: =SUM(B15,B21) -> 0.119 | H14: =SUM(H15,H21) -> 0 | I14: =SUM(I15,I21) -> 27710.578 | J14: =SUM(J15,J21) -> 27710.578 | K14: =SUM(K15,K21) -> 27710.578 | L14: =SUM(L15,L21) -> 27710.578 | M14: =SUM(M15,M21) -> 27710.578 | N14: =SUM(N15,N21) -> 27710.578 | O14: =SUM(O15,O21) -> 27710.578 | ... EH14: =SUM(EH15,EH21) -> 332526.94
A15: Total Tributos da Pessoa Jurídica | B15: =SUM(B16:B20) -> 0.079 | H15: =SUM(H16:H20) -> 0 | I15: =SUM(I16:I20) -> 18396.098 | J15: =SUM(J16:J20) -> 18396.098 | K15: =SUM(K16:K20) -> 18396.098 | L15: =SUM(L16:L20) -> 18396.098 | M15: =SUM(M16:M20) -> 18396.098 | N15: =SUM(N16:N20) -> 18396.098 | O15: =SUM(O16:O20) -> 18396.098 | ... EH15: =SUM(EH16:EH20) -> 220753.18
A16: IRPJ | B16: 0.023 | I16: =I4*$B16 -> 5355.826 | J16: =J4*$B16 -> 5355.826 | K16: =K4*$B16 -> 5355.826 | L16: =L4*$B16 -> 5355.826 | M16: =M4*$B16 -> 5355.826 | N16: =N4*$B16 -> 5355.826 | O16: =O4*$B16 -> 5355.826 | P16: =P4*$B16 -> 5355.826 | ... T16: =T4*$B16 -> 5355.826 | U16: =SUM(I16:T16) -> 64269.912 | V16: =V4*$B16 -> 5355.826 | W16: =W4*$B16 -> 5355.826 | X16: =X4*$B16 -> 5355.826 | Y16: =Y4*$B16 -> 5355.826 | Z16: =Z4*$B16 -> 5355.826 | AA16: =AA4*$B16 -> 5355.826 | AB16: =AB4*$B16 -> 5355.826 | AC16: =AC4*$B16 -> 5355.826 | ... AG16: =AG4*$B16 -> 5355.826 | AH16: =SUM(V16:AG16) -> 64269.912 | AI16: =AI4*$B16 -> 5355.826 | AJ16: =AJ4*$B16 -> 5355.826 | AK16: =AK4*$B16 -> 5355.826 | AL16: =AL4*$B16 -> 5355.826 | AM16: =AM4*$B16 -> 5355.826 | AN16: =AN4*$B16 -> 5355.826 | AO16: =AO4*$B16 -> 5355.826 | AP16: =AP4*$B16 -> 5355.826 | ... AT16: =AT4*$B16 -> 5355.826 | AU16: =SUM(AI16:AT16) -> 64269.912 | AV16: =AV4*$B16 -> 5355.826 | AW16: =AW4*$B16 -> 5355.826 | AX16: =AX4*$B16 -> 5355.826 | AY16: =AY4*$B16 -> 5355.826 | AZ16: =AZ4*$B16 -> 5355.826 | BA16: =BA4*$B16 -> 5355.826 | BB16: =BB4*$B16 -> 5355.826 | BC16: =BC4*$B16 -> 5355.826 | ... BG16: =BG4*$B16 -> 5355.826 | BH16: =SUM(AV16:BG16) -> 64269.912 | BI16: =BI4*$B16 -> 5355.826 | BJ16: =BJ4*$B16 -> 5355.826 | BK16: =BK4*$B16 -> 5355.826 | BL16: =BL4*$B16 -> 5355.826 | BM16: =BM4*$B16 -> 5355.826 | BN16: =BN4*$B16 -> 5355.826 | BO16: =BO4*$B16 -> 5355.826 | BP16: =BP4*$B16 -> 5355.826 | ... BT16: =BT4*$B16 -> 5355.826 | BU16: =SUM(BI16:BT16) -> 64269.912 | BV16: =BV4*$B16 -> 5355.826 | BW16: =BW4*$B16 -> 5355.826 | BX16: =BX4*$B16 -> 5355.826 | BY16: =BY4*$B16 -> 5355.826 | BZ16: =BZ4*$B16 -> 5355.826 | CA16: =CA4*$B16 -> 5355.826 | CB16: =CB4*$B16 -> 5355.826 | CC16: =CC4*$B16 -> 5355.826 | ... CG16: =CG4*$B16 -> 5355.826 | CH16: =SUM(BV16:CG16) -> 64269.912 | CI16: =CI4*$B16 -> 5355.826 | CJ16: =CJ4*$B16 -> 5355.826 | CK16: =CK4*$B16 -> 5355.826 | CL16: =CL4*$B16 -> 5355.826 | CM16: =CM4*$B16 -> 5355.826 | CN16: =CN4*$B16 -> 5355.826 | CO16: =CO4*$B16 -> 5355.826 | CP16: =CP4*$B16 -> 5355.826 | ... CT16: =CT4*$B16 -> 5355.826 | CU16: =SUM(CI16:CT16) -> 64269.912 | CV16: =CV4*$B16 -> 5355.826 | CW16: =CW4*$B16 -> 5355.826 | CX16: =CX4*$B16 -> 5355.826 | CY16: =CY4*$B16 -> 5355.826 | CZ16: =CZ4*$B16 -> 5355.826 | DA16: =DA4*$B16 -> 5355.826 | DB16: =DB4*$B16 -> 5355.826 | DC16: =DC4*$B16 -> 5355.826 | ... DG16: =DG4*$B16 -> 5355.826 | DH16: =SUM(CV16:DG16) -> 64269.912 | DI16: =DI4*$B16 -> 5355.826 | DJ16: =DJ4*$B16 -> 5355.826 | DK16: =DK4*$B16 -> 5355.826 | DL16: =DL4*$B16 -> 5355.826 | DM16: =DM4*$B16 -> 5355.826 | DN16: =DN4*$B16 -> 5355.826 | DO16: =DO4*$B16 -> 5355.826 | DP16: =DP4*$B16 -> 5355.826 | ... DT16: =DT4*$B16 -> 5355.826 | DU16: =SUM(DI16:DT16) -> 64269.912 | DV16: =DV4*$B16 -> 5355.826 | DW16: =DW4*$B16 -> 5355.826 | DX16: =DX4*$B16 -> 5355.826 | DY16: =DY4*$B16 -> 5355.826 | DZ16: =DZ4*$B16 -> 5355.826 | EA16: =EA4*$B16 -> 5355.826 | EB16: =EB4*$B16 -> 5355.826 | EC16: =EC4*$B16 -> 5355.826 | ... EG16: =EG4*$B16 -> 5355.826 | EH16: =SUM(DV16:EG16) -> 64269.912
A17: IRPJ Adicional | B17: 0.006 | I17: =I4*$B17 -> 1397.172 | J17: =J4*$B17 -> 1397.172 | K17: =K4*$B17 -> 1397.172 | L17: =L4*$B17 -> 1397.172 | M17: =M4*$B17 -> 1397.172 | N17: =N4*$B17 -> 1397.172 | O17: =O4*$B17 -> 1397.172 | P17: =P4*$B17 -> 1397.172 | ... T17: =T4*$B17 -> 1397.172 | U17: =SUM(I17:T17) -> 16766.064 | V17: =V4*$B17 -> 1397.172 | W17: =W4*$B17 -> 1397.172 | X17: =X4*$B17 -> 1397.172 | Y17: =Y4*$B17 -> 1397.172 | Z17: =Z4*$B17 -> 1397.172 | AA17: =AA4*$B17 -> 1397.172 | AB17: =AB4*$B17 -> 1397.172 | AC17: =AC4*$B17 -> 1397.172 | ... AG17: =AG4*$B17 -> 1397.172 | AH17: =SUM(V17:AG17) -> 16766.064 | AI17: =AI4*$B17 -> 1397.172 | AJ17: =AJ4*$B17 -> 1397.172 | AK17: =AK4*$B17 -> 1397.172 | AL17: =AL4*$B17 -> 1397.172 | AM17: =AM4*$B17 -> 1397.172 | AN17: =AN4*$B17 -> 1397.172 | AO17: =AO4*$B17 -> 1397.172 | AP17: =AP4*$B17 -> 1397.172 | ... AT17: =AT4*$B17 -> 1397.172 | AU17: =SUM(AI17:AT17) -> 16766.064 | AV17: =AV4*$B17 -> 1397.172 | AW17: =AW4*$B17 -> 1397.172 | AX17: =AX4*$B17 -> 1397.172 | AY17: =AY4*$B17 -> 1397.172 | AZ17: =AZ4*$B17 -> 1397.172 | BA17: =BA4*$B17 -> 1397.172 | BB17: =BB4*$B17 -> 1397.172 | BC17: =BC4*$B17 -> 1397.172 | ... BG17: =BG4*$B17 -> 1397.172 | BH17: =SUM(AV17:BG17) -> 16766.064 | BI17: =BI4*$B17 -> 1397.172 | BJ17: =BJ4*$B17 -> 1397.172 | BK17: =BK4*$B17 -> 1397.172 | BL17: =BL4*$B17 -> 1397.172 | BM17: =BM4*$B17 -> 1397.172 | BN17: =BN4*$B17 -> 1397.172 | BO17: =BO4*$B17 -> 1397.172 | BP17: =BP4*$B17 -> 1397.172 | ... BT17: =BT4*$B17 -> 1397.172 | BU17: =SUM(BI17:BT17) -> 16766.064 | BV17: =BV4*$B17 -> 1397.172 | BW17: =BW4*$B17 -> 1397.172 | BX17: =BX4*$B17 -> 1397.172 | BY17: =BY4*$B17 -> 1397.172 | BZ17: =BZ4*$B17 -> 1397.172 | CA17: =CA4*$B17 -> 1397.172 | CB17: =CB4*$B17 -> 1397.172 | CC17: =CC4*$B17 -> 1397.172 | ... CG17: =CG4*$B17 -> 1397.172 | CH17: =SUM(BV17:CG17) -> 16766.064 | CI17: =CI4*$B17 -> 1397.172 | CJ17: =CJ4*$B17 -> 1397.172 | CK17: =CK4*$B17 -> 1397.172 | CL17: =CL4*$B17 -> 1397.172 | CM17: =CM4*$B17 -> 1397.172 | CN17: =CN4*$B17 -> 1397.172 | CO17: =CO4*$B17 -> 1397.172 | CP17: =CP4*$B17 -> 1397.172 | ... CT17: =CT4*$B17 -> 1397.172 | CU17: =SUM(CI17:CT17) -> 16766.064 | CV17: =CV4*$B17 -> 1397.172 | CW17: =CW4*$B17 -> 1397.172 | CX17: =CX4*$B17 -> 1397.172 | CY17: =CY4*$B17 -> 1397.172 | CZ17: =CZ4*$B17 -> 1397.172 | DA17: =DA4*$B17 -> 1397.172 | DB17: =DB4*$B17 -> 1397.172 | DC17: =DC4*$B17 -> 1397.172 | ... DG17: =DG4*$B17 -> 1397.172 | DH17: =SUM(CV17:DG17) -> 16766.064 | DI17: =DI4*$B17 -> 1397.172 | DJ17: =DJ4*$B17 -> 1397.172 | DK17: =DK4*$B17 -> 1397.172 | DL17: =DL4*$B17 -> 1397.172 | DM17: =DM4*$B17 -> 1397.172 | DN17: =DN4*$B17 -> 1397.172 | DO17: =DO4*$B17 -> 1397.172 | DP17: =DP4*$B17 -> 1397.172 | ... DT17: =DT4*$B17 -> 1397.172 | DU17: =SUM(DI17:DT17) -> 16766.064 | DV17: =DV4*$B17 -> 1397.172 | DW17: =DW4*$B17 -> 1397.172 | DX17: =DX4*$B17 -> 1397.172 | DY17: =DY4*$B17 -> 1397.172 | DZ17: =DZ4*$B17 -> 1397.172 | EA17: =EA4*$B17 -> 1397.172 | EB17: =EB4*$B17 -> 1397.172 | EC17: =EC4*$B17 -> 1397.172 | ... EG17: =EG4*$B17 -> 1397.172 | EH17: =SUM(DV17:EG17) -> 16766.064
A18: CSLL | B18: 0.0135 | I18: =I4*$B18 -> 3143.637 | J18: =J4*$B18 -> 3143.637 | K18: =K4*$B18 -> 3143.637 | L18: =L4*$B18 -> 3143.637 | M18: =M4*$B18 -> 3143.637 | N18: =N4*$B18 -> 3143.637 | O18: =O4*$B18 -> 3143.637 | P18: =P4*$B18 -> 3143.637 | ... T18: =T4*$B18 -> 3143.637 | U18: =SUM(I18:T18) -> 37723.644 | V18: =V4*$B18 -> 3143.637 | W18: =W4*$B18 -> 3143.637 | X18: =X4*$B18 -> 3143.637 | Y18: =Y4*$B18 -> 3143.637 | Z18: =Z4*$B18 -> 3143.637 | AA18: =AA4*$B18 -> 3143.637 | AB18: =AB4*$B18 -> 3143.637 | AC18: =AC4*$B18 -> 3143.637 | ... AG18: =AG4*$B18 -> 3143.637 | AH18: =SUM(V18:AG18) -> 37723.644 | AI18: =AI4*$B18 -> 3143.637 | AJ18: =AJ4*$B18 -> 3143.637 | AK18: =AK4*$B18 -> 3143.637 | AL18: =AL4*$B18 -> 3143.637 | AM18: =AM4*$B18 -> 3143.637 | AN18: =AN4*$B18 -> 3143.637 | AO18: =AO4*$B18 -> 3143.637 | AP18: =AP4*$B18 -> 3143.637 | ... AT18: =AT4*$B18 -> 3143.637 | AU18: =SUM(AI18:AT18) -> 37723.644 | AV18: =AV4*$B18 -> 3143.637 | AW18: =AW4*$B18 -> 3143.637 | AX18: =AX4*$B18 -> 3143.637 | AY18: =AY4*$B18 -> 3143.637 | AZ18: =AZ4*$B18 -> 3143.637 | BA18: =BA4*$B18 -> 3143.637 | BB18: =BB4*$B18 -> 3143.637 | BC18: =BC4*$B18 -> 3143.637 | ... BG18: =BG4*$B18 -> 3143.637 | BH18: =SUM(AV18:BG18) -> 37723.644 | BI18: =BI4*$B18 -> 3143.637 | BJ18: =BJ4*$B18 -> 3143.637 | BK18: =BK4*$B18 -> 3143.637 | BL18: =BL4*$B18 -> 3143.637 | BM18: =BM4*$B18 -> 3143.637 | BN18: =BN4*$B18 -> 3143.637 | BO18: =BO4*$B18 -> 3143.637 | BP18: =BP4*$B18 -> 3143.637 | ... BT18: =BT4*$B18 -> 3143.637 | BU18: =SUM(BI18:BT18) -> 37723.644 | BV18: =BV4*$B18 -> 3143.637 | BW18: =BW4*$B18 -> 3143.637 | BX18: =BX4*$B18 -> 3143.637 | BY18: =BY4*$B18 -> 3143.637 | BZ18: =BZ4*$B18 -> 3143.637 | CA18: =CA4*$B18 -> 3143.637 | CB18: =CB4*$B18 -> 3143.637 | CC18: =CC4*$B18 -> 3143.637 | ... CG18: =CG4*$B18 -> 3143.637 | CH18: =SUM(BV18:CG18) -> 37723.644 | CI18: =CI4*$B18 -> 3143.637 | CJ18: =CJ4*$B18 -> 3143.637 | CK18: =CK4*$B18 -> 3143.637 | CL18: =CL4*$B18 -> 3143.637 | CM18: =CM4*$B18 -> 3143.637 | CN18: =CN4*$B18 -> 3143.637 | CO18: =CO4*$B18 -> 3143.637 | CP18: =CP4*$B18 -> 3143.637 | ... CT18: =CT4*$B18 -> 3143.637 | CU18: =SUM(CI18:CT18) -> 37723.644 | CV18: =CV4*$B18 -> 3143.637 | CW18: =CW4*$B18 -> 3143.637 | CX18: =CX4*$B18 -> 3143.637 | CY18: =CY4*$B18 -> 3143.637 | CZ18: =CZ4*$B18 -> 3143.637 | DA18: =DA4*$B18 -> 3143.637 | DB18: =DB4*$B18 -> 3143.637 | DC18: =DC4*$B18 -> 3143.637 | ... DG18: =DG4*$B18 -> 3143.637 | DH18: =SUM(CV18:DG18) -> 37723.644 | DI18: =DI4*$B18 -> 3143.637 | DJ18: =DJ4*$B18 -> 3143.637 | DK18: =DK4*$B18 -> 3143.637 | DL18: =DL4*$B18 -> 3143.637 | DM18: =DM4*$B18 -> 3143.637 | DN18: =DN4*$B18 -> 3143.637 | DO18: =DO4*$B18 -> 3143.637 | DP18: =DP4*$B18 -> 3143.637 | ... DT18: =DT4*$B18 -> 3143.637 | DU18: =SUM(DI18:DT18) -> 37723.644 | DV18: =DV4*$B18 -> 3143.637 | DW18: =DW4*$B18 -> 3143.637 | DX18: =DX4*$B18 -> 3143.637 | DY18: =DY4*$B18 -> 3143.637 | DZ18: =DZ4*$B18 -> 3143.637 | EA18: =EA4*$B18 -> 3143.637 | EB18: =EB4*$B18 -> 3143.637 | EC18: =EC4*$B18 -> 3143.637 | ... EG18: =EG4*$B18 -> 3143.637 | EH18: =SUM(DV18:EG18) -> 37723.644
A19: PIS | B19: 0.0065 | I19: =I4*$B19 -> 1513.603 | J19: =J4*$B19 -> 1513.603 | K19: =K4*$B19 -> 1513.603 | L19: =L4*$B19 -> 1513.603 | M19: =M4*$B19 -> 1513.603 | N19: =N4*$B19 -> 1513.603 | O19: =O4*$B19 -> 1513.603 | P19: =P4*$B19 -> 1513.603 | ... T19: =T4*$B19 -> 1513.603 | U19: =SUM(I19:T19) -> 18163.236 | V19: =V4*$B19 -> 1513.603 | W19: =W4*$B19 -> 1513.603 | X19: =X4*$B19 -> 1513.603 | Y19: =Y4*$B19 -> 1513.603 | Z19: =Z4*$B19 -> 1513.603 | AA19: =AA4*$B19 -> 1513.603 | AB19: =AB4*$B19 -> 1513.603 | AC19: =AC4*$B19 -> 1513.603 | ... AG19: =AG4*$B19 -> 1513.603 | AH19: =SUM(V19:AG19) -> 18163.236 | AI19: =AI4*$B19 -> 1513.603 | AJ19: =AJ4*$B19 -> 1513.603 | AK19: =AK4*$B19 -> 1513.603 | AL19: =AL4*$B19 -> 1513.603 | AM19: =AM4*$B19 -> 1513.603 | AN19: =AN4*$B19 -> 1513.603 | AO19: =AO4*$B19 -> 1513.603 | AP19: =AP4*$B19 -> 1513.603 | ... AT19: =AT4*$B19 -> 1513.603 | AU19: =SUM(AI19:AT19) -> 18163.236 | AV19: =AV4*$B19 -> 1513.603 | AW19: =AW4*$B19 -> 1513.603 | AX19: =AX4*$B19 -> 1513.603 | AY19: =AY4*$B19 -> 1513.603 | AZ19: =AZ4*$B19 -> 1513.603 | BA19: =BA4*$B19 -> 1513.603 | BB19: =BB4*$B19 -> 1513.603 | BC19: =BC4*$B19 -> 1513.603 | ... BG19: =BG4*$B19 -> 1513.603 | BH19: =SUM(AV19:BG19) -> 18163.236 | BI19: =BI4*$B19 -> 1513.603 | BJ19: =BJ4*$B19 -> 1513.603 | BK19: =BK4*$B19 -> 1513.603 | BL19: =BL4*$B19 -> 1513.603 | BM19: =BM4*$B19 -> 1513.603 | BN19: =BN4*$B19 -> 1513.603 | BO19: =BO4*$B19 -> 1513.603 | BP19: =BP4*$B19 -> 1513.603 | ... BT19: =BT4*$B19 -> 1513.603 | BU19: =SUM(BI19:BT19) -> 18163.236 | BV19: =BV4*$B19 -> 1513.603 | BW19: =BW4*$B19 -> 1513.603 | BX19: =BX4*$B19 -> 1513.603 | BY19: =BY4*$B19 -> 1513.603 | BZ19: =BZ4*$B19 -> 1513.603 | CA19: =CA4*$B19 -> 1513.603 | CB19: =CB4*$B19 -> 1513.603 | CC19: =CC4*$B19 -> 1513.603 | ... CG19: =CG4*$B19 -> 1513.603 | CH19: =SUM(BV19:CG19) -> 18163.236 | CI19: =CI4*$B19 -> 1513.603 | CJ19: =CJ4*$B19 -> 1513.603 | CK19: =CK4*$B19 -> 1513.603 | CL19: =CL4*$B19 -> 1513.603 | CM19: =CM4*$B19 -> 1513.603 | CN19: =CN4*$B19 -> 1513.603 | CO19: =CO4*$B19 -> 1513.603 | CP19: =CP4*$B19 -> 1513.603 | ... CT19: =CT4*$B19 -> 1513.603 | CU19: =SUM(CI19:CT19) -> 18163.236 | CV19: =CV4*$B19 -> 1513.603 | CW19: =CW4*$B19 -> 1513.603 | CX19: =CX4*$B19 -> 1513.603 | CY19: =CY4*$B19 -> 1513.603 | CZ19: =CZ4*$B19 -> 1513.603 | DA19: =DA4*$B19 -> 1513.603 | DB19: =DB4*$B19 -> 1513.603 | DC19: =DC4*$B19 -> 1513.603 | ... DG19: =DG4*$B19 -> 1513.603 | DH19: =SUM(CV19:DG19) -> 18163.236 | DI19: =DI4*$B19 -> 1513.603 | DJ19: =DJ4*$B19 -> 1513.603 | DK19: =DK4*$B19 -> 1513.603 | DL19: =DL4*$B19 -> 1513.603 | DM19: =DM4*$B19 -> 1513.603 | DN19: =DN4*$B19 -> 1513.603 | DO19: =DO4*$B19 -> 1513.603 | DP19: =DP4*$B19 -> 1513.603 | ... DT19: =DT4*$B19 -> 1513.603 | DU19: =SUM(DI19:DT19) -> 18163.236 | DV19: =DV4*$B19 -> 1513.603 | DW19: =DW4*$B19 -> 1513.603 | DX19: =DX4*$B19 -> 1513.603 | DY19: =DY4*$B19 -> 1513.603 | DZ19: =DZ4*$B19 -> 1513.603 | EA19: =EA4*$B19 -> 1513.603 | EB19: =EB4*$B19 -> 1513.603 | EC19: =EC4*$B19 -> 1513.603 | ... EG19: =EG4*$B19 -> 1513.603 | EH19: =SUM(DV19:EG19) -> 18163.236
A20: COFINS | B20: 0.03 | I20: =I4*$B20 -> 6985.86 | J20: =J4*$B20 -> 6985.86 | K20: =K4*$B20 -> 6985.86 | L20: =L4*$B20 -> 6985.86 | M20: =M4*$B20 -> 6985.86 | N20: =N4*$B20 -> 6985.86 | O20: =O4*$B20 -> 6985.86 | P20: =P4*$B20 -> 6985.86 | ... T20: =T4*$B20 -> 6985.86 | U20: =SUM(I20:T20) -> 83830.32 | V20: =V4*$B20 -> 6985.86 | W20: =W4*$B20 -> 6985.86 | X20: =X4*$B20 -> 6985.86 | Y20: =Y4*$B20 -> 6985.86 | Z20: =Z4*$B20 -> 6985.86 | AA20: =AA4*$B20 -> 6985.86 | AB20: =AB4*$B20 -> 6985.86 | AC20: =AC4*$B20 -> 6985.86 | ... AG20: =AG4*$B20 -> 6985.86 | AH20: =SUM(V20:AG20) -> 83830.32 | AI20: =AI4*$B20 -> 6985.86 | AJ20: =AJ4*$B20 -> 6985.86 | AK20: =AK4*$B20 -> 6985.86 | AL20: =AL4*$B20 -> 6985.86 | AM20: =AM4*$B20 -> 6985.86 | AN20: =AN4*$B20 -> 6985.86 | AO20: =AO4*$B20 -> 6985.86 | AP20: =AP4*$B20 -> 6985.86 | ... AT20: =AT4*$B20 -> 6985.86 | AU20: =SUM(AI20:AT20) -> 83830.32 | AV20: =AV4*$B20 -> 6985.86 | AW20: =AW4*$B20 -> 6985.86 | AX20: =AX4*$B20 -> 6985.86 | AY20: =AY4*$B20 -> 6985.86 | AZ20: =AZ4*$B20 -> 6985.86 | BA20: =BA4*$B20 -> 6985.86 | BB20: =BB4*$B20 -> 6985.86 | BC20: =BC4*$B20 -> 6985.86 | ... BG20: =BG4*$B20 -> 6985.86 | BH20: =SUM(AV20:BG20) -> 83830.32 | BI20: =BI4*$B20 -> 6985.86 | BJ20: =BJ4*$B20 -> 6985.86 | BK20: =BK4*$B20 -> 6985.86 | BL20: =BL4*$B20 -> 6985.86 | BM20: =BM4*$B20 -> 6985.86 | BN20: =BN4*$B20 -> 6985.86 | BO20: =BO4*$B20 -> 6985.86 | BP20: =BP4*$B20 -> 6985.86 | ... BT20: =BT4*$B20 -> 6985.86 | BU20: =SUM(BI20:BT20) -> 83830.32 | BV20: =BV4*$B20 -> 6985.86 | BW20: =BW4*$B20 -> 6985.86 | BX20: =BX4*$B20 -> 6985.86 | BY20: =BY4*$B20 -> 6985.86 | BZ20: =BZ4*$B20 -> 6985.86 | CA20: =CA4*$B20 -> 6985.86 | CB20: =CB4*$B20 -> 6985.86 | CC20: =CC4*$B20 -> 6985.86 | ... CG20: =CG4*$B20 -> 6985.86 | CH20: =SUM(BV20:CG20) -> 83830.32 | CI20: =CI4*$B20 -> 6985.86 | CJ20: =CJ4*$B20 -> 6985.86 | CK20: =CK4*$B20 -> 6985.86 | CL20: =CL4*$B20 -> 6985.86 | CM20: =CM4*$B20 -> 6985.86 | CN20: =CN4*$B20 -> 6985.86 | CO20: =CO4*$B20 -> 6985.86 | CP20: =CP4*$B20 -> 6985.86 | ... CT20: =CT4*$B20 -> 6985.86 | CU20: =SUM(CI20:CT20) -> 83830.32 | CV20: =CV4*$B20 -> 6985.86 | CW20: =CW4*$B20 -> 6985.86 | CX20: =CX4*$B20 -> 6985.86 | CY20: =CY4*$B20 -> 6985.86 | CZ20: =CZ4*$B20 -> 6985.86 | DA20: =DA4*$B20 -> 6985.86 | DB20: =DB4*$B20 -> 6985.86 | DC20: =DC4*$B20 -> 6985.86 | ... DG20: =DG4*$B20 -> 6985.86 | DH20: =SUM(CV20:DG20) -> 83830.32 | DI20: =DI4*$B20 -> 6985.86 | DJ20: =DJ4*$B20 -> 6985.86 | DK20: =DK4*$B20 -> 6985.86 | DL20: =DL4*$B20 -> 6985.86 | DM20: =DM4*$B20 -> 6985.86 | DN20: =DN4*$B20 -> 6985.86 | DO20: =DO4*$B20 -> 6985.86 | DP20: =DP4*$B20 -> 6985.86 | ... DT20: =DT4*$B20 -> 6985.86 | DU20: =SUM(DI20:DT20) -> 83830.32 | DV20: =DV4*$B20 -> 6985.86 | DW20: =DW4*$B20 -> 6985.86 | DX20: =DX4*$B20 -> 6985.86 | DY20: =DY4*$B20 -> 6985.86 | DZ20: =DZ4*$B20 -> 6985.86 | EA20: =EA4*$B20 -> 6985.86 | EB20: =EB4*$B20 -> 6985.86 | EC20: =EC4*$B20 -> 6985.86 | ... EG20: =EG4*$B20 -> 6985.86 | EH20: =SUM(DV20:EG20) -> 83830.32
A21: Tributos Municipais | B21: =SUM(B22) -> 0.04 | H21: =SUM(H22) -> 0 | I21: =SUM(I22) -> 9314.48 | J21: =SUM(J22) -> 9314.48 | K21: =SUM(K22) -> 9314.48 | L21: =SUM(L22) -> 9314.48 | M21: =SUM(M22) -> 9314.48 | N21: =SUM(N22) -> 9314.48 | O21: =SUM(O22) -> 9314.48 | ... EH21: =SUM(EH22) -> 111773.76
A22: ISSQN | B22: 0.04 | I22: =I4*$B22 -> 9314.48 | J22: =J4*$B22 -> 9314.48 | K22: =K4*$B22 -> 9314.48 | L22: =L4*$B22 -> 9314.48 | M22: =M4*$B22 -> 9314.48 | N22: =N4*$B22 -> 9314.48 | O22: =O4*$B22 -> 9314.48 | P22: =P4*$B22 -> 9314.48 | ... T22: =T4*$B22 -> 9314.48 | U22: =SUM(I22:T22) -> 111773.76 | V22: =V4*$B22 -> 9314.48 | W22: =W4*$B22 -> 9314.48 | X22: =X4*$B22 -> 9314.48 | Y22: =Y4*$B22 -> 9314.48 | Z22: =Z4*$B22 -> 9314.48 | AA22: =AA4*$B22 -> 9314.48 | AB22: =AB4*$B22 -> 9314.48 | AC22: =AC4*$B22 -> 9314.48 | ... AG22: =AG4*$B22 -> 9314.48 | AH22: =SUM(V22:AG22) -> 111773.76 | AI22: =AI4*$B22 -> 9314.48 | AJ22: =AJ4*$B22 -> 9314.48 | AK22: =AK4*$B22 -> 9314.48 | AL22: =AL4*$B22 -> 9314.48 | AM22: =AM4*$B22 -> 9314.48 | AN22: =AN4*$B22 -> 9314.48 | AO22: =AO4*$B22 -> 9314.48 | AP22: =AP4*$B22 -> 9314.48 | ... AT22: =AT4*$B22 -> 9314.48 | AU22: =SUM(AI22:AT22) -> 111773.76 | AV22: =AV4*$B22 -> 9314.48 | AW22: =AW4*$B22 -> 9314.48 | AX22: =AX4*$B22 -> 9314.48 | AY22: =AY4*$B22 -> 9314.48 | AZ22: =AZ4*$B22 -> 9314.48 | BA22: =BA4*$B22 -> 9314.48 | BB22: =BB4*$B22 -> 9314.48 | BC22: =BC4*$B22 -> 9314.48 | ... BG22: =BG4*$B22 -> 9314.48 | BH22: =SUM(AV22:BG22) -> 111773.76 | BI22: =BI4*$B22 -> 9314.48 | BJ22: =BJ4*$B22 -> 9314.48 | BK22: =BK4*$B22 -> 9314.48 | BL22: =BL4*$B22 -> 9314.48 | BM22: =BM4*$B22 -> 9314.48 | BN22: =BN4*$B22 -> 9314.48 | BO22: =BO4*$B22 -> 9314.48 | BP22: =BP4*$B22 -> 9314.48 | ... BT22: =BT4*$B22 -> 9314.48 | BU22: =SUM(BI22:BT22) -> 111773.76 | BV22: =BV4*$B22 -> 9314.48 | BW22: =BW4*$B22 -> 9314.48 | BX22: =BX4*$B22 -> 9314.48 | BY22: =BY4*$B22 -> 9314.48 | BZ22: =BZ4*$B22 -> 9314.48 | CA22: =CA4*$B22 -> 9314.48 | CB22: =CB4*$B22 -> 9314.48 | CC22: =CC4*$B22 -> 9314.48 | ... CG22: =CG4*$B22 -> 9314.48 | CH22: =SUM(BV22:CG22) -> 111773.76 | CI22: =CI4*$B22 -> 9314.48 | CJ22: =CJ4*$B22 -> 9314.48 | CK22: =CK4*$B22 -> 9314.48 | CL22: =CL4*$B22 -> 9314.48 | CM22: =CM4*$B22 -> 9314.48 | CN22: =CN4*$B22 -> 9314.48 | CO22: =CO4*$B22 -> 9314.48 | CP22: =CP4*$B22 -> 9314.48 | ... CT22: =CT4*$B22 -> 9314.48 | CU22: =SUM(CI22:CT22) -> 111773.76 | CV22: =CV4*$B22 -> 9314.48 | CW22: =CW4*$B22 -> 9314.48 | CX22: =CX4*$B22 -> 9314.48 | CY22: =CY4*$B22 -> 9314.48 | CZ22: =CZ4*$B22 -> 9314.48 | DA22: =DA4*$B22 -> 9314.48 | DB22: =DB4*$B22 -> 9314.48 | DC22: =DC4*$B22 -> 9314.48 | ... DG22: =DG4*$B22 -> 9314.48 | DH22: =SUM(CV22:DG22) -> 111773.76 | DI22: =DI4*$B22 -> 9314.48 | DJ22: =DJ4*$B22 -> 9314.48 | DK22: =DK4*$B22 -> 9314.48 | DL22: =DL4*$B22 -> 9314.48 | DM22: =DM4*$B22 -> 9314.48 | DN22: =DN4*$B22 -> 9314.48 | DO22: =DO4*$B22 -> 9314.48 | DP22: =DP4*$B22 -> 9314.48 | ... DT22: =DT4*$B22 -> 9314.48 | DU22: =SUM(DI22:DT22) -> 111773.76 | DV22: =DV4*$B22 -> 9314.48 | DW22: =DW4*$B22 -> 9314.48 | DX22: =DX4*$B22 -> 9314.48 | DY22: =DY4*$B22 -> 9314.48 | DZ22: =DZ4*$B22 -> 9314.48 | EA22: =EA4*$B22 -> 9314.48 | EB22: =EB4*$B22 -> 9314.48 | EC22: =EC4*$B22 -> 9314.48 | ... EG22: =EG4*$B22 -> 9314.48 | EH22: =SUM(DV22:EG22) -> 111773.76
A23: OPEX x CAPEX (Despesas Operacionais x Investimentos) | H23: =SUM(H24,H56) -> 1468881 | I23: =SUM(I24,I56) -> 170801.88 | J23: =SUM(J24,J56) -> 170801.88 | K23: =SUM(K24,K56) -> 170801.88 | L23: =SUM(L24,L56) -> 170801.88 | M23: =SUM(M24,M56) -> 170801.88 | N23: =SUM(N24,N56) -> 170801.88 | O23: =SUM(O24,O56) -> 170801.88 | ... EH23: =SUM(EH24,EH56) -> 2010962.6
A24: Despesas Operacionais (OPEX) | H24: =SUM(H25,H41,H49,H52,H54) -> 0 | I24: =SUM(I25,I41,I49,I52,I54) -> 170801.88 | J24: =SUM(J25,J41,J49,J52,J54) -> 170801.88 | K24: =SUM(K25,K41,K49,K52,K54) -> 170801.88 | L24: =SUM(L25,L41,L49,L52,L54) -> 170801.88 | M24: =SUM(M25,M41,M49,M52,M54) -> 170801.88 | N24: =SUM(N25,N41,N49,N52,N54) -> 170801.88 | O24: =SUM(O25,O41,O49,O52,O54) -> 170801.88 | ... EH24: =SUM(EH25,EH41,EH49,EH52,EH54) -> 1842262.6
A25: Custos Mão de Obra | B25: Salário | C25: Quantidade | H25: =SUM(H26,H36) -> 0 | I25: =SUM(I26,I36) -> 95015.68 | J25: =SUM(J26,J36) -> 95015.68 | K25: =SUM(K26,K36) -> 95015.68 | L25: =SUM(L26,L36) -> 95015.68 | M25: =SUM(M26,M36) -> 95015.68 | N25: =SUM(N26,N36) -> 95015.68 | O25: =SUM(O26,O36) -> 95015.68 | ... EH25: =SUM(EH26,EH36) -> 932828.16
A26: Mão de Obra | B26: Salário | C26: =SUM(C27:C35) -> 20 | H26: =SUM(H27:H35) -> 0 | I26: =SUM(I27:I35) -> 43654 | J26: =SUM(J27:J35) -> 43654 | K26: =SUM(K27:K35) -> 43654 | L26: =SUM(L27:L35) -> 43654 | M26: =SUM(M27:M35) -> 43654 | N26: =SUM(N27:N35) -> 43654 | O26: =SUM(O27:O35) -> 43654 | ... EH26: =SUM(EH27:EH35) -> 415848
A27: Coordenadora Operacional | B27: 4500 | C27: 1 | I27: =$B$27*$C$27 -> 4500 | J27: =$B$27*$C$27 -> 4500 | K27: =$B$27*$C$27 -> 4500 | L27: =$B$27*$C$27 -> 4500 | M27: =$B$27*$C$27 -> 4500 | N27: =$B$27*$C$27 -> 4500 | O27: =$B$27*$C$27 -> 4500 | P27: =$B$27*$C$27 -> 4500 | ... T27: =$B$27*$C$27 -> 4500 | U27: =SUM(I27:T27) -> 54000 | V27: =$B$27*$C$27 -> 4500 | W27: =$B$27*$C$27 -> 4500 | X27: =$B$27*$C$27 -> 4500 | Y27: =$B$27*$C$27 -> 4500 | Z27: =$B$27*$C$27 -> 4500 | AA27: =$B$27*$C$27 -> 4500 | AB27: =$B$27*$C$27 -> 4500 | AC27: =$B$27*$C$27 -> 4500 | ... AG27: =$B$27*$C$27 -> 4500 | AH27: =SUM(V27:AG27) -> 54000 | AI27: =$B$27*$C$27 -> 4500 | AJ27: =$B$27*$C$27 -> 4500 | AK27: =$B$27*$C$27 -> 4500 | AL27: =$B$27*$C$27 -> 4500 | AM27: =$B$27*$C$27 -> 4500 | AN27: =$B$27*$C$27 -> 4500 | AO27: =$B$27*$C$27 -> 4500 | AP27: =$B$27*$C$27 -> 4500 | ... AT27: =$B$27*$C$27 -> 4500 | AU27: =SUM(AI27:AT27) -> 54000 | AV27: =$B$27*$C$27 -> 4500 | AW27: =$B$27*$C$27 -> 4500 | AX27: =$B$27*$C$27 -> 4500 | AY27: =$B$27*$C$27 -> 4500 | AZ27: =$B$27*$C$27 -> 4500 | BA27: =$B$27*$C$27 -> 4500 | BB27: =$B$27*$C$27 -> 4500 | BC27: =$B$27*$C$27 -> 4500 | ... BG27: =$B$27*$C$27 -> 4500 | BH27: =SUM(AV27:BG27) -> 54000 | BI27: =$B$27*$C$27 -> 4500 | BJ27: =$B$27*$C$27 -> 4500 | BK27: =$B$27*$C$27 -> 4500 | BL27: =$B$27*$C$27 -> 4500 | BM27: =$B$27*$C$27 -> 4500 | BN27: =$B$27*$C$27 -> 4500 | BO27: =$B$27*$C$27 -> 4500 | BP27: =$B$27*$C$27 -> 4500 | ... BT27: =$B$27*$C$27 -> 4500 | BU27: =SUM(BI27:BT27) -> 54000 | BV27: =$B$27*$C$27 -> 4500 | BW27: =$B$27*$C$27 -> 4500 | BX27: =$B$27*$C$27 -> 4500 | BY27: =$B$27*$C$27 -> 4500 | BZ27: =$B$27*$C$27 -> 4500 | CA27: =$B$27*$C$27 -> 4500 | CB27: =$B$27*$C$27 -> 4500 | CC27: =$B$27*$C$27 -> 4500 | ... CG27: =$B$27*$C$27 -> 4500 | CH27: =SUM(BV27:CG27) -> 54000 | CI27: =$B$27*$C$27 -> 4500 | CJ27: =$B$27*$C$27 -> 4500 | CK27: =$B$27*$C$27 -> 4500 | CL27: =$B$27*$C$27 -> 4500 | CM27: =$B$27*$C$27 -> 4500 | CN27: =$B$27*$C$27 -> 4500 | CO27: =$B$27*$C$27 -> 4500 | CP27: =$B$27*$C$27 -> 4500 | ... CT27: =$B$27*$C$27 -> 4500 | CU27: =SUM(CI27:CT27) -> 54000 | CV27: =$B$27*$C$27 -> 4500 | CW27: =$B$27*$C$27 -> 4500 | CX27: =$B$27*$C$27 -> 4500 | CY27: =$B$27*$C$27 -> 4500 | CZ27: =$B$27*$C$27 -> 4500 | DA27: =$B$27*$C$27 -> 4500 | DB27: =$B$27*$C$27 -> 4500 | DC27: =$B$27*$C$27 -> 4500 | ... DG27: =$B$27*$C$27 -> 4500 | DH27: =SUM(CV27:DG27) -> 54000 | DI27: =$B$27*$C$27 -> 4500 | DJ27: =$B$27*$C$27 -> 4500 | DK27: =$B$27*$C$27 -> 4500 | DL27: =$B$27*$C$27 -> 4500 | DM27: =$B$27*$C$27 -> 4500 | DN27: =$B$27*$C$27 -> 4500 | DO27: =$B$27*$C$27 -> 4500 | DP27: =$B$27*$C$27 -> 4500 | ... DT27: =$B$27*$C$27 -> 4500 | DU27: =SUM(DI27:DT27) -> 54000 | DV27: =$B$27*$C$27 -> 4500 | DW27: =$B$27*$C$27 -> 4500 | DX27: =$B$27*$C$27 -> 4500 | DY27: =$B$27*$C$27 -> 4500 | DZ27: =$B$27*$C$27 -> 4500 | EA27: =$B$27*$C$27 -> 4500 | EB27: =$B$27*$C$27 -> 4500 | EC27: =$B$27*$C$27 -> 4500 | ... EG27: =$B$27*$C$27 -> 4500 | EH27: =SUM(DV27:EG27) -> 54000
A28: Técnico Operacional - TI | B28: 3500 | C28: 1 | I28: =$B$28*$C$28 -> 3500 | J28: =$B$28*$C$28 -> 3500 | K28: =$B$28*$C$28 -> 3500 | L28: =$B$28*$C$28 -> 3500 | M28: =$B$28*$C$28 -> 3500 | N28: =$B$28*$C$28 -> 3500 | O28: =$B$28*$C$28 -> 3500 | P28: =$B$28*$C$28 -> 3500 | ... T28: =$B$28*$C$28 -> 3500 | U28: =SUM(I28:T28) -> 42000 | V28: =$B$28*$C$28 -> 3500 | W28: =$B$28*$C$28 -> 3500 | X28: =$B$28*$C$28 -> 3500 | Y28: =$B$28*$C$28 -> 3500 | Z28: =$B$28*$C$28 -> 3500 | AA28: =$B$28*$C$28 -> 3500 | AB28: =$B$28*$C$28 -> 3500 | AC28: =$B$28*$C$28 -> 3500 | ... AG28: =$B$28*$C$28 -> 3500 | AH28: =SUM(V28:AG28) -> 42000 | AI28: =$B$28*$C$28 -> 3500 | AJ28: =$B$28*$C$28 -> 3500 | AK28: =$B$28*$C$28 -> 3500 | AL28: =$B$28*$C$28 -> 3500 | AM28: =$B$28*$C$28 -> 3500 | AN28: =$B$28*$C$28 -> 3500 | AO28: =$B$28*$C$28 -> 3500 | AP28: =$B$28*$C$28 -> 3500 | ... AT28: =$B$28*$C$28 -> 3500 | AU28: =SUM(AI28:AT28) -> 42000 | AV28: =$B$28*$C$28 -> 3500 | AW28: =$B$28*$C$28 -> 3500 | AX28: =$B$28*$C$28 -> 3500 | AY28: =$B$28*$C$28 -> 3500 | AZ28: =$B$28*$C$28 -> 3500 | BA28: =$B$28*$C$28 -> 3500 | BB28: =$B$28*$C$28 -> 3500 | BC28: =$B$28*$C$28 -> 3500 | ... BG28: =$B$28*$C$28 -> 3500 | BH28: =SUM(AV28:BG28) -> 42000 | BI28: =$B$28*$C$28 -> 3500 | BJ28: =$B$28*$C$28 -> 3500 | BK28: =$B$28*$C$28 -> 3500 | BL28: =$B$28*$C$28 -> 3500 | BM28: =$B$28*$C$28 -> 3500 | BN28: =$B$28*$C$28 -> 3500 | BO28: =$B$28*$C$28 -> 3500 | BP28: =$B$28*$C$28 -> 3500 | ... BT28: =$B$28*$C$28 -> 3500 | BU28: =SUM(BI28:BT28) -> 42000 | BV28: =$B$28*$C$28 -> 3500 | BW28: =$B$28*$C$28 -> 3500 | BX28: =$B$28*$C$28 -> 3500 | BY28: =$B$28*$C$28 -> 3500 | BZ28: =$B$28*$C$28 -> 3500 | CA28: =$B$28*$C$28 -> 3500 | CB28: =$B$28*$C$28 -> 3500 | CC28: =$B$28*$C$28 -> 3500 | ... CG28: =$B$28*$C$28 -> 3500 | CH28: =SUM(BV28:CG28) -> 42000 | CI28: =$B$28*$C$28 -> 3500 | CJ28: =$B$28*$C$28 -> 3500 | CK28: =$B$28*$C$28 -> 3500 | CL28: =$B$28*$C$28 -> 3500 | CM28: =$B$28*$C$28 -> 3500 | CN28: =$B$28*$C$28 -> 3500 | CO28: =$B$28*$C$28 -> 3500 | CP28: =$B$28*$C$28 -> 3500 | ... CT28: =$B$28*$C$28 -> 3500 | CU28: =SUM(CI28:CT28) -> 42000 | CV28: =$B$28*$C$28 -> 3500 | CW28: =$B$28*$C$28 -> 3500 | CX28: =$B$28*$C$28 -> 3500 | CY28: =$B$28*$C$28 -> 3500 | CZ28: =$B$28*$C$28 -> 3500 | DA28: =$B$28*$C$28 -> 3500 | DB28: =$B$28*$C$28 -> 3500 | DC28: =$B$28*$C$28 -> 3500 | ... DG28: =$B$28*$C$28 -> 3500 | DH28: =SUM(CV28:DG28) -> 42000 | DI28: =$B$28*$C$28 -> 3500 | DJ28: =$B$28*$C$28 -> 3500 | DK28: =$B$28*$C$28 -> 3500 | DL28: =$B$28*$C$28 -> 3500 | DM28: =$B$28*$C$28 -> 3500 | DN28: =$B$28*$C$28 -> 3500 | DO28: =$B$28*$C$28 -> 3500 | DP28: =$B$28*$C$28 -> 3500 | ... DT28: =$B$28*$C$28 -> 3500 | DU28: =SUM(DI28:DT28) -> 42000 | DV28: =$B$28*$C$28 -> 3500 | DW28: =$B$28*$C$28 -> 3500 | DX28: =$B$28*$C$28 -> 3500 | DY28: =$B$28*$C$28 -> 3500 | DZ28: =$B$28*$C$28 -> 3500 | EA28: =$B$28*$C$28 -> 3500 | EB28: =$B$28*$C$28 -> 3500 | EC28: =$B$28*$C$28 -> 3500 | ... EG28: =$B$28*$C$28 -> 3500 | EH28: =SUM(DV28:EG28) -> 42000
A29: Aux. Financeiro | B29: 3000 | C29: 1 | I29: =$B$29*$C$29 -> 3000 | J29: =$B$29*$C$29 -> 3000 | K29: =$B$29*$C$29 -> 3000 | L29: =$B$29*$C$29 -> 3000 | M29: =$B$29*$C$29 -> 3000 | N29: =$B$29*$C$29 -> 3000 | O29: =$B$29*$C$29 -> 3000 | P29: =$B$29*$C$29 -> 3000 | ... T29: =$B$29*$C$29 -> 3000 | U29: =SUM(I29:T29) -> 36000 | V29: =$B$29*$C$29 -> 3000 | W29: =$B$29*$C$29 -> 3000 | X29: =$B$29*$C$29 -> 3000 | Y29: =$B$29*$C$29 -> 3000 | Z29: =$B$29*$C$29 -> 3000 | AA29: =$B$29*$C$29 -> 3000 | AB29: =$B$29*$C$29 -> 3000 | AC29: =$B$29*$C$29 -> 3000 | ... AG29: =$B$29*$C$29 -> 3000 | AH29: =SUM(V29:AG29) -> 36000 | AI29: =$B$29*$C$29 -> 3000 | AJ29: =$B$29*$C$29 -> 3000 | AK29: =$B$29*$C$29 -> 3000 | AL29: =$B$29*$C$29 -> 3000 | AM29: =$B$29*$C$29 -> 3000 | AN29: =$B$29*$C$29 -> 3000 | AO29: =$B$29*$C$29 -> 3000 | AP29: =$B$29*$C$29 -> 3000 | ... AT29: =$B$29*$C$29 -> 3000 | AU29: =SUM(AI29:AT29) -> 36000 | AV29: =$B$29*$C$29 -> 3000 | AW29: =$B$29*$C$29 -> 3000 | AX29: =$B$29*$C$29 -> 3000 | AY29: =$B$29*$C$29 -> 3000 | AZ29: =$B$29*$C$29 -> 3000 | BA29: =$B$29*$C$29 -> 3000 | BB29: =$B$29*$C$29 -> 3000 | BC29: =$B$29*$C$29 -> 3000 | ... BG29: =$B$29*$C$29 -> 3000 | BH29: =SUM(AV29:BG29) -> 36000 | BI29: =$B$29*$C$29 -> 3000 | BJ29: =$B$29*$C$29 -> 3000 | BK29: =$B$29*$C$29 -> 3000 | BL29: =$B$29*$C$29 -> 3000 | BM29: =$B$29*$C$29 -> 3000 | BN29: =$B$29*$C$29 -> 3000 | BO29: =$B$29*$C$29 -> 3000 | BP29: =$B$29*$C$29 -> 3000 | ... BT29: =$B$29*$C$29 -> 3000 | BU29: =SUM(BI29:BT29) -> 36000 | BV29: =$B$29*$C$29 -> 3000 | BW29: =$B$29*$C$29 -> 3000 | BX29: =$B$29*$C$29 -> 3000 | BY29: =$B$29*$C$29 -> 3000 | BZ29: =$B$29*$C$29 -> 3000 | CA29: =$B$29*$C$29 -> 3000 | CB29: =$B$29*$C$29 -> 3000 | CC29: =$B$29*$C$29 -> 3000 | ... CG29: =$B$29*$C$29 -> 3000 | CH29: =SUM(BV29:CG29) -> 36000 | CI29: =$B$29*$C$29 -> 3000 | CJ29: =$B$29*$C$29 -> 3000 | CK29: =$B$29*$C$29 -> 3000 | CL29: =$B$29*$C$29 -> 3000 | CM29: =$B$29*$C$29 -> 3000 | CN29: =$B$29*$C$29 -> 3000 | CO29: =$B$29*$C$29 -> 3000 | CP29: =$B$29*$C$29 -> 3000 | ... CT29: =$B$29*$C$29 -> 3000 | CU29: =SUM(CI29:CT29) -> 36000 | CV29: =$B$29*$C$29 -> 3000 | CW29: =$B$29*$C$29 -> 3000 | CX29: =$B$29*$C$29 -> 3000 | CY29: =$B$29*$C$29 -> 3000 | CZ29: =$B$29*$C$29 -> 3000 | DA29: =$B$29*$C$29 -> 3000 | DB29: =$B$29*$C$29 -> 3000 | DC29: =$B$29*$C$29 -> 3000 | ... DG29: =$B$29*$C$29 -> 3000 | DH29: =SUM(CV29:DG29) -> 36000 | DI29: =$B$29*$C$29 -> 3000 | DJ29: =$B$29*$C$29 -> 3000 | DK29: =$B$29*$C$29 -> 3000 | DL29: =$B$29*$C$29 -> 3000 | DM29: =$B$29*$C$29 -> 3000 | DN29: =$B$29*$C$29 -> 3000 | DO29: =$B$29*$C$29 -> 3000 | DP29: =$B$29*$C$29 -> 3000 | ... DT29: =$B$29*$C$29 -> 3000 | DU29: =SUM(DI29:DT29) -> 36000 | DV29: =$B$29*$C$29 -> 3000 | DW29: =$B$29*$C$29 -> 3000 | DX29: =$B$29*$C$29 -> 3000 | DY29: =$B$29*$C$29 -> 3000 | DZ29: =$B$29*$C$29 -> 3000 | EA29: =$B$29*$C$29 -> 3000 | EB29: =$B$29*$C$29 -> 3000 | EC29: =$B$29*$C$29 -> 3000 | ... EG29: =$B$29*$C$29 -> 3000 | EH29: =SUM(DV29:EG29) -> 36000
A30: Aux. DP/RH | B30: 3000 | C30: 1 | I30: =$B$30*$C$30 -> 3000 | J30: =$B$30*$C$30 -> 3000 | K30: =$B$30*$C$30 -> 3000 | L30: =$B$30*$C$30 -> 3000 | M30: =$B$30*$C$30 -> 3000 | N30: =$B$30*$C$30 -> 3000 | O30: =$B$30*$C$30 -> 3000 | P30: =$B$30*$C$30 -> 3000 | ... T30: =$B$30*$C$30 -> 3000 | U30: =SUM(I30:T30) -> 36000 | V30: =$B$30*$C$30 -> 3000 | W30: =$B$30*$C$30 -> 3000 | X30: =$B$30*$C$30 -> 3000 | Y30: =$B$30*$C$30 -> 3000 | Z30: =$B$30*$C$30 -> 3000 | AA30: =$B$30*$C$30 -> 3000 | AB30: =$B$30*$C$30 -> 3000 | AC30: =$B$30*$C$30 -> 3000 | ... AG30: =$B$30*$C$30 -> 3000 | AH30: =SUM(V30:AG30) -> 36000 | AI30: =$B$30*$C$30 -> 3000 | AJ30: =$B$30*$C$30 -> 3000 | AK30: =$B$30*$C$30 -> 3000 | AL30: =$B$30*$C$30 -> 3000 | AM30: =$B$30*$C$30 -> 3000 | AN30: =$B$30*$C$30 -> 3000 | AO30: =$B$30*$C$30 -> 3000 | AP30: =$B$30*$C$30 -> 3000 | ... AT30: =$B$30*$C$30 -> 3000 | AU30: =SUM(AI30:AT30) -> 36000 | AV30: =$B$30*$C$30 -> 3000 | AW30: =$B$30*$C$30 -> 3000 | AX30: =$B$30*$C$30 -> 3000 | AY30: =$B$30*$C$30 -> 3000 | AZ30: =$B$30*$C$30 -> 3000 | BA30: =$B$30*$C$30 -> 3000 | BB30: =$B$30*$C$30 -> 3000 | BC30: =$B$30*$C$30 -> 3000 | ... BG30: =$B$30*$C$30 -> 3000 | BH30: =SUM(AV30:BG30) -> 36000 | BI30: =$B$30*$C$30 -> 3000 | BJ30: =$B$30*$C$30 -> 3000 | BK30: =$B$30*$C$30 -> 3000 | BL30: =$B$30*$C$30 -> 3000 | BM30: =$B$30*$C$30 -> 3000 | BN30: =$B$30*$C$30 -> 3000 | BO30: =$B$30*$C$30 -> 3000 | BP30: =$B$30*$C$30 -> 3000 | ... BT30: =$B$30*$C$30 -> 3000 | BU30: =SUM(BI30:BT30) -> 36000 | BV30: =$B$30*$C$30 -> 3000 | BW30: =$B$30*$C$30 -> 3000 | BX30: =$B$30*$C$30 -> 3000 | BY30: =$B$30*$C$30 -> 3000 | BZ30: =$B$30*$C$30 -> 3000 | CA30: =$B$30*$C$30 -> 3000 | CB30: =$B$30*$C$30 -> 3000 | CC30: =$B$30*$C$30 -> 3000 | ... CG30: =$B$30*$C$30 -> 3000 | CH30: =SUM(BV30:CG30) -> 36000 | CI30: =$B$30*$C$30 -> 3000 | CJ30: =$B$30*$C$30 -> 3000 | CK30: =$B$30*$C$30 -> 3000 | CL30: =$B$30*$C$30 -> 3000 | CM30: =$B$30*$C$30 -> 3000 | CN30: =$B$30*$C$30 -> 3000 | CO30: =$B$30*$C$30 -> 3000 | CP30: =$B$30*$C$30 -> 3000 | ... CT30: =$B$30*$C$30 -> 3000 | CU30: =SUM(CI30:CT30) -> 36000 | CV30: =$B$30*$C$30 -> 3000 | CW30: =$B$30*$C$30 -> 3000 | CX30: =$B$30*$C$30 -> 3000 | CY30: =$B$30*$C$30 -> 3000 | CZ30: =$B$30*$C$30 -> 3000 | DA30: =$B$30*$C$30 -> 3000 | DB30: =$B$30*$C$30 -> 3000 | DC30: =$B$30*$C$30 -> 3000 | ... DG30: =$B$30*$C$30 -> 3000 | DH30: =SUM(CV30:DG30) -> 36000 | DI30: =$B$30*$C$30 -> 3000 | DJ30: =$B$30*$C$30 -> 3000 | DK30: =$B$30*$C$30 -> 3000 | DL30: =$B$30*$C$30 -> 3000 | DM30: =$B$30*$C$30 -> 3000 | DN30: =$B$30*$C$30 -> 3000 | DO30: =$B$30*$C$30 -> 3000 | DP30: =$B$30*$C$30 -> 3000 | ... DT30: =$B$30*$C$30 -> 3000 | DU30: =SUM(DI30:DT30) -> 36000 | DV30: =$B$30*$C$30 -> 3000 | DW30: =$B$30*$C$30 -> 3000 | DX30: =$B$30*$C$30 -> 3000 | DY30: =$B$30*$C$30 -> 3000 | DZ30: =$B$30*$C$30 -> 3000 | EA30: =$B$30*$C$30 -> 3000 | EB30: =$B$30*$C$30 -> 3000 | EC30: =$B$30*$C$30 -> 3000 | ... EG30: =$B$30*$C$30 -> 3000 | EH30: =SUM(DV30:EG30) -> 36000
A31: Motorista Carro OCR | B31: 2300 | C31: 2 | I31: =$B$31*$C$31 -> 4600 | J31: =$B$31*$C$31 -> 4600 | K31: =$B$31*$C$31 -> 4600 | L31: =$B$31*$C$31 -> 4600 | M31: =$B$31*$C$31 -> 4600 | N31: =$B$31*$C$31 -> 4600 | O31: =$B$31*$C$31 -> 4600 | P31: =$B$31*$C$31 -> 4600 | ... T31: =$B$31*$C$31 -> 4600 | U31: =SUM(I31:T31) -> 55200 | V31: =$B$31*$C$31 -> 4600 | W31: =$B$31*$C$31 -> 4600 | X31: =$B$31*$C$31 -> 4600 | Y31: =$B$31*$C$31 -> 4600 | Z31: =$B$31*$C$31 -> 4600 | AA31: =$B$31*$C$31 -> 4600 | AB31: =$B$31*$C$31 -> 4600 | AC31: =$B$31*$C$31 -> 4600 | ... AG31: =$B$31*$C$31 -> 4600 | AH31: =SUM(V31:AG31) -> 55200 | AI31: =$B$31*$C$31 -> 4600 | AJ31: =$B$31*$C$31 -> 4600 | AK31: =$B$31*$C$31 -> 4600 | AL31: =$B$31*$C$31 -> 4600 | AM31: =$B$31*$C$31 -> 4600 | AN31: =$B$31*$C$31 -> 4600 | AO31: =$B$31*$C$31 -> 4600 | AP31: =$B$31*$C$31 -> 4600 | ... AT31: =$B$31*$C$31 -> 4600 | AU31: =SUM(AI31:AT31) -> 55200 | AV31: =$B$31*$C$31 -> 4600 | AW31: =$B$31*$C$31 -> 4600 | AX31: =$B$31*$C$31 -> 4600 | AY31: =$B$31*$C$31 -> 4600 | AZ31: =$B$31*$C$31 -> 4600 | BA31: =$B$31*$C$31 -> 4600 | BB31: =$B$31*$C$31 -> 4600 | BC31: =$B$31*$C$31 -> 4600 | ... BG31: =$B$31*$C$31 -> 4600 | BH31: =SUM(AV31:BG31) -> 55200 | BI31: =$B$31*$C$31 -> 4600 | BJ31: =$B$31*$C$31 -> 4600 | BK31: =$B$31*$C$31 -> 4600 | BL31: =$B$31*$C$31 -> 4600 | BM31: =$B$31*$C$31 -> 4600 | BN31: =$B$31*$C$31 -> 4600 | BO31: =$B$31*$C$31 -> 4600 | BP31: =$B$31*$C$31 -> 4600 | ... BT31: =$B$31*$C$31 -> 4600 | BU31: =SUM(BI31:BT31) -> 55200 | BV31: =$B$31*$C$31 -> 4600 | BW31: =$B$31*$C$31 -> 4600 | BX31: =$B$31*$C$31 -> 4600 | BY31: =$B$31*$C$31 -> 4600 | BZ31: =$B$31*$C$31 -> 4600 | CA31: =$B$31*$C$31 -> 4600 | CB31: =$B$31*$C$31 -> 4600 | CC31: =$B$31*$C$31 -> 4600 | ... CG31: =$B$31*$C$31 -> 4600 | CH31: =SUM(BV31:CG31) -> 55200 | CI31: =$B$31*$C$31 -> 4600 | CJ31: =$B$31*$C$31 -> 4600 | CK31: =$B$31*$C$31 -> 4600 | CL31: =$B$31*$C$31 -> 4600 | CM31: =$B$31*$C$31 -> 4600 | CN31: =$B$31*$C$31 -> 4600 | CO31: =$B$31*$C$31 -> 4600 | CP31: =$B$31*$C$31 -> 4600 | ... CT31: =$B$31*$C$31 -> 4600 | CU31: =SUM(CI31:CT31) -> 55200 | CV31: =$B$31*$C$31 -> 4600 | CW31: =$B$31*$C$31 -> 4600 | CX31: =$B$31*$C$31 -> 4600 | CY31: =$B$31*$C$31 -> 4600 | CZ31: =$B$31*$C$31 -> 4600 | DA31: =$B$31*$C$31 -> 4600 | DB31: =$B$31*$C$31 -> 4600 | DC31: =$B$31*$C$31 -> 4600 | ... DG31: =$B$31*$C$31 -> 4600 | DH31: =SUM(CV31:DG31) -> 55200 | DI31: =$B$31*$C$31 -> 4600 | DJ31: =$B$31*$C$31 -> 4600 | DK31: =$B$31*$C$31 -> 4600 | DL31: =$B$31*$C$31 -> 4600 | DM31: =$B$31*$C$31 -> 4600 | DN31: =$B$31*$C$31 -> 4600 | DO31: =$B$31*$C$31 -> 4600 | DP31: =$B$31*$C$31 -> 4600 | ... DT31: =$B$31*$C$31 -> 4600 | DU31: =SUM(DI31:DT31) -> 55200 | DV31: =$B$31*$C$31 -> 4600 | DW31: =$B$31*$C$31 -> 4600 | DX31: =$B$31*$C$31 -> 4600 | DY31: =$B$31*$C$31 -> 4600 | DZ31: =$B$31*$C$31 -> 4600 | EA31: =$B$31*$C$31 -> 4600 | EB31: =$B$31*$C$31 -> 4600 | EC31: =$B$31*$C$31 -> 4600 | ... EG31: =$B$31*$C$31 -> 4600 | EH31: =SUM(DV31:EG31) -> 55200
A32: Copeira | B32: 1518 | C32: 1 | I32: =$B$32*$C$32 -> 1518 | J32: =$B$32*$C$32 -> 1518 | K32: =$B$32*$C$32 -> 1518 | L32: =$B$32*$C$32 -> 1518 | M32: =$B$32*$C$32 -> 1518 | N32: =$B$32*$C$32 -> 1518 | O32: =$B$32*$C$32 -> 1518 | P32: =$B$32*$C$32 -> 1518 | ... T32: =$B$32*$C$32 -> 1518 | U32: =SUM(I32:T32) -> 18216 | V32: =$B$32*$C$32 -> 1518 | W32: =$B$32*$C$32 -> 1518 | X32: =$B$32*$C$32 -> 1518 | Y32: =$B$32*$C$32 -> 1518 | Z32: =$B$32*$C$32 -> 1518 | AA32: =$B$32*$C$32 -> 1518 | AB32: =$B$32*$C$32 -> 1518 | AC32: =$B$32*$C$32 -> 1518 | ... AG32: =$B$32*$C$32 -> 1518 | AH32: =SUM(V32:AG32) -> 18216 | AI32: =$B$32*$C$32 -> 1518 | AJ32: =$B$32*$C$32 -> 1518 | AK32: =$B$32*$C$32 -> 1518 | AL32: =$B$32*$C$32 -> 1518 | AM32: =$B$32*$C$32 -> 1518 | AN32: =$B$32*$C$32 -> 1518 | AO32: =$B$32*$C$32 -> 1518 | AP32: =$B$32*$C$32 -> 1518 | ... AT32: =$B$32*$C$32 -> 1518 | AU32: =SUM(AI32:AT32) -> 18216 | AV32: =$B$32*$C$32 -> 1518 | AW32: =$B$32*$C$32 -> 1518 | AX32: =$B$32*$C$32 -> 1518 | AY32: =$B$32*$C$32 -> 1518 | AZ32: =$B$32*$C$32 -> 1518 | BA32: =$B$32*$C$32 -> 1518 | BB32: =$B$32*$C$32 -> 1518 | BC32: =$B$32*$C$32 -> 1518 | ... BG32: =$B$32*$C$32 -> 1518 | BH32: =SUM(AV32:BG32) -> 18216 | BI32: =$B$32*$C$32 -> 1518 | BJ32: =$B$32*$C$32 -> 1518 | BK32: =$B$32*$C$32 -> 1518 | BL32: =$B$32*$C$32 -> 1518 | BM32: =$B$32*$C$32 -> 1518 | BN32: =$B$32*$C$32 -> 1518 | BO32: =$B$32*$C$32 -> 1518 | BP32: =$B$32*$C$32 -> 1518 | ... BT32: =$B$32*$C$32 -> 1518 | BU32: =SUM(BI32:BT32) -> 18216 | BV32: =$B$32*$C$32 -> 1518 | BW32: =$B$32*$C$32 -> 1518 | BX32: =$B$32*$C$32 -> 1518 | BY32: =$B$32*$C$32 -> 1518 | BZ32: =$B$32*$C$32 -> 1518 | CA32: =$B$32*$C$32 -> 1518 | CB32: =$B$32*$C$32 -> 1518 | CC32: =$B$32*$C$32 -> 1518 | ... CG32: =$B$32*$C$32 -> 1518 | CH32: =SUM(BV32:CG32) -> 18216 | CI32: =$B$32*$C$32 -> 1518 | CJ32: =$B$32*$C$32 -> 1518 | CK32: =$B$32*$C$32 -> 1518 | CL32: =$B$32*$C$32 -> 1518 | CM32: =$B$32*$C$32 -> 1518 | CN32: =$B$32*$C$32 -> 1518 | CO32: =$B$32*$C$32 -> 1518 | CP32: =$B$32*$C$32 -> 1518 | ... CT32: =$B$32*$C$32 -> 1518 | CU32: =SUM(CI32:CT32) -> 18216 | CV32: =$B$32*$C$32 -> 1518 | CW32: =$B$32*$C$32 -> 1518 | CX32: =$B$32*$C$32 -> 1518 | CY32: =$B$32*$C$32 -> 1518 | CZ32: =$B$32*$C$32 -> 1518 | DA32: =$B$32*$C$32 -> 1518 | DB32: =$B$32*$C$32 -> 1518 | DC32: =$B$32*$C$32 -> 1518 | ... DG32: =$B$32*$C$32 -> 1518 | DH32: =SUM(CV32:DG32) -> 18216 | DI32: =$B$32*$C$32 -> 1518 | DJ32: =$B$32*$C$32 -> 1518 | DK32: =$B$32*$C$32 -> 1518 | DL32: =$B$32*$C$32 -> 1518 | DM32: =$B$32*$C$32 -> 1518 | DN32: =$B$32*$C$32 -> 1518 | DO32: =$B$32*$C$32 -> 1518 | DP32: =$B$32*$C$32 -> 1518 | ... DT32: =$B$32*$C$32 -> 1518 | DU32: =SUM(DI32:DT32) -> 18216 | DV32: =$B$32*$C$32 -> 1518 | DW32: =$B$32*$C$32 -> 1518 | DX32: =$B$32*$C$32 -> 1518 | DY32: =$B$32*$C$32 -> 1518 | DZ32: =$B$32*$C$32 -> 1518 | EA32: =$B$32*$C$32 -> 1518 | EB32: =$B$32*$C$32 -> 1518 | EC32: =$B$32*$C$32 -> 1518 | ... EG32: =$B$32*$C$32 -> 1518 | EH32: =SUM(DV32:EG32) -> 18216
A33: Recepcionista | B33: 1518 | C33: 2 | I33: =$B$33*$C$33 -> 3036 | J33: =$B$33*$C$33 -> 3036 | K33: =$B$33*$C$33 -> 3036 | L33: =$B$33*$C$33 -> 3036 | M33: =$B$33*$C$33 -> 3036 | N33: =$B$33*$C$33 -> 3036 | O33: =$B$33*$C$33 -> 3036 | P33: =$B$33*$C$33 -> 3036 | ... T33: =$B$33*$C$33 -> 3036 | U33: =SUM(I33:T33) -> 36432 | V33: =$B$33*$C$33 -> 3036 | W33: =$B$33*$C$33 -> 3036 | X33: =$B$33*$C$33 -> 3036 | Y33: =$B$33*$C$33 -> 3036 | Z33: =$B$33*$C$33 -> 3036 | AA33: =$B$33*$C$33 -> 3036 | AB33: =$B$33*$C$33 -> 3036 | AC33: =$B$33*$C$33 -> 3036 | ... AG33: =$B$33*$C$33 -> 3036 | AH33: =SUM(V33:AG33) -> 36432 | AI33: =$B$33*$C$33 -> 3036 | AJ33: =$B$33*$C$33 -> 3036 | AK33: =$B$33*$C$33 -> 3036 | AL33: =$B$33*$C$33 -> 3036 | AM33: =$B$33*$C$33 -> 3036 | AN33: =$B$33*$C$33 -> 3036 | AO33: =$B$33*$C$33 -> 3036 | AP33: =$B$33*$C$33 -> 3036 | ... AT33: =$B$33*$C$33 -> 3036 | AU33: =SUM(AI33:AT33) -> 36432 | AV33: =$B$33*$C$33 -> 3036 | AW33: =$B$33*$C$33 -> 3036 | AX33: =$B$33*$C$33 -> 3036 | AY33: =$B$33*$C$33 -> 3036 | AZ33: =$B$33*$C$33 -> 3036 | BA33: =$B$33*$C$33 -> 3036 | BB33: =$B$33*$C$33 -> 3036 | BC33: =$B$33*$C$33 -> 3036 | ... BG33: =$B$33*$C$33 -> 3036 | BH33: =SUM(AV33:BG33) -> 36432 | BI33: =$B$33*$C$33 -> 3036 | BJ33: =$B$33*$C$33 -> 3036 | BK33: =$B$33*$C$33 -> 3036 | BL33: =$B$33*$C$33 -> 3036 | BM33: =$B$33*$C$33 -> 3036 | BN33: =$B$33*$C$33 -> 3036 | BO33: =$B$33*$C$33 -> 3036 | BP33: =$B$33*$C$33 -> 3036 | ... BT33: =$B$33*$C$33 -> 3036 | BU33: =SUM(BI33:BT33) -> 36432 | BV33: =$B$33*$C$33 -> 3036 | BW33: =$B$33*$C$33 -> 3036 | BX33: =$B$33*$C$33 -> 3036 | BY33: =$B$33*$C$33 -> 3036 | BZ33: =$B$33*$C$33 -> 3036 | CA33: =$B$33*$C$33 -> 3036 | CB33: =$B$33*$C$33 -> 3036 | CC33: =$B$33*$C$33 -> 3036 | ... CG33: =$B$33*$C$33 -> 3036 | CH33: =SUM(BV33:CG33) -> 36432 | CI33: =$B$33*$C$33 -> 3036 | CJ33: =$B$33*$C$33 -> 3036 | CK33: =$B$33*$C$33 -> 3036 | CL33: =$B$33*$C$33 -> 3036 | CM33: =$B$33*$C$33 -> 3036 | CN33: =$B$33*$C$33 -> 3036 | CO33: =$B$33*$C$33 -> 3036 | CP33: =$B$33*$C$33 -> 3036 | ... CT33: =$B$33*$C$33 -> 3036 | CU33: =SUM(CI33:CT33) -> 36432 | CV33: =$B$33*$C$33 -> 3036 | CW33: =$B$33*$C$33 -> 3036 | CX33: =$B$33*$C$33 -> 3036 | CY33: =$B$33*$C$33 -> 3036 | CZ33: =$B$33*$C$33 -> 3036 | DA33: =$B$33*$C$33 -> 3036 | DB33: =$B$33*$C$33 -> 3036 | DC33: =$B$33*$C$33 -> 3036 | ... DG33: =$B$33*$C$33 -> 3036 | DH33: =SUM(CV33:DG33) -> 36432 | DI33: =$B$33*$C$33 -> 3036 | DJ33: =$B$33*$C$33 -> 3036 | DK33: =$B$33*$C$33 -> 3036 | DL33: =$B$33*$C$33 -> 3036 | DM33: =$B$33*$C$33 -> 3036 | DN33: =$B$33*$C$33 -> 3036 | DO33: =$B$33*$C$33 -> 3036 | DP33: =$B$33*$C$33 -> 3036 | ... DT33: =$B$33*$C$33 -> 3036 | DU33: =SUM(DI33:DT33) -> 36432 | DV33: =$B$33*$C$33 -> 3036 | DW33: =$B$33*$C$33 -> 3036 | DX33: =$B$33*$C$33 -> 3036 | DY33: =$B$33*$C$33 -> 3036 | DZ33: =$B$33*$C$33 -> 3036 | EA33: =$B$33*$C$33 -> 3036 | EB33: =$B$33*$C$33 -> 3036 | EC33: =$B$33*$C$33 -> 3036 | ... EG33: =$B$33*$C$33 -> 3036 | EH33: =SUM(DV33:EG33) -> 36432
A34: Supervisora Operacional | B34: 2500 | C34: 1 | I34: =$B$34*$C$34 -> 2500 | J34: =$B$34*$C$34 -> 2500 | K34: =$B$34*$C$34 -> 2500 | L34: =$B$34*$C$34 -> 2500 | M34: =$B$34*$C$34 -> 2500 | N34: =$B$34*$C$34 -> 2500 | O34: =$B$34*$C$34 -> 2500 | P34: =$B$34*$C$34 -> 2500 | ... T34: =$B$34*$C$34 -> 2500 | U34: =SUM(I34:T34) -> 30000 | V34: =$B$34*$C$34 -> 2500 | W34: =$B$34*$C$34 -> 2500 | X34: =$B$34*$C$34 -> 2500 | Y34: =$B$34*$C$34 -> 2500 | Z34: =$B$34*$C$34 -> 2500 | AA34: =$B$34*$C$34 -> 2500 | AB34: =$B$34*$C$34 -> 2500 | AC34: =$B$34*$C$34 -> 2500 | ... AG34: =$B$34*$C$34 -> 2500 | AH34: =SUM(V34:AG34) -> 30000 | AI34: =$B$34*$C$34 -> 2500 | AJ34: =$B$34*$C$34 -> 2500 | AK34: =$B$34*$C$34 -> 2500 | AL34: =$B$34*$C$34 -> 2500 | AM34: =$B$34*$C$34 -> 2500 | AN34: =$B$34*$C$34 -> 2500 | AO34: =$B$34*$C$34 -> 2500 | AP34: =$B$34*$C$34 -> 2500 | ... AT34: =$B$34*$C$34 -> 2500 | AU34: =SUM(AI34:AT34) -> 30000 | AV34: =$B$34*$C$34 -> 2500 | AW34: =$B$34*$C$34 -> 2500 | AX34: =$B$34*$C$34 -> 2500 | AY34: =$B$34*$C$34 -> 2500 | AZ34: =$B$34*$C$34 -> 2500 | BA34: =$B$34*$C$34 -> 2500 | BB34: =$B$34*$C$34 -> 2500 | BC34: =$B$34*$C$34 -> 2500 | ... BG34: =$B$34*$C$34 -> 2500 | BH34: =SUM(AV34:BG34) -> 30000 | BI34: =$B$34*$C$34 -> 2500 | BJ34: =$B$34*$C$34 -> 2500 | BK34: =$B$34*$C$34 -> 2500 | BL34: =$B$34*$C$34 -> 2500 | BM34: =$B$34*$C$34 -> 2500 | BN34: =$B$34*$C$34 -> 2500 | BO34: =$B$34*$C$34 -> 2500 | BP34: =$B$34*$C$34 -> 2500 | ... BT34: =$B$34*$C$34 -> 2500 | BU34: =SUM(BI34:BT34) -> 30000 | BV34: =$B$34*$C$34 -> 2500 | BW34: =$B$34*$C$34 -> 2500 | BX34: =$B$34*$C$34 -> 2500 | BY34: =$B$34*$C$34 -> 2500 | BZ34: =$B$34*$C$34 -> 2500 | CA34: =$B$34*$C$34 -> 2500 | CB34: =$B$34*$C$34 -> 2500 | CC34: =$B$34*$C$34 -> 2500 | ... CG34: =$B$34*$C$34 -> 2500 | CH34: =SUM(BV34:CG34) -> 30000 | CI34: =$B$34*$C$34 -> 2500 | CJ34: =$B$34*$C$34 -> 2500 | CK34: =$B$34*$C$34 -> 2500 | CL34: =$B$34*$C$34 -> 2500 | CM34: =$B$34*$C$34 -> 2500 | CN34: =$B$34*$C$34 -> 2500 | CO34: =$B$34*$C$34 -> 2500 | CP34: =$B$34*$C$34 -> 2500 | ... CT34: =$B$34*$C$34 -> 2500 | CU34: =SUM(CI34:CT34) -> 30000 | CV34: =$B$34*$C$34 -> 2500 | CW34: =$B$34*$C$34 -> 2500 | CX34: =$B$34*$C$34 -> 2500 | CY34: =$B$34*$C$34 -> 2500 | CZ34: =$B$34*$C$34 -> 2500 | DA34: =$B$34*$C$34 -> 2500 | DB34: =$B$34*$C$34 -> 2500 | DC34: =$B$34*$C$34 -> 2500 | ... DG34: =$B$34*$C$34 -> 2500 | DH34: =SUM(CV34:DG34) -> 30000 | DI34: =$B$34*$C$34 -> 2500 | DJ34: =$B$34*$C$34 -> 2500 | DK34: =$B$34*$C$34 -> 2500 | DL34: =$B$34*$C$34 -> 2500 | DM34: =$B$34*$C$34 -> 2500 | DN34: =$B$34*$C$34 -> 2500 | DO34: =$B$34*$C$34 -> 2500 | DP34: =$B$34*$C$34 -> 2500 | ... DT34: =$B$34*$C$34 -> 2500 | DU34: =SUM(DI34:DT34) -> 30000 | DV34: =$B$34*$C$34 -> 2500 | DW34: =$B$34*$C$34 -> 2500 | DX34: =$B$34*$C$34 -> 2500 | DY34: =$B$34*$C$34 -> 2500 | DZ34: =$B$34*$C$34 -> 2500 | EA34: =$B$34*$C$34 -> 2500 | EB34: =$B$34*$C$34 -> 2500 | EC34: =$B$34*$C$34 -> 2500 | ... EG34: =$B$34*$C$34 -> 2500 | EH34: =SUM(DV34:EG34) -> 30000
A35: Monitor (a) de vagas | B35: 1800 | C35: 10 | I35: =$B$35*$C$35 -> 18000 | J35: =$B$35*$C$35 -> 18000 | K35: =$B$35*$C$35 -> 18000 | L35: =$B$35*$C$35 -> 18000 | M35: =$B$35*$C$35 -> 18000 | N35: =$B$35*$C$35 -> 18000 | O35: =$B$35*$C$35 -> 18000 | P35: =$B$35*$C$35 -> 18000 | ... T35: =$B$35*$C$35 -> 18000 | U35: =SUM(I35:T35) -> 216000 | V35: =$B$35*5 -> 9000 | W35: =$B$35*5 -> 9000 | X35: =$B$35*5 -> 9000 | Y35: =$B$35*5 -> 9000 | Z35: =$B$35*5 -> 9000 | AA35: =$B$35*5 -> 9000 | AB35: =$B$35*5 -> 9000 | AC35: =$B$35*5 -> 9000 | ... AG35: =$B$35*5 -> 9000 | AH35: =SUM(V35:AG35) -> 108000 | AI35: =$B$35*5 -> 9000 | AJ35: =$B$35*5 -> 9000 | AK35: =$B$35*5 -> 9000 | AL35: =$B$35*5 -> 9000 | AM35: =$B$35*5 -> 9000 | AN35: =$B$35*5 -> 9000 | AO35: =$B$35*5 -> 9000 | AP35: =$B$35*5 -> 9000 | ... AT35: =$B$35*5 -> 9000 | AU35: =SUM(AI35:AT35) -> 108000 | AV35: =$B$35*5 -> 9000 | AW35: =$B$35*5 -> 9000 | AX35: =$B$35*5 -> 9000 | AY35: =$B$35*5 -> 9000 | AZ35: =$B$35*5 -> 9000 | BA35: =$B$35*5 -> 9000 | BB35: =$B$35*5 -> 9000 | BC35: =$B$35*5 -> 9000 | ... BG35: =$B$35*5 -> 9000 | BH35: =SUM(AV35:BG35) -> 108000 | BI35: =$B$35*5 -> 9000 | BJ35: =$B$35*5 -> 9000 | BK35: =$B$35*5 -> 9000 | BL35: =$B$35*5 -> 9000 | BM35: =$B$35*5 -> 9000 | BN35: =$B$35*5 -> 9000 | BO35: =$B$35*5 -> 9000 | BP35: =$B$35*5 -> 9000 | ... BT35: =$B$35*5 -> 9000 | BU35: =SUM(BI35:BT35) -> 108000 | BV35: =$B$35*5 -> 9000 | BW35: =$B$35*5 -> 9000 | BX35: =$B$35*5 -> 9000 | BY35: =$B$35*5 -> 9000 | BZ35: =$B$35*5 -> 9000 | CA35: =$B$35*5 -> 9000 | CB35: =$B$35*5 -> 9000 | CC35: =$B$35*5 -> 9000 | ... CG35: =$B$35*5 -> 9000 | CH35: =SUM(BV35:CG35) -> 108000 | CI35: =$B$35*5 -> 9000 | CJ35: =$B$35*5 -> 9000 | CK35: =$B$35*5 -> 9000 | CL35: =$B$35*5 -> 9000 | CM35: =$B$35*5 -> 9000 | CN35: =$B$35*5 -> 9000 | CO35: =$B$35*5 -> 9000 | CP35: =$B$35*5 -> 9000 | ... CT35: =$B$35*5 -> 9000 | CU35: =SUM(CI35:CT35) -> 108000 | CV35: =$B$35*5 -> 9000 | CW35: =$B$35*5 -> 9000 | CX35: =$B$35*5 -> 9000 | CY35: =$B$35*5 -> 9000 | CZ35: =$B$35*5 -> 9000 | DA35: =$B$35*5 -> 9000 | DB35: =$B$35*5 -> 9000 | DC35: =$B$35*5 -> 9000 | ... DG35: =$B$35*5 -> 9000 | DH35: =SUM(CV35:DG35) -> 108000 | DI35: =$B$35*5 -> 9000 | DJ35: =$B$35*5 -> 9000 | DK35: =$B$35*5 -> 9000 | DL35: =$B$35*5 -> 9000 | DM35: =$B$35*5 -> 9000 | DN35: =$B$35*5 -> 9000 | DO35: =$B$35*5 -> 9000 | DP35: =$B$35*5 -> 9000 | ... DT35: =$B$35*5 -> 9000 | DU35: =SUM(DI35:DT35) -> 108000 | DV35: =$B$35*5 -> 9000 | DW35: =$B$35*5 -> 9000 | DX35: =$B$35*5 -> 9000 | DY35: =$B$35*5 -> 9000 | DZ35: =$B$35*5 -> 9000 | EA35: =$B$35*5 -> 9000 | EB35: =$B$35*5 -> 9000 | EC35: =$B$35*5 -> 9000 | ... EG35: =$B$35*5 -> 9000 | EH35: =SUM(DV35:EG35) -> 108000
A36: Encargos Sociais | H36: =SUM(H37:H40) -> 0 | I36: =SUM(I37:I40) -> 51361.68 | J36: =SUM(J37:J40) -> 51361.68 | K36: =SUM(K37:K40) -> 51361.68 | L36: =SUM(L37:L40) -> 51361.68 | M36: =SUM(M37:M40) -> 51361.68 | N36: =SUM(N37:N40) -> 51361.68 | O36: =SUM(O37:O40) -> 51361.68 | ... EH36: =SUM(EH37:EH40) -> 516980.16
A37: Encargos Trabalhistas | C37: 0.92 | I37: =$C$37*I26 -> 40161.68 | J37: =$C$37*J26 -> 40161.68 | K37: =$C$37*K26 -> 40161.68 | L37: =$C$37*L26 -> 40161.68 | M37: =$C$37*M26 -> 40161.68 | N37: =$C$37*N26 -> 40161.68 | O37: =$C$37*O26 -> 40161.68 | P37: =$C$37*P26 -> 40161.68 | ... T37: =$C$37*T26 -> 40161.68 | U37: =SUM(I37:T37) -> 481940.16 | V37: =$C$37*V26 -> 31881.68 | W37: =$C$37*W26 -> 31881.68 | X37: =$C$37*X26 -> 31881.68 | Y37: =$C$37*Y26 -> 31881.68 | Z37: =$C$37*Z26 -> 31881.68 | AA37: =$C$37*AA26 -> 31881.68 | AB37: =$C$37*AB26 -> 31881.68 | AC37: =$C$37*AC26 -> 31881.68 | ... AG37: =$C$37*AG26 -> 31881.68 | AH37: =SUM(V37:AG37) -> 382580.16 | AI37: =$C$37*AI26 -> 31881.68 | AJ37: =$C$37*AJ26 -> 31881.68 | AK37: =$C$37*AK26 -> 31881.68 | AL37: =$C$37*AL26 -> 31881.68 | AM37: =$C$37*AM26 -> 31881.68 | AN37: =$C$37*AN26 -> 31881.68 | AO37: =$C$37*AO26 -> 31881.68 | AP37: =$C$37*AP26 -> 31881.68 | ... AT37: =$C$37*AT26 -> 31881.68 | AU37: =SUM(AI37:AT37) -> 382580.16 | AV37: =$C$37*AV26 -> 31881.68 | AW37: =$C$37*AW26 -> 31881.68 | AX37: =$C$37*AX26 -> 31881.68 | AY37: =$C$37*AY26 -> 31881.68 | AZ37: =$C$37*AZ26 -> 31881.68 | BA37: =$C$37*BA26 -> 31881.68 | BB37: =$C$37*BB26 -> 31881.68 | BC37: =$C$37*BC26 -> 31881.68 | ... BG37: =$C$37*BG26 -> 31881.68 | BH37: =SUM(AV37:BG37) -> 382580.16 | BI37: =$C$37*BI26 -> 31881.68 | BJ37: =$C$37*BJ26 -> 31881.68 | BK37: =$C$37*BK26 -> 31881.68 | BL37: =$C$37*BL26 -> 31881.68 | BM37: =$C$37*BM26 -> 31881.68 | BN37: =$C$37*BN26 -> 31881.68 | BO37: =$C$37*BO26 -> 31881.68 | BP37: =$C$37*BP26 -> 31881.68 | ... BT37: =$C$37*BT26 -> 31881.68 | BU37: =SUM(BI37:BT37) -> 382580.16 | BV37: =$C$37*BV26 -> 31881.68 | BW37: =$C$37*BW26 -> 31881.68 | BX37: =$C$37*BX26 -> 31881.68 | BY37: =$C$37*BY26 -> 31881.68 | BZ37: =$C$37*BZ26 -> 31881.68 | CA37: =$C$37*CA26 -> 31881.68 | CB37: =$C$37*CB26 -> 31881.68 | CC37: =$C$37*CC26 -> 31881.68 | ... CG37: =$C$37*CG26 -> 31881.68 | CH37: =SUM(BV37:CG37) -> 382580.16 | CI37: =$C$37*CI26 -> 31881.68 | CJ37: =$C$37*CJ26 -> 31881.68 | CK37: =$C$37*CK26 -> 31881.68 | CL37: =$C$37*CL26 -> 31881.68 | CM37: =$C$37*CM26 -> 31881.68 | CN37: =$C$37*CN26 -> 31881.68 | CO37: =$C$37*CO26 -> 31881.68 | CP37: =$C$37*CP26 -> 31881.68 | ... CT37: =$C$37*CT26 -> 31881.68 | CU37: =SUM(CI37:CT37) -> 382580.16 | CV37: =$C$37*CV26 -> 31881.68 | CW37: =$C$37*CW26 -> 31881.68 | CX37: =$C$37*CX26 -> 31881.68 | CY37: =$C$37*CY26 -> 31881.68 | CZ37: =$C$37*CZ26 -> 31881.68 | DA37: =$C$37*DA26 -> 31881.68 | DB37: =$C$37*DB26 -> 31881.68 | DC37: =$C$37*DC26 -> 31881.68 | ... DG37: =$C$37*DG26 -> 31881.68 | DH37: =SUM(CV37:DG37) -> 382580.16 | DI37: =$C$37*DI26 -> 31881.68 | DJ37: =$C$37*DJ26 -> 31881.68 | DK37: =$C$37*DK26 -> 31881.68 | DL37: =$C$37*DL26 -> 31881.68 | DM37: =$C$37*DM26 -> 31881.68 | DN37: =$C$37*DN26 -> 31881.68 | DO37: =$C$37*DO26 -> 31881.68 | DP37: =$C$37*DP26 -> 31881.68 | ... DT37: =$C$37*DT26 -> 31881.68 | DU37: =SUM(DI37:DT37) -> 382580.16 | DV37: =$C$37*DV26 -> 31881.68 | DW37: =$C$37*DW26 -> 31881.68 | DX37: =$C$37*DX26 -> 31881.68 | DY37: =$C$37*DY26 -> 31881.68 | DZ37: =$C$37*DZ26 -> 31881.68 | EA37: =$C$37*EA26 -> 31881.68 | EB37: =$C$37*EB26 -> 31881.68 | EC37: =$C$37*EC26 -> 31881.68 | ... EG37: =$C$37*EG26 -> 31881.68 | EH37: =SUM(DV37:EG37) -> 382580.16
A38: Uniforme | B38: 180 | I38: =$B$38*$C$26 -> 3600 | J38: =$B$38*$C$26 -> 3600 | K38: =$B$38*$C$26 -> 3600 | L38: =$B$38*$C$26 -> 3600 | M38: =$B$38*$C$26 -> 3600 | N38: =$B$38*$C$26 -> 3600 | O38: =$B$38*$C$26 -> 3600 | P38: =$B$38*$C$26 -> 3600 | ... T38: =$B$38*$C$26 -> 3600 | U38: =SUM(I38:T38) -> 43200 | V38: =$B$38*$C$26 -> 3600 | W38: =$B$38*$C$26 -> 3600 | X38: =$B$38*$C$26 -> 3600 | Y38: =$B$38*$C$26 -> 3600 | Z38: =$B$38*$C$26 -> 3600 | AA38: =$B$38*$C$26 -> 3600 | AB38: =$B$38*$C$26 -> 3600 | AC38: =$B$38*$C$26 -> 3600 | ... AG38: =$B$38*$C$26 -> 3600 | AH38: =SUM(V38:AG38) -> 43200 | AI38: =$B$38*$C$26 -> 3600 | AJ38: =$B$38*$C$26 -> 3600 | AK38: =$B$38*$C$26 -> 3600 | AL38: =$B$38*$C$26 -> 3600 | AM38: =$B$38*$C$26 -> 3600 | AN38: =$B$38*$C$26 -> 3600 | AO38: =$B$38*$C$26 -> 3600 | AP38: =$B$38*$C$26 -> 3600 | ... AT38: =$B$38*$C$26 -> 3600 | AU38: =SUM(AI38:AT38) -> 43200 | AV38: =$B$38*$C$26 -> 3600 | AW38: =$B$38*$C$26 -> 3600 | AX38: =$B$38*$C$26 -> 3600 | AY38: =$B$38*$C$26 -> 3600 | AZ38: =$B$38*$C$26 -> 3600 | BA38: =$B$38*$C$26 -> 3600 | BB38: =$B$38*$C$26 -> 3600 | BC38: =$B$38*$C$26 -> 3600 | ... BG38: =$B$38*$C$26 -> 3600 | BH38: =SUM(AV38:BG38) -> 43200 | BI38: =$B$38*$C$26 -> 3600 | BJ38: =$B$38*$C$26 -> 3600 | BK38: =$B$38*$C$26 -> 3600 | BL38: =$B$38*$C$26 -> 3600 | BM38: =$B$38*$C$26 -> 3600 | BN38: =$B$38*$C$26 -> 3600 | BO38: =$B$38*$C$26 -> 3600 | BP38: =$B$38*$C$26 -> 3600 | ... BT38: =$B$38*$C$26 -> 3600 | BU38: =SUM(BI38:BT38) -> 43200 | BV38: =$B$38*$C$26 -> 3600 | BW38: =$B$38*$C$26 -> 3600 | BX38: =$B$38*$C$26 -> 3600 | BY38: =$B$38*$C$26 -> 3600 | BZ38: =$B$38*$C$26 -> 3600 | CA38: =$B$38*$C$26 -> 3600 | CB38: =$B$38*$C$26 -> 3600 | CC38: =$B$38*$C$26 -> 3600 | ... CG38: =$B$38*$C$26 -> 3600 | CH38: =SUM(BV38:CG38) -> 43200 | CI38: =$B$38*$C$26 -> 3600 | CJ38: =$B$38*$C$26 -> 3600 | CK38: =$B$38*$C$26 -> 3600 | CL38: =$B$38*$C$26 -> 3600 | CM38: =$B$38*$C$26 -> 3600 | CN38: =$B$38*$C$26 -> 3600 | CO38: =$B$38*$C$26 -> 3600 | CP38: =$B$38*$C$26 -> 3600 | ... CT38: =$B$38*$C$26 -> 3600 | CU38: =SUM(CI38:CT38) -> 43200 | CV38: =$B$38*$C$26 -> 3600 | CW38: =$B$38*$C$26 -> 3600 | CX38: =$B$38*$C$26 -> 3600 | CY38: =$B$38*$C$26 -> 3600 | CZ38: =$B$38*$C$26 -> 3600 | DA38: =$B$38*$C$26 -> 3600 | DB38: =$B$38*$C$26 -> 3600 | DC38: =$B$38*$C$26 -> 3600 | ... DG38: =$B$38*$C$26 -> 3600 | DH38: =SUM(CV38:DG38) -> 43200 | DI38: =$B$38*$C$26 -> 3600 | DJ38: =$B$38*$C$26 -> 3600 | DK38: =$B$38*$C$26 -> 3600 | DL38: =$B$38*$C$26 -> 3600 | DM38: =$B$38*$C$26 -> 3600 | DN38: =$B$38*$C$26 -> 3600 | DO38: =$B$38*$C$26 -> 3600 | DP38: =$B$38*$C$26 -> 3600 | ... DT38: =$B$38*$C$26 -> 3600 | DU38: =SUM(DI38:DT38) -> 43200 | DV38: =$B$38*$C$26 -> 3600 | DW38: =$B$38*$C$26 -> 3600 | DX38: =$B$38*$C$26 -> 3600 | DY38: =$B$38*$C$26 -> 3600 | DZ38: =$B$38*$C$26 -> 3600 | EA38: =$B$38*$C$26 -> 3600 | EB38: =$B$38*$C$26 -> 3600 | EC38: =$B$38*$C$26 -> 3600 | ... EG38: =$B$38*$C$26 -> 3600 | EH38: =SUM(DV38:EG38) -> 43200
A39: Vale Refeição | B39: 350 | I39: =$B$39*$C$26 -> 7000 | J39: =$B$39*$C$26 -> 7000 | K39: =$B$39*$C$26 -> 7000 | L39: =$B$39*$C$26 -> 7000 | M39: =$B$39*$C$26 -> 7000 | N39: =$B$39*$C$26 -> 7000 | O39: =$B$39*$C$26 -> 7000 | P39: =$B$39*$C$26 -> 7000 | ... T39: =$B$39*$C$26 -> 7000 | U39: =SUM(I39:T39) -> 84000 | V39: =$B$39*$C$26 -> 7000 | W39: =$B$39*$C$26 -> 7000 | X39: =$B$39*$C$26 -> 7000 | Y39: =$B$39*$C$26 -> 7000 | Z39: =$B$39*$C$26 -> 7000 | AA39: =$B$39*$C$26 -> 7000 | AB39: =$B$39*$C$26 -> 7000 | AC39: =$B$39*$C$26 -> 7000 | ... AG39: =$B$39*$C$26 -> 7000 | AH39: =SUM(V39:AG39) -> 84000 | AI39: =$B$39*$C$26 -> 7000 | AJ39: =$B$39*$C$26 -> 7000 | AK39: =$B$39*$C$26 -> 7000 | AL39: =$B$39*$C$26 -> 7000 | AM39: =$B$39*$C$26 -> 7000 | AN39: =$B$39*$C$26 -> 7000 | AO39: =$B$39*$C$26 -> 7000 | AP39: =$B$39*$C$26 -> 7000 | ... AT39: =$B$39*$C$26 -> 7000 | AU39: =SUM(AI39:AT39) -> 84000 | AV39: =$B$39*$C$26 -> 7000 | AW39: =$B$39*$C$26 -> 7000 | AX39: =$B$39*$C$26 -> 7000 | AY39: =$B$39*$C$26 -> 7000 | AZ39: =$B$39*$C$26 -> 7000 | BA39: =$B$39*$C$26 -> 7000 | BB39: =$B$39*$C$26 -> 7000 | BC39: =$B$39*$C$26 -> 7000 | ... BG39: =$B$39*$C$26 -> 7000 | BH39: =SUM(AV39:BG39) -> 84000 | BI39: =$B$39*$C$26 -> 7000 | BJ39: =$B$39*$C$26 -> 7000 | BK39: =$B$39*$C$26 -> 7000 | BL39: =$B$39*$C$26 -> 7000 | BM39: =$B$39*$C$26 -> 7000 | BN39: =$B$39*$C$26 -> 7000 | BO39: =$B$39*$C$26 -> 7000 | BP39: =$B$39*$C$26 -> 7000 | ... BT39: =$B$39*$C$26 -> 7000 | BU39: =SUM(BI39:BT39) -> 84000 | BV39: =$B$39*$C$26 -> 7000 | BW39: =$B$39*$C$26 -> 7000 | BX39: =$B$39*$C$26 -> 7000 | BY39: =$B$39*$C$26 -> 7000 | BZ39: =$B$39*$C$26 -> 7000 | CA39: =$B$39*$C$26 -> 7000 | CB39: =$B$39*$C$26 -> 7000 | CC39: =$B$39*$C$26 -> 7000 | ... CG39: =$B$39*$C$26 -> 7000 | CH39: =SUM(BV39:CG39) -> 84000 | CI39: =$B$39*$C$26 -> 7000 | CJ39: =$B$39*$C$26 -> 7000 | CK39: =$B$39*$C$26 -> 7000 | CL39: =$B$39*$C$26 -> 7000 | CM39: =$B$39*$C$26 -> 7000 | CN39: =$B$39*$C$26 -> 7000 | CO39: =$B$39*$C$26 -> 7000 | CP39: =$B$39*$C$26 -> 7000 | ... CT39: =$B$39*$C$26 -> 7000 | CU39: =SUM(CI39:CT39) -> 84000 | CV39: =$B$39*$C$26 -> 7000 | CW39: =$B$39*$C$26 -> 7000 | CX39: =$B$39*$C$26 -> 7000 | CY39: =$B$39*$C$26 -> 7000 | CZ39: =$B$39*$C$26 -> 7000 | DA39: =$B$39*$C$26 -> 7000 | DB39: =$B$39*$C$26 -> 7000 | DC39: =$B$39*$C$26 -> 7000 | ... DG39: =$B$39*$C$26 -> 7000 | DH39: =SUM(CV39:DG39) -> 84000 | DI39: =$B$39*$C$26 -> 7000 | DJ39: =$B$39*$C$26 -> 7000 | DK39: =$B$39*$C$26 -> 7000 | DL39: =$B$39*$C$26 -> 7000 | DM39: =$B$39*$C$26 -> 7000 | DN39: =$B$39*$C$26 -> 7000 | DO39: =$B$39*$C$26 -> 7000 | DP39: =$B$39*$C$26 -> 7000 | ... DT39: =$B$39*$C$26 -> 7000 | DU39: =SUM(DI39:DT39) -> 84000 | DV39: =$B$39*$C$26 -> 7000 | DW39: =$B$39*$C$26 -> 7000 | DX39: =$B$39*$C$26 -> 7000 | DY39: =$B$39*$C$26 -> 7000 | DZ39: =$B$39*$C$26 -> 7000 | EA39: =$B$39*$C$26 -> 7000 | EB39: =$B$39*$C$26 -> 7000 | EC39: =$B$39*$C$26 -> 7000 | ... EG39: =$B$39*$C$26 -> 7000 | EH39: =SUM(DV39:EG39) -> 84000
A40: Vale Transporte | B40: 150 | C40: 0.2 | I40: =$B$40*$C$26*$C$40 -> 600 | J40: =$B$40*$C$26*$C$40 -> 600 | K40: =$B$40*$C$26*$C$40 -> 600 | L40: =$B$40*$C$26*$C$40 -> 600 | M40: =$B$40*$C$26*$C$40 -> 600 | N40: =$B$40*$C$26*$C$40 -> 600 | O40: =$B$40*$C$26*$C$40 -> 600 | P40: =$B$40*$C$26*$C$40 -> 600 | ... T40: =$B$40*$C$26*$C$40 -> 600 | U40: =SUM(I40:T40) -> 7200 | V40: =$B$40*$C$26*$C$40 -> 600 | W40: =$B$40*$C$26*$C$40 -> 600 | X40: =$B$40*$C$26*$C$40 -> 600 | Y40: =$B$40*$C$26*$C$40 -> 600 | Z40: =$B$40*$C$26*$C$40 -> 600 | AA40: =$B$40*$C$26*$C$40 -> 600 | AB40: =$B$40*$C$26*$C$40 -> 600 | AC40: =$B$40*$C$26*$C$40 -> 600 | ... AG40: =$B$40*$C$26*$C$40 -> 600 | AH40: =SUM(V40:AG40) -> 7200 | AI40: =$B$40*$C$26*$C$40 -> 600 | AJ40: =$B$40*$C$26*$C$40 -> 600 | AK40: =$B$40*$C$26*$C$40 -> 600 | AL40: =$B$40*$C$26*$C$40 -> 600 | AM40: =$B$40*$C$26*$C$40 -> 600 | AN40: =$B$40*$C$26*$C$40 -> 600 | AO40: =$B$40*$C$26*$C$40 -> 600 | AP40: =$B$40*$C$26*$C$40 -> 600 | ... AT40: =$B$40*$C$26*$C$40 -> 600 | AU40: =SUM(AI40:AT40) -> 7200 | AV40: =$B$40*$C$26*$C$40 -> 600 | AW40: =$B$40*$C$26*$C$40 -> 600 | AX40: =$B$40*$C$26*$C$40 -> 600 | AY40: =$B$40*$C$26*$C$40 -> 600 | AZ40: =$B$40*$C$26*$C$40 -> 600 | BA40: =$B$40*$C$26*$C$40 -> 600 | BB40: =$B$40*$C$26*$C$40 -> 600 | BC40: =$B$40*$C$26*$C$40 -> 600 | ... BG40: =$B$40*$C$26*$C$40 -> 600 | BH40: =SUM(AV40:BG40) -> 7200 | BI40: =$B$40*$C$26*$C$40 -> 600 | BJ40: =$B$40*$C$26*$C$40 -> 600 | BK40: =$B$40*$C$26*$C$40 -> 600 | BL40: =$B$40*$C$26*$C$40 -> 600 | BM40: =$B$40*$C$26*$C$40 -> 600 | BN40: =$B$40*$C$26*$C$40 -> 600 | BO40: =$B$40*$C$26*$C$40 -> 600 | BP40: =$B$40*$C$26*$C$40 -> 600 | ... BT40: =$B$40*$C$26*$C$40 -> 600 | BU40: =SUM(BI40:BT40) -> 7200 | BV40: =$B$40*$C$26*$C$40 -> 600 | BW40: =$B$40*$C$26*$C$40 -> 600 | BX40: =$B$40*$C$26*$C$40 -> 600 | BY40: =$B$40*$C$26*$C$40 -> 600 | BZ40: =$B$40*$C$26*$C$40 -> 600 | CA40: =$B$40*$C$26*$C$40 -> 600 | CB40: =$B$40*$C$26*$C$40 -> 600 | CC40: =$B$40*$C$26*$C$40 -> 600 | ... CG40: =$B$40*$C$26*$C$40 -> 600 | CH40: =SUM(BV40:CG40) -> 7200 | CI40: =$B$40*$C$26*$C$40 -> 600 | CJ40: =$B$40*$C$26*$C$40 -> 600 | CK40: =$B$40*$C$26*$C$40 -> 600 | CL40: =$B$40*$C$26*$C$40 -> 600 | CM40: =$B$40*$C$26*$C$40 -> 600 | CN40: =$B$40*$C$26*$C$40 -> 600 | CO40: =$B$40*$C$26*$C$40 -> 600 | CP40: =$B$40*$C$26*$C$40 -> 600 | ... CT40: =$B$40*$C$26*$C$40 -> 600 | CU40: =SUM(CI40:CT40) -> 7200 | CV40: =$B$40*$C$26*$C$40 -> 600 | CW40: =$B$40*$C$26*$C$40 -> 600 | CX40: =$B$40*$C$26*$C$40 -> 600 | CY40: =$B$40*$C$26*$C$40 -> 600 | CZ40: =$B$40*$C$26*$C$40 -> 600 | DA40: =$B$40*$C$26*$C$40 -> 600 | DB40: =$B$40*$C$26*$C$40 -> 600 | DC40: =$B$40*$C$26*$C$40 -> 600 | ... DG40: =$B$40*$C$26*$C$40 -> 600 | DH40: =SUM(CV40:DG40) -> 7200 | DI40: =$B$40*$C$26*$C$40 -> 600 | DJ40: =$B$40*$C$26*$C$40 -> 600 | DK40: =$B$40*$C$26*$C$40 -> 600 | DL40: =$B$40*$C$26*$C$40 -> 600 | DM40: =$B$40*$C$26*$C$40 -> 600 | DN40: =$B$40*$C$26*$C$40 -> 600 | DO40: =$B$40*$C$26*$C$40 -> 600 | DP40: =$B$40*$C$26*$C$40 -> 600 | ... DT40: =$B$40*$C$26*$C$40 -> 600 | DU40: =SUM(DI40:DT40) -> 7200 | DV40: =$B$40*$C$26*$C$40 -> 600 | DW40: =$B$40*$C$26*$C$40 -> 600 | DX40: =$B$40*$C$26*$C$40 -> 600 | DY40: =$B$40*$C$26*$C$40 -> 600 | DZ40: =$B$40*$C$26*$C$40 -> 600 | EA40: =$B$40*$C$26*$C$40 -> 600 | EB40: =$B$40*$C$26*$C$40 -> 600 | EC40: =$B$40*$C$26*$C$40 -> 600 | ... EG40: =$B$40*$C$26*$C$40 -> 600 | EH40: =SUM(DV40:EG40) -> 7200
A41: Despesas Administrativas | B41: Valor | H41: =SUM(H42:H48) -> 0 | I41: =SUM(I42:I48) -> 52500 | J41: =SUM(J42:J48) -> 52500 | K41: =SUM(K42:K48) -> 52500 | L41: =SUM(L42:L48) -> 52500 | M41: =SUM(M42:M48) -> 52500 | N41: =SUM(N42:N48) -> 52500 | O41: =SUM(O42:O48) -> 52500 | ... EH41: =SUM(EH42:EH48) -> 630000
A42: Aluguel - Escritório Central | B42: 7000 | I42: =$B$42 -> 7000 | J42: =$B$42 -> 7000 | K42: =$B$42 -> 7000 | L42: =$B$42 -> 7000 | M42: =$B$42 -> 7000 | N42: =$B$42 -> 7000 | O42: =$B$42 -> 7000 | P42: =$B$42 -> 7000 | ... T42: =$B$42 -> 7000 | U42: =SUM(I42:T42) -> 84000 | V42: =$B$42 -> 7000 | W42: =$B$42 -> 7000 | X42: =$B$42 -> 7000 | Y42: =$B$42 -> 7000 | Z42: =$B$42 -> 7000 | AA42: =$B$42 -> 7000 | AB42: =$B$42 -> 7000 | AC42: =$B$42 -> 7000 | ... AG42: =$B$42 -> 7000 | AH42: =SUM(V42:AG42) -> 84000 | AI42: =$B$42 -> 7000 | AJ42: =$B$42 -> 7000 | AK42: =$B$42 -> 7000 | AL42: =$B$42 -> 7000 | AM42: =$B$42 -> 7000 | AN42: =$B$42 -> 7000 | AO42: =$B$42 -> 7000 | AP42: =$B$42 -> 7000 | ... AT42: =$B$42 -> 7000 | AU42: =SUM(AI42:AT42) -> 84000 | AV42: =$B$42 -> 7000 | AW42: =$B$42 -> 7000 | AX42: =$B$42 -> 7000 | AY42: =$B$42 -> 7000 | AZ42: =$B$42 -> 7000 | BA42: =$B$42 -> 7000 | BB42: =$B$42 -> 7000 | BC42: =$B$42 -> 7000 | ... BG42: =$B$42 -> 7000 | BH42: =SUM(AV42:BG42) -> 84000 | BI42: =$B$42 -> 7000 | BJ42: =$B$42 -> 7000 | BK42: =$B$42 -> 7000 | BL42: =$B$42 -> 7000 | BM42: =$B$42 -> 7000 | BN42: =$B$42 -> 7000 | BO42: =$B$42 -> 7000 | BP42: =$B$42 -> 7000 | ... BT42: =$B$42 -> 7000 | BU42: =SUM(BI42:BT42) -> 84000 | BV42: =$B$42 -> 7000 | BW42: =$B$42 -> 7000 | BX42: =$B$42 -> 7000 | BY42: =$B$42 -> 7000 | BZ42: =$B$42 -> 7000 | CA42: =$B$42 -> 7000 | CB42: =$B$42 -> 7000 | CC42: =$B$42 -> 7000 | ... CG42: =$B$42 -> 7000 | CH42: =SUM(BV42:CG42) -> 84000 | CI42: =$B$42 -> 7000 | CJ42: =$B$42 -> 7000 | CK42: =$B$42 -> 7000 | CL42: =$B$42 -> 7000 | CM42: =$B$42 -> 7000 | CN42: =$B$42 -> 7000 | CO42: =$B$42 -> 7000 | CP42: =$B$42 -> 7000 | ... CT42: =$B$42 -> 7000 | CU42: =SUM(CI42:CT42) -> 84000 | CV42: =$B$42 -> 7000 | CW42: =$B$42 -> 7000 | CX42: =$B$42 -> 7000 | CY42: =$B$42 -> 7000 | CZ42: =$B$42 -> 7000 | DA42: =$B$42 -> 7000 | DB42: =$B$42 -> 7000 | DC42: =$B$42 -> 7000 | ... DG42: =$B$42 -> 7000 | DH42: =SUM(CV42:DG42) -> 84000 | DI42: =$B$42 -> 7000 | DJ42: =$B$42 -> 7000 | DK42: =$B$42 -> 7000 | DL42: =$B$42 -> 7000 | DM42: =$B$42 -> 7000 | DN42: =$B$42 -> 7000 | DO42: =$B$42 -> 7000 | DP42: =$B$42 -> 7000 | ... DT42: =$B$42 -> 7000 | DU42: =SUM(DI42:DT42) -> 84000 | DV42: =$B$42 -> 7000 | DW42: =$B$42 -> 7000 | DX42: =$B$42 -> 7000 | DY42: =$B$42 -> 7000 | DZ42: =$B$42 -> 7000 | EA42: =$B$42 -> 7000 | EB42: =$B$42 -> 7000 | EC42: =$B$42 -> 7000 | ... EG42: =$B$42 -> 7000 | EH42: =SUM(DV42:EG42) -> 84000
A43: Software Gestão Rotativo | B43: 18000 | I43: =$B$43 -> 18000 | J43: =$B$43 -> 18000 | K43: =$B$43 -> 18000 | L43: =$B$43 -> 18000 | M43: =$B$43 -> 18000 | N43: =$B$43 -> 18000 | O43: =$B$43 -> 18000 | P43: =$B$43 -> 18000 | ... T43: =$B$43 -> 18000 | U43: =SUM(I43:T43) -> 216000 | V43: =$B$43 -> 18000 | W43: =$B$43 -> 18000 | X43: =$B$43 -> 18000 | Y43: =$B$43 -> 18000 | Z43: =$B$43 -> 18000 | AA43: =$B$43 -> 18000 | AB43: =$B$43 -> 18000 | AC43: =$B$43 -> 18000 | ... AG43: =$B$43 -> 18000 | AH43: =SUM(V43:AG43) -> 216000 | AI43: =$B$43 -> 18000 | AJ43: =$B$43 -> 18000 | AK43: =$B$43 -> 18000 | AL43: =$B$43 -> 18000 | AM43: =$B$43 -> 18000 | AN43: =$B$43 -> 18000 | AO43: =$B$43 -> 18000 | AP43: =$B$43 -> 18000 | ... AT43: =$B$43 -> 18000 | AU43: =SUM(AI43:AT43) -> 216000 | AV43: =$B$43 -> 18000 | AW43: =$B$43 -> 18000 | AX43: =$B$43 -> 18000 | AY43: =$B$43 -> 18000 | AZ43: =$B$43 -> 18000 | BA43: =$B$43 -> 18000 | BB43: =$B$43 -> 18000 | BC43: =$B$43 -> 18000 | ... BG43: =$B$43 -> 18000 | BH43: =SUM(AV43:BG43) -> 216000 | BI43: =$B$43 -> 18000 | BJ43: =$B$43 -> 18000 | BK43: =$B$43 -> 18000 | BL43: =$B$43 -> 18000 | BM43: =$B$43 -> 18000 | BN43: =$B$43 -> 18000 | BO43: =$B$43 -> 18000 | BP43: =$B$43 -> 18000 | ... BT43: =$B$43 -> 18000 | BU43: =SUM(BI43:BT43) -> 216000 | BV43: =$B$43 -> 18000 | BW43: =$B$43 -> 18000 | BX43: =$B$43 -> 18000 | BY43: =$B$43 -> 18000 | BZ43: =$B$43 -> 18000 | CA43: =$B$43 -> 18000 | CB43: =$B$43 -> 18000 | CC43: =$B$43 -> 18000 | ... CG43: =$B$43 -> 18000 | CH43: =SUM(BV43:CG43) -> 216000 | CI43: =$B$43 -> 18000 | CJ43: =$B$43 -> 18000 | CK43: =$B$43 -> 18000 | CL43: =$B$43 -> 18000 | CM43: =$B$43 -> 18000 | CN43: =$B$43 -> 18000 | CO43: =$B$43 -> 18000 | CP43: =$B$43 -> 18000 | ... CT43: =$B$43 -> 18000 | CU43: =SUM(CI43:CT43) -> 216000 | CV43: =$B$43 -> 18000 | CW43: =$B$43 -> 18000 | CX43: =$B$43 -> 18000 | CY43: =$B$43 -> 18000 | CZ43: =$B$43 -> 18000 | DA43: =$B$43 -> 18000 | DB43: =$B$43 -> 18000 | DC43: =$B$43 -> 18000 | ... DG43: =$B$43 -> 18000 | DH43: =SUM(CV43:DG43) -> 216000 | DI43: =$B$43 -> 18000 | DJ43: =$B$43 -> 18000 | DK43: =$B$43 -> 18000 | DL43: =$B$43 -> 18000 | DM43: =$B$43 -> 18000 | DN43: =$B$43 -> 18000 | DO43: =$B$43 -> 18000 | DP43: =$B$43 -> 18000 | ... DT43: =$B$43 -> 18000 | DU43: =SUM(DI43:DT43) -> 216000 | DV43: =$B$43 -> 18000 | DW43: =$B$43 -> 18000 | DX43: =$B$43 -> 18000 | DY43: =$B$43 -> 18000 | DZ43: =$B$43 -> 18000 | EA43: =$B$43 -> 18000 | EB43: =$B$43 -> 18000 | EC43: =$B$43 -> 18000 | ... EG43: =$B$43 -> 18000 | EH43: =SUM(DV43:EG43) -> 216000
A44: Contábil/Gestao de Folha/DP | B44: 4500 | I44: =$B$44 -> 4500 | J44: =$B$44 -> 4500 | K44: =$B$44 -> 4500 | L44: =$B$44 -> 4500 | M44: =$B$44 -> 4500 | N44: =$B$44 -> 4500 | O44: =$B$44 -> 4500 | P44: =$B$44 -> 4500 | ... T44: =$B$44 -> 4500 | U44: =SUM(I44:T44) -> 54000 | V44: =$B$44 -> 4500 | W44: =$B$44 -> 4500 | X44: =$B$44 -> 4500 | Y44: =$B$44 -> 4500 | Z44: =$B$44 -> 4500 | AA44: =$B$44 -> 4500 | AB44: =$B$44 -> 4500 | AC44: =$B$44 -> 4500 | ... AG44: =$B$44 -> 4500 | AH44: =SUM(V44:AG44) -> 54000 | AI44: =$B$44 -> 4500 | AJ44: =$B$44 -> 4500 | AK44: =$B$44 -> 4500 | AL44: =$B$44 -> 4500 | AM44: =$B$44 -> 4500 | AN44: =$B$44 -> 4500 | AO44: =$B$44 -> 4500 | AP44: =$B$44 -> 4500 | ... AT44: =$B$44 -> 4500 | AU44: =SUM(AI44:AT44) -> 54000 | AV44: =$B$44 -> 4500 | AW44: =$B$44 -> 4500 | AX44: =$B$44 -> 4500 | AY44: =$B$44 -> 4500 | AZ44: =$B$44 -> 4500 | BA44: =$B$44 -> 4500 | BB44: =$B$44 -> 4500 | BC44: =$B$44 -> 4500 | ... BG44: =$B$44 -> 4500 | BH44: =SUM(AV44:BG44) -> 54000 | BI44: =$B$44 -> 4500 | BJ44: =$B$44 -> 4500 | BK44: =$B$44 -> 4500 | BL44: =$B$44 -> 4500 | BM44: =$B$44 -> 4500 | BN44: =$B$44 -> 4500 | BO44: =$B$44 -> 4500 | BP44: =$B$44 -> 4500 | ... BT44: =$B$44 -> 4500 | BU44: =SUM(BI44:BT44) -> 54000 | BV44: =$B$44 -> 4500 | BW44: =$B$44 -> 4500 | BX44: =$B$44 -> 4500 | BY44: =$B$44 -> 4500 | BZ44: =$B$44 -> 4500 | CA44: =$B$44 -> 4500 | CB44: =$B$44 -> 4500 | CC44: =$B$44 -> 4500 | ... CG44: =$B$44 -> 4500 | CH44: =SUM(BV44:CG44) -> 54000 | CI44: =$B$44 -> 4500 | CJ44: =$B$44 -> 4500 | CK44: =$B$44 -> 4500 | CL44: =$B$44 -> 4500 | CM44: =$B$44 -> 4500 | CN44: =$B$44 -> 4500 | CO44: =$B$44 -> 4500 | CP44: =$B$44 -> 4500 | ... CT44: =$B$44 -> 4500 | CU44: =SUM(CI44:CT44) -> 54000 | CV44: =$B$44 -> 4500 | CW44: =$B$44 -> 4500 | CX44: =$B$44 -> 4500 | CY44: =$B$44 -> 4500 | CZ44: =$B$44 -> 4500 | DA44: =$B$44 -> 4500 | DB44: =$B$44 -> 4500 | DC44: =$B$44 -> 4500 | ... DG44: =$B$44 -> 4500 | DH44: =SUM(CV44:DG44) -> 54000 | DI44: =$B$44 -> 4500 | DJ44: =$B$44 -> 4500 | DK44: =$B$44 -> 4500 | DL44: =$B$44 -> 4500 | DM44: =$B$44 -> 4500 | DN44: =$B$44 -> 4500 | DO44: =$B$44 -> 4500 | DP44: =$B$44 -> 4500 | ... DT44: =$B$44 -> 4500 | DU44: =SUM(DI44:DT44) -> 54000 | DV44: =$B$44 -> 4500 | DW44: =$B$44 -> 4500 | DX44: =$B$44 -> 4500 | DY44: =$B$44 -> 4500 | DZ44: =$B$44 -> 4500 | EA44: =$B$44 -> 4500 | EB44: =$B$44 -> 4500 | EC44: =$B$44 -> 4500 | ... EG44: =$B$44 -> 4500 | EH44: =SUM(DV44:EG44) -> 54000
A45: Dados Moveis - PDV/PDA/Parquimetro | B45: 4000 | I45: =$B$45 -> 4000 | J45: =$B$45 -> 4000 | K45: =$B$45 -> 4000 | L45: =$B$45 -> 4000 | M45: =$B$45 -> 4000 | N45: =$B$45 -> 4000 | O45: =$B$45 -> 4000 | P45: =$B$45 -> 4000 | ... T45: =$B$45 -> 4000 | U45: =SUM(I45:T45) -> 48000 | V45: =$B$45 -> 4000 | W45: =$B$45 -> 4000 | X45: =$B$45 -> 4000 | Y45: =$B$45 -> 4000 | Z45: =$B$45 -> 4000 | AA45: =$B$45 -> 4000 | AB45: =$B$45 -> 4000 | AC45: =$B$45 -> 4000 | ... AG45: =$B$45 -> 4000 | AH45: =SUM(V45:AG45) -> 48000 | AI45: =$B$45 -> 4000 | AJ45: =$B$45 -> 4000 | AK45: =$B$45 -> 4000 | AL45: =$B$45 -> 4000 | AM45: =$B$45 -> 4000 | AN45: =$B$45 -> 4000 | AO45: =$B$45 -> 4000 | AP45: =$B$45 -> 4000 | ... AT45: =$B$45 -> 4000 | AU45: =SUM(AI45:AT45) -> 48000 | AV45: =$B$45 -> 4000 | AW45: =$B$45 -> 4000 | AX45: =$B$45 -> 4000 | AY45: =$B$45 -> 4000 | AZ45: =$B$45 -> 4000 | BA45: =$B$45 -> 4000 | BB45: =$B$45 -> 4000 | BC45: =$B$45 -> 4000 | ... BG45: =$B$45 -> 4000 | BH45: =SUM(AV45:BG45) -> 48000 | BI45: =$B$45 -> 4000 | BJ45: =$B$45 -> 4000 | BK45: =$B$45 -> 4000 | BL45: =$B$45 -> 4000 | BM45: =$B$45 -> 4000 | BN45: =$B$45 -> 4000 | BO45: =$B$45 -> 4000 | BP45: =$B$45 -> 4000 | ... BT45: =$B$45 -> 4000 | BU45: =SUM(BI45:BT45) -> 48000 | BV45: =$B$45 -> 4000 | BW45: =$B$45 -> 4000 | BX45: =$B$45 -> 4000 | BY45: =$B$45 -> 4000 | BZ45: =$B$45 -> 4000 | CA45: =$B$45 -> 4000 | CB45: =$B$45 -> 4000 | CC45: =$B$45 -> 4000 | ... CG45: =$B$45 -> 4000 | CH45: =SUM(BV45:CG45) -> 48000 | CI45: =$B$45 -> 4000 | CJ45: =$B$45 -> 4000 | CK45: =$B$45 -> 4000 | CL45: =$B$45 -> 4000 | CM45: =$B$45 -> 4000 | CN45: =$B$45 -> 4000 | CO45: =$B$45 -> 4000 | CP45: =$B$45 -> 4000 | ... CT45: =$B$45 -> 4000 | CU45: =SUM(CI45:CT45) -> 48000 | CV45: =$B$45 -> 4000 | CW45: =$B$45 -> 4000 | CX45: =$B$45 -> 4000 | CY45: =$B$45 -> 4000 | CZ45: =$B$45 -> 4000 | DA45: =$B$45 -> 4000 | DB45: =$B$45 -> 4000 | DC45: =$B$45 -> 4000 | ... DG45: =$B$45 -> 4000 | DH45: =SUM(CV45:DG45) -> 48000 | DI45: =$B$45 -> 4000 | DJ45: =$B$45 -> 4000 | DK45: =$B$45 -> 4000 | DL45: =$B$45 -> 4000 | DM45: =$B$45 -> 4000 | DN45: =$B$45 -> 4000 | DO45: =$B$45 -> 4000 | DP45: =$B$45 -> 4000 | ... DT45: =$B$45 -> 4000 | DU45: =SUM(DI45:DT45) -> 48000 | DV45: =$B$45 -> 4000 | DW45: =$B$45 -> 4000 | DX45: =$B$45 -> 4000 | DY45: =$B$45 -> 4000 | DZ45: =$B$45 -> 4000 | EA45: =$B$45 -> 4000 | EB45: =$B$45 -> 4000 | EC45: =$B$45 -> 4000 | ... EG45: =$B$45 -> 4000 | EH45: =SUM(DV45:EG45) -> 48000
A46: Despesas Adm. - ( Agua, Energia, Suprimento Inf., Papelaria, etc.) | B46: 6000 | I46: =$B$46 -> 6000 | J46: =$B$46 -> 6000 | K46: =$B$46 -> 6000 | L46: =$B$46 -> 6000 | M46: =$B$46 -> 6000 | N46: =$B$46 -> 6000 | O46: =$B$46 -> 6000 | P46: =$B$46 -> 6000 | ... T46: =$B$46 -> 6000 | U46: =SUM(I46:T46) -> 72000 | V46: =$B$46 -> 6000 | W46: =$B$46 -> 6000 | X46: =$B$46 -> 6000 | Y46: =$B$46 -> 6000 | Z46: =$B$46 -> 6000 | AA46: =$B$46 -> 6000 | AB46: =$B$46 -> 6000 | AC46: =$B$46 -> 6000 | ... AG46: =$B$46 -> 6000 | AH46: =SUM(V46:AG46) -> 72000 | AI46: =$B$46 -> 6000 | AJ46: =$B$46 -> 6000 | AK46: =$B$46 -> 6000 | AL46: =$B$46 -> 6000 | AM46: =$B$46 -> 6000 | AN46: =$B$46 -> 6000 | AO46: =$B$46 -> 6000 | AP46: =$B$46 -> 6000 | ... AT46: =$B$46 -> 6000 | AU46: =SUM(AI46:AT46) -> 72000 | AV46: =$B$46 -> 6000 | AW46: =$B$46 -> 6000 | AX46: =$B$46 -> 6000 | AY46: =$B$46 -> 6000 | AZ46: =$B$46 -> 6000 | BA46: =$B$46 -> 6000 | BB46: =$B$46 -> 6000 | BC46: =$B$46 -> 6000 | ... BG46: =$B$46 -> 6000 | BH46: =SUM(AV46:BG46) -> 72000 | BI46: =$B$46 -> 6000 | BJ46: =$B$46 -> 6000 | BK46: =$B$46 -> 6000 | BL46: =$B$46 -> 6000 | BM46: =$B$46 -> 6000 | BN46: =$B$46 -> 6000 | BO46: =$B$46 -> 6000 | BP46: =$B$46 -> 6000 | ... BT46: =$B$46 -> 6000 | BU46: =SUM(BI46:BT46) -> 72000 | BV46: =$B$46 -> 6000 | BW46: =$B$46 -> 6000 | BX46: =$B$46 -> 6000 | BY46: =$B$46 -> 6000 | BZ46: =$B$46 -> 6000 | CA46: =$B$46 -> 6000 | CB46: =$B$46 -> 6000 | CC46: =$B$46 -> 6000 | ... CG46: =$B$46 -> 6000 | CH46: =SUM(BV46:CG46) -> 72000 | CI46: =$B$46 -> 6000 | CJ46: =$B$46 -> 6000 | CK46: =$B$46 -> 6000 | CL46: =$B$46 -> 6000 | CM46: =$B$46 -> 6000 | CN46: =$B$46 -> 6000 | CO46: =$B$46 -> 6000 | CP46: =$B$46 -> 6000 | ... CT46: =$B$46 -> 6000 | CU46: =SUM(CI46:CT46) -> 72000 | CV46: =$B$46 -> 6000 | CW46: =$B$46 -> 6000 | CX46: =$B$46 -> 6000 | CY46: =$B$46 -> 6000 | CZ46: =$B$46 -> 6000 | DA46: =$B$46 -> 6000 | DB46: =$B$46 -> 6000 | DC46: =$B$46 -> 6000 | ... DG46: =$B$46 -> 6000 | DH46: =SUM(CV46:DG46) -> 72000 | DI46: =$B$46 -> 6000 | DJ46: =$B$46 -> 6000 | DK46: =$B$46 -> 6000 | DL46: =$B$46 -> 6000 | DM46: =$B$46 -> 6000 | DN46: =$B$46 -> 6000 | DO46: =$B$46 -> 6000 | DP46: =$B$46 -> 6000 | ... DT46: =$B$46 -> 6000 | DU46: =SUM(DI46:DT46) -> 72000 | DV46: =$B$46 -> 6000 | DW46: =$B$46 -> 6000 | DX46: =$B$46 -> 6000 | DY46: =$B$46 -> 6000 | DZ46: =$B$46 -> 6000 | EA46: =$B$46 -> 6000 | EB46: =$B$46 -> 6000 | EC46: =$B$46 -> 6000 | ... EG46: =$B$46 -> 6000 | EH46: =SUM(DV46:EG46) -> 72000
A47: Manutenção Equipamentos: PDV, PDA, PARQUIMETRO, COMPUTADORES, CARRO OCR | B47: 10000 | I47: =$B$47 -> 10000 | J47: =$B$47 -> 10000 | K47: =$B$47 -> 10000 | L47: =$B$47 -> 10000 | M47: =$B$47 -> 10000 | N47: =$B$47 -> 10000 | O47: =$B$47 -> 10000 | P47: =$B$47 -> 10000 | ... T47: =$B$47 -> 10000 | U47: =SUM(I47:T47) -> 120000 | V47: =$B$47 -> 10000 | W47: =$B$47 -> 10000 | X47: =$B$47 -> 10000 | Y47: =$B$47 -> 10000 | Z47: =$B$47 -> 10000 | AA47: =$B$47 -> 10000 | AB47: =$B$47 -> 10000 | AC47: =$B$47 -> 10000 | ... AG47: =$B$47 -> 10000 | AH47: =SUM(V47:AG47) -> 120000 | AI47: =$B$47 -> 10000 | AJ47: =$B$47 -> 10000 | AK47: =$B$47 -> 10000 | AL47: =$B$47 -> 10000 | AM47: =$B$47 -> 10000 | AN47: =$B$47 -> 10000 | AO47: =$B$47 -> 10000 | AP47: =$B$47 -> 10000 | ... AT47: =$B$47 -> 10000 | AU47: =SUM(AI47:AT47) -> 120000 | AV47: =$B$47 -> 10000 | AW47: =$B$47 -> 10000 | AX47: =$B$47 -> 10000 | AY47: =$B$47 -> 10000 | AZ47: =$B$47 -> 10000 | BA47: =$B$47 -> 10000 | BB47: =$B$47 -> 10000 | BC47: =$B$47 -> 10000 | ... BG47: =$B$47 -> 10000 | BH47: =SUM(AV47:BG47) -> 120000 | BI47: =$B$47 -> 10000 | BJ47: =$B$47 -> 10000 | BK47: =$B$47 -> 10000 | BL47: =$B$47 -> 10000 | BM47: =$B$47 -> 10000 | BN47: =$B$47 -> 10000 | BO47: =$B$47 -> 10000 | BP47: =$B$47 -> 10000 | ... BT47: =$B$47 -> 10000 | BU47: =SUM(BI47:BT47) -> 120000 | BV47: =$B$47 -> 10000 | BW47: =$B$47 -> 10000 | BX47: =$B$47 -> 10000 | BY47: =$B$47 -> 10000 | BZ47: =$B$47 -> 10000 | CA47: =$B$47 -> 10000 | CB47: =$B$47 -> 10000 | CC47: =$B$47 -> 10000 | ... CG47: =$B$47 -> 10000 | CH47: =SUM(BV47:CG47) -> 120000 | CI47: =$B$47 -> 10000 | CJ47: =$B$47 -> 10000 | CK47: =$B$47 -> 10000 | CL47: =$B$47 -> 10000 | CM47: =$B$47 -> 10000 | CN47: =$B$47 -> 10000 | CO47: =$B$47 -> 10000 | CP47: =$B$47 -> 10000 | ... CT47: =$B$47 -> 10000 | CU47: =SUM(CI47:CT47) -> 120000 | CV47: =$B$47 -> 10000 | CW47: =$B$47 -> 10000 | CX47: =$B$47 -> 10000 | CY47: =$B$47 -> 10000 | CZ47: =$B$47 -> 10000 | DA47: =$B$47 -> 10000 | DB47: =$B$47 -> 10000 | DC47: =$B$47 -> 10000 | ... DG47: =$B$47 -> 10000 | DH47: =SUM(CV47:DG47) -> 120000 | DI47: =$B$47 -> 10000 | DJ47: =$B$47 -> 10000 | DK47: =$B$47 -> 10000 | DL47: =$B$47 -> 10000 | DM47: =$B$47 -> 10000 | DN47: =$B$47 -> 10000 | DO47: =$B$47 -> 10000 | DP47: =$B$47 -> 10000 | ... DT47: =$B$47 -> 10000 | DU47: =SUM(DI47:DT47) -> 120000 | DV47: =$B$47 -> 10000 | DW47: =$B$47 -> 10000 | DX47: =$B$47 -> 10000 | DY47: =$B$47 -> 10000 | DZ47: =$B$47 -> 10000 | EA47: =$B$47 -> 10000 | EB47: =$B$47 -> 10000 | EC47: =$B$47 -> 10000 | ... EG47: =$B$47 -> 10000 | EH47: =SUM(DV47:EG47) -> 120000
A48: Despesas Combustíveis e Lubrificantes | B48: 3000 | I48: =$B$48 -> 3000 | J48: =$B$48 -> 3000 | K48: =$B$48 -> 3000 | L48: =$B$48 -> 3000 | M48: =$B$48 -> 3000 | N48: =$B$48 -> 3000 | O48: =$B$48 -> 3000 | P48: =$B$48 -> 3000 | ... T48: =$B$48 -> 3000 | U48: =SUM(I48:T48) -> 36000 | V48: =$B$48 -> 3000 | W48: =$B$48 -> 3000 | X48: =$B$48 -> 3000 | Y48: =$B$48 -> 3000 | Z48: =$B$48 -> 3000 | AA48: =$B$48 -> 3000 | AB48: =$B$48 -> 3000 | AC48: =$B$48 -> 3000 | ... AG48: =$B$48 -> 3000 | AH48: =SUM(V48:AG48) -> 36000 | AI48: =$B$48 -> 3000 | AJ48: =$B$48 -> 3000 | AK48: =$B$48 -> 3000 | AL48: =$B$48 -> 3000 | AM48: =$B$48 -> 3000 | AN48: =$B$48 -> 3000 | AO48: =$B$48 -> 3000 | AP48: =$B$48 -> 3000 | ... AT48: =$B$48 -> 3000 | AU48: =SUM(AI48:AT48) -> 36000 | AV48: =$B$48 -> 3000 | AW48: =$B$48 -> 3000 | AX48: =$B$48 -> 3000 | AY48: =$B$48 -> 3000 | AZ48: =$B$48 -> 3000 | BA48: =$B$48 -> 3000 | BB48: =$B$48 -> 3000 | BC48: =$B$48 -> 3000 | ... BG48: =$B$48 -> 3000 | BH48: =SUM(AV48:BG48) -> 36000 | BI48: =$B$48 -> 3000 | BJ48: =$B$48 -> 3000 | BK48: =$B$48 -> 3000 | BL48: =$B$48 -> 3000 | BM48: =$B$48 -> 3000 | BN48: =$B$48 -> 3000 | BO48: =$B$48 -> 3000 | BP48: =$B$48 -> 3000 | ... BT48: =$B$48 -> 3000 | BU48: =SUM(BI48:BT48) -> 36000 | BV48: =$B$48 -> 3000 | BW48: =$B$48 -> 3000 | BX48: =$B$48 -> 3000 | BY48: =$B$48 -> 3000 | BZ48: =$B$48 -> 3000 | CA48: =$B$48 -> 3000 | CB48: =$B$48 -> 3000 | CC48: =$B$48 -> 3000 | ... CG48: =$B$48 -> 3000 | CH48: =SUM(BV48:CG48) -> 36000 | CI48: =$B$48 -> 3000 | CJ48: =$B$48 -> 3000 | CK48: =$B$48 -> 3000 | CL48: =$B$48 -> 3000 | CM48: =$B$48 -> 3000 | CN48: =$B$48 -> 3000 | CO48: =$B$48 -> 3000 | CP48: =$B$48 -> 3000 | ... CT48: =$B$48 -> 3000 | CU48: =SUM(CI48:CT48) -> 36000 | CV48: =$B$48 -> 3000 | CW48: =$B$48 -> 3000 | CX48: =$B$48 -> 3000 | CY48: =$B$48 -> 3000 | CZ48: =$B$48 -> 3000 | DA48: =$B$48 -> 3000 | DB48: =$B$48 -> 3000 | DC48: =$B$48 -> 3000 | ... DG48: =$B$48 -> 3000 | DH48: =SUM(CV48:DG48) -> 36000 | DI48: =$B$48 -> 3000 | DJ48: =$B$48 -> 3000 | DK48: =$B$48 -> 3000 | DL48: =$B$48 -> 3000 | DM48: =$B$48 -> 3000 | DN48: =$B$48 -> 3000 | DO48: =$B$48 -> 3000 | DP48: =$B$48 -> 3000 | ... DT48: =$B$48 -> 3000 | DU48: =SUM(DI48:DT48) -> 36000 | DV48: =$B$48 -> 3000 | DW48: =$B$48 -> 3000 | DX48: =$B$48 -> 3000 | DY48: =$B$48 -> 3000 | DZ48: =$B$48 -> 3000 | EA48: =$B$48 -> 3000 | EB48: =$B$48 -> 3000 | EC48: =$B$48 -> 3000 | ... EG48: =$B$48 -> 3000 | EH48: =SUM(DV48:EG48) -> 36000
A49: Custos Total Outorga + Repasse | H49: =SUM(H50:H51) -> 0 | I49: =SUM(I50:I51) -> 11643.1 | J49: =SUM(J50:J51) -> 11643.1 | K49: =SUM(K50:K51) -> 11643.1 | L49: =SUM(L50:L51) -> 11643.1 | M49: =SUM(M50:M51) -> 11643.1 | N49: =SUM(N50:N51) -> 11643.1 | O49: =SUM(O50:O51) -> 11643.1 | ... EH49: =SUM(EH50:EH51) -> 139717.2
U50: =SUM(H50:T50) -> 0 | AH50: =SUM(V50:AG50) -> 0 | AU50: =SUM(AI50:AT50) -> 0 | BH50: =SUM(AV50:BG50) -> 0 | BU50: =SUM(BI50:BT50) -> 0 | CH50: =SUM(BV50:CG50) -> 0 | CU50: =SUM(CI50:CT50) -> 0 | DH50: =SUM(CV50:DG50) -> 0 | DU50: =SUM(DI50:DT50) -> 0 | EH50: =SUM(DV50:EG50) -> 0
A51: Repasse Fixo Prefeitura | B51: 0.05 | I51: =$B$51*I4 -> 11643.1 | J51: =$B$51*J4 -> 11643.1 | K51: =$B$51*K4 -> 11643.1 | L51: =$B$51*L4 -> 11643.1 | M51: =$B$51*M4 -> 11643.1 | N51: =$B$51*N4 -> 11643.1 | O51: =$B$51*O4 -> 11643.1 | P51: =$B$51*P4 -> 11643.1 | ... T51: =$B$51*T4 -> 11643.1 | U51: =SUM(H51:T51) -> 139717.2 | V51: =$B$51*V4 -> 11643.1 | W51: =$B$51*V4 -> 11643.1 | X51: =$B$51*W4 -> 11643.1 | Y51: =$B$51*X4 -> 11643.1 | Z51: =$B$51*Y4 -> 11643.1 | AA51: =$B$51*Z4 -> 11643.1 | AB51: =$B$51*AA4 -> 11643.1 | AC51: =$B$51*AB4 -> 11643.1 | AD51: =$B$51*AC4 -> 11643.1 | ... AG51: =$B$51*AF4 -> 11643.1 | AH51: =SUM(V51:AG51) -> 139717.2 | AI51: =$B$51*AG4 -> 11643.1 | AJ51: =$B$51*AI4 -> 11643.1 | AK51: =$B$51*AJ4 -> 11643.1 | AL51: =$B$51*AK4 -> 11643.1 | AM51: =$B$51*AL4 -> 11643.1 | AN51: =$B$51*AM4 -> 11643.1 | AO51: =$B$51*AN4 -> 11643.1 | AP51: =$B$51*AO4 -> 11643.1 | AQ51: =$B$51*AP4 -> 11643.1 | ... AT51: =$B$51*AS4 -> 11643.1 | AU51: =SUM(AI51:AT51) -> 139717.2 | AV51: =$B$51*AT4 -> 11643.1 | AW51: =$B$51*AV4 -> 11643.1 | AX51: =$B$51*AW4 -> 11643.1 | AY51: =$B$51*AX4 -> 11643.1 | AZ51: =$B$51*AY4 -> 11643.1 | BA51: =$B$51*AZ4 -> 11643.1 | BB51: =$B$51*BA4 -> 11643.1 | BC51: =$B$51*BB4 -> 11643.1 | BD51: =$B$51*BC4 -> 11643.1 | ... BG51: =$B$51*BF4 -> 11643.1 | BH51: =SUM(AV51:BG51) -> 139717.2 | BI51: =$B$51*BG4 -> 11643.1 | BJ51: =$B$51*BI4 -> 11643.1 | BK51: =$B$51*BJ4 -> 11643.1 | BL51: =$B$51*BK4 -> 11643.1 | BM51: =$B$51*BL4 -> 11643.1 | BN51: =$B$51*BM4 -> 11643.1 | BO51: =$B$51*BN4 -> 11643.1 | BP51: =$B$51*BO4 -> 11643.1 | BQ51: =$B$51*BP4 -> 11643.1 | ... BT51: =$B$51*BS4 -> 11643.1 | BU51: =SUM(BI51:BT51) -> 139717.2 | BV51: =$B$51*BT4 -> 11643.1 | BW51: =$B$51*BV4 -> 11643.1 | BX51: =$B$51*BW4 -> 11643.1 | BY51: =$B$51*BX4 -> 11643.1 | BZ51: =$B$51*BY4 -> 11643.1 | CA51: =$B$51*BZ4 -> 11643.1 | CB51: =$B$51*CA4 -> 11643.1 | CC51: =$B$51*CB4 -> 11643.1 | CD51: =$B$51*CC4 -> 11643.1 | ... CG51: =$B$51*CF4 -> 11643.1 | CH51: =SUM(BV51:CG51) -> 139717.2 | CI51: =$B$51*CG4 -> 11643.1 | CJ51: =$B$51*CI4 -> 11643.1 | CK51: =$B$51*CJ4 -> 11643.1 | CL51: =$B$51*CK4 -> 11643.1 | CM51: =$B$51*CL4 -> 11643.1 | CN51: =$B$51*CM4 -> 11643.1 | CO51: =$B$51*CN4 -> 11643.1 | CP51: =$B$51*CO4 -> 11643.1 | CQ51: =$B$51*CP4 -> 11643.1 | ... CT51: =$B$51*CS4 -> 11643.1 | CU51: =SUM(CI51:CT51) -> 139717.2 | CV51: =$B$51*CT4 -> 11643.1 | CW51: =$B$51*CV4 -> 11643.1 | CX51: =$B$51*CW4 -> 11643.1 | CY51: =$B$51*CX4 -> 11643.1 | CZ51: =$B$51*CY4 -> 11643.1 | DA51: =$B$51*CZ4 -> 11643.1 | DB51: =$B$51*DA4 -> 11643.1 | DC51: =$B$51*DB4 -> 11643.1 | DD51: =$B$51*DC4 -> 11643.1 | ... DG51: =$B$51*DF4 -> 11643.1 | DH51: =SUM(CV51:DG51) -> 139717.2 | DI51: =$B$51*DG4 -> 11643.1 | DJ51: =$B$51*DI4 -> 11643.1 | DK51: =$B$51*DJ4 -> 11643.1 | DL51: =$B$51*DK4 -> 11643.1 | DM51: =$B$51*DL4 -> 11643.1 | DN51: =$B$51*DM4 -> 11643.1 | DO51: =$B$51*DN4 -> 11643.1 | DP51: =$B$51*DO4 -> 11643.1 | DQ51: =$B$51*DP4 -> 11643.1 | ... DT51: =$B$51*DS4 -> 11643.1 | DU51: =SUM(DI51:DT51) -> 139717.2 | DV51: =$B$51*DT4 -> 11643.1 | DW51: =$B$51*DV4 -> 11643.1 | DX51: =$B$51*DW4 -> 11643.1 | DY51: =$B$51*DX4 -> 11643.1 | DZ51: =$B$51*DY4 -> 11643.1 | EA51: =$B$51*DZ4 -> 11643.1 | EB51: =$B$51*EA4 -> 11643.1 | EC51: =$B$51*EB4 -> 11643.1 | ED51: =$B$51*EC4 -> 11643.1 | ... EG51: =$B$51*EF4 -> 11643.1 | EH51: =SUM(DV51:EG51) -> 139717.2
A52: Despesas Comercialização | B52: Tx. Comercial | H52: =SUM(H53:H53) -> 0 | I52: =SUM(I53:I53) -> 11643.1 | J52: =SUM(J53:J53) -> 11643.1 | K52: =SUM(K53:K53) -> 11643.1 | L52: =SUM(L53:L53) -> 11643.1 | M52: =SUM(M53:M53) -> 11643.1 | N52: =SUM(N53:N53) -> 11643.1 | O52: =SUM(O53:O53) -> 11643.1 | ... EH52: =SUM(EH53:EH53) -> 139717.2
A53: Comissão PDV / APP / PIX / Cartões Bancários | B53: 0.05 | C53: 1 | I53: =$C$53*$B$53*I4 -> 11643.1 | J53: =$C$53*$B$53*J4 -> 11643.1 | K53: =$C$53*$B$53*K4 -> 11643.1 | L53: =$C$53*$B$53*L4 -> 11643.1 | M53: =$C$53*$B$53*M4 -> 11643.1 | N53: =$C$53*$B$53*N4 -> 11643.1 | O53: =$C$53*$B$53*O4 -> 11643.1 | P53: =$C$53*$B$53*P4 -> 11643.1 | ... T53: =$C$53*$B$53*T4 -> 11643.1 | U53: =SUM(I53:T53) -> 139717.2 | V53: =$C$53*$B$53*V4 -> 11643.1 | W53: =$C$53*$B$53*W4 -> 11643.1 | X53: =$C$53*$B$53*X4 -> 11643.1 | Y53: =$C$53*$B$53*Y4 -> 11643.1 | Z53: =$C$53*$B$53*Z4 -> 11643.1 | AA53: =$C$53*$B$53*AA4 -> 11643.1 | AB53: =$C$53*$B$53*AB4 -> 11643.1 | AC53: =$C$53*$B$53*AC4 -> 11643.1 | ... AG53: =$C$53*$B$53*AG4 -> 11643.1 | AH53: =SUM(V53:AG53) -> 139717.2 | AI53: =$C$53*$B$53*AI4 -> 11643.1 | AJ53: =$C$53*$B$53*AJ4 -> 11643.1 | AK53: =$C$53*$B$53*AK4 -> 11643.1 | AL53: =$C$53*$B$53*AL4 -> 11643.1 | AM53: =$C$53*$B$53*AM4 -> 11643.1 | AN53: =$C$53*$B$53*AN4 -> 11643.1 | AO53: =$C$53*$B$53*AO4 -> 11643.1 | AP53: =$C$53*$B$53*AP4 -> 11643.1 | ... AT53: =$C$53*$B$53*AT4 -> 11643.1 | AU53: =SUM(AI53:AT53) -> 139717.2 | AV53: =$C$53*$B$53*AV4 -> 11643.1 | AW53: =$C$53*$B$53*AW4 -> 11643.1 | AX53: =$C$53*$B$53*AX4 -> 11643.1 | AY53: =$C$53*$B$53*AY4 -> 11643.1 | AZ53: =$C$53*$B$53*AZ4 -> 11643.1 | BA53: =$C$53*$B$53*BA4 -> 11643.1 | BB53: =$C$53*$B$53*BB4 -> 11643.1 | BC53: =$C$53*$B$53*BC4 -> 11643.1 | ... BG53: =$C$53*$B$53*BG4 -> 11643.1 | BH53: =SUM(AV53:BG53) -> 139717.2 | BI53: =$C$53*$B$53*BI4 -> 11643.1 | BJ53: =$C$53*$B$53*BJ4 -> 11643.1 | BK53: =$C$53*$B$53*BK4 -> 11643.1 | BL53: =$C$53*$B$53*BL4 -> 11643.1 | BM53: =$C$53*$B$53*BM4 -> 11643.1 | BN53: =$C$53*$B$53*BN4 -> 11643.1 | BO53: =$C$53*$B$53*BO4 -> 11643.1 | BP53: =$C$53*$B$53*BP4 -> 11643.1 | ... BT53: =$C$53*$B$53*BT4 -> 11643.1 | BU53: =SUM(BI53:BT53) -> 139717.2 | BV53: =$C$53*$B$53*BV4 -> 11643.1 | BW53: =$C$53*$B$53*BW4 -> 11643.1 | BX53: =$C$53*$B$53*BX4 -> 11643.1 | BY53: =$C$53*$B$53*BY4 -> 11643.1 | BZ53: =$C$53*$B$53*BZ4 -> 11643.1 | CA53: =$C$53*$B$53*CA4 -> 11643.1 | CB53: =$C$53*$B$53*CB4 -> 11643.1 | CC53: =$C$53*$B$53*CC4 -> 11643.1 | ... CG53: =$C$53*$B$53*CG4 -> 11643.1 | CH53: =SUM(BV53:CG53) -> 139717.2 | CI53: =$C$53*$B$53*CI4 -> 11643.1 | CJ53: =$C$53*$B$53*CJ4 -> 11643.1 | CK53: =$C$53*$B$53*CK4 -> 11643.1 | CL53: =$C$53*$B$53*CL4 -> 11643.1 | CM53: =$C$53*$B$53*CM4 -> 11643.1 | CN53: =$C$53*$B$53*CN4 -> 11643.1 | CO53: =$C$53*$B$53*CO4 -> 11643.1 | CP53: =$C$53*$B$53*CP4 -> 11643.1 | ... CT53: =$C$53*$B$53*CT4 -> 11643.1 | CU53: =SUM(CI53:CT53) -> 139717.2 | CV53: =$C$53*$B$53*CV4 -> 11643.1 | CW53: =$C$53*$B$53*CW4 -> 11643.1 | CX53: =$C$53*$B$53*CX4 -> 11643.1 | CY53: =$C$53*$B$53*CY4 -> 11643.1 | CZ53: =$C$53*$B$53*CZ4 -> 11643.1 | DA53: =$C$53*$B$53*DA4 -> 11643.1 | DB53: =$C$53*$B$53*DB4 -> 11643.1 | DC53: =$C$53*$B$53*DC4 -> 11643.1 | ... DG53: =$C$53*$B$53*DG4 -> 11643.1 | DH53: =SUM(CV53:DG53) -> 139717.2 | DI53: =$C$53*$B$53*DI4 -> 11643.1 | DJ53: =$C$53*$B$53*DJ4 -> 11643.1 | DK53: =$C$53*$B$53*DK4 -> 11643.1 | DL53: =$C$53*$B$53*DL4 -> 11643.1 | DM53: =$C$53*$B$53*DM4 -> 11643.1 | DN53: =$C$53*$B$53*DN4 -> 11643.1 | DO53: =$C$53*$B$53*DO4 -> 11643.1 | DP53: =$C$53*$B$53*DP4 -> 11643.1 | ... DT53: =$C$53*$B$53*DT4 -> 11643.1 | DU53: =SUM(DI53:DT53) -> 139717.2 | DV53: =$C$53*$B$53*DV4 -> 11643.1 | DW53: =$C$53*$B$53*DW4 -> 11643.1 | DX53: =$C$53*$B$53*DX4 -> 11643.1 | DY53: =$C$53*$B$53*DY4 -> 11643.1 | DZ53: =$C$53*$B$53*DZ4 -> 11643.1 | EA53: =$C$53*$B$53*EA4 -> 11643.1 | EB53: =$C$53*$B$53*EB4 -> 11643.1 | EC53: =$C$53*$B$53*EC4 -> 11643.1 | ... EG53: =$C$53*$B$53*EG4 -> 11643.1 | EH53: =SUM(DV53:EG53) -> 139717.2
H54: =SUM(H55:H55) -> 0 | I54: =SUM(I55:I55) -> 0 | J54: =SUM(J55:J55) -> 0 | K54: =SUM(K55:K55) -> 0 | L54: =SUM(L55:L55) -> 0 | M54: =SUM(M55:M55) -> 0 | N54: =SUM(N55:N55) -> 0 | O54: =SUM(O55:O55) -> 0 | ... T54: =SUM(T55:T55) -> 0 | U54: =SUM(I54:T54) -> 0 | V54: =SUM(V55:V55) -> 0 | W54: =SUM(W55:W55) -> 0 | X54: =SUM(X55:X55) -> 0 | Y54: =SUM(Y55:Y55) -> 0 | Z54: =SUM(Z55:Z55) -> 0 | AA54: =SUM(AA55:AA55) -> 0 | AB54: =SUM(AB55:AB55) -> 0 | AC54: =SUM(AC55:AC55) -> 0 | ... AG54: =SUM(AG55:AG55) -> 0 | AH54: =SUM(V54:AG54) -> 0 | AI54: =SUM(AI55:AI55) -> 0 | AJ54: =SUM(AJ55:AJ55) -> 0 | AK54: =SUM(AK55:AK55) -> 0 | AL54: =SUM(AL55:AL55) -> 0 | AM54: =SUM(AM55:AM55) -> 0 | AN54: =SUM(AN55:AN55) -> 0 | AO54: =SUM(AO55:AO55) -> 0 | AP54: =SUM(AP55:AP55) -> 0 | ... AT54: =SUM(AT55:AT55) -> 0 | AU54: =SUM(AI54:AT54) -> 0 | AV54: =SUM(AV55:AV55) -> 0 | AW54: =SUM(AW55:AW55) -> 0 | AX54: =SUM(AX55:AX55) -> 0 | AY54: =SUM(AY55:AY55) -> 0 | AZ54: =SUM(AZ55:AZ55) -> 0 | BA54: =SUM(BA55:BA55) -> 0 | BB54: =SUM(BB55:BB55) -> 0 | BC54: =SUM(BC55:BC55) -> 0 | ... BG54: =SUM(BG55:BG55) -> 0 | BH54: =SUM(AV54:BG54) -> 0 | BI54: =SUM(BI55:BI55) -> 0 | BJ54: =SUM(BJ55:BJ55) -> 0 | BK54: =SUM(BK55:BK55) -> 0 | BL54: =SUM(BL55:BL55) -> 0 | BM54: =SUM(BM55:BM55) -> 0 | BN54: =SUM(BN55:BN55) -> 0 | BO54: =SUM(BO55:BO55) -> 0 | BP54: =SUM(BP55:BP55) -> 0 | ... BT54: =SUM(BT55:BT55) -> 0 | BU54: =SUM(BI54:BT54) -> 0 | BV54: =BT54 -> 0 | BW54: =BV54 -> 0 | BX54: =BW54 -> 0 | BY54: =BX54 -> 0 | BZ54: =BY54 -> 0 | CA54: =BZ54 -> 0 | CB54: =CA54 -> 0 | CC54: =CB54 -> 0 | CD54: =CC54 -> 0 | ... CG54: =CF54 -> 0 | CH54: =SUM(BV54:CG54) -> 0 | CI54: =CG54 -> 0 | CJ54: =CI54 -> 0 | CK54: =CJ54 -> 0 | CL54: =CK54 -> 0 | CM54: =CL54 -> 0 | CN54: =CM54 -> 0 | CO54: =CN54 -> 0 | CP54: =CO54 -> 0 | CQ54: =CP54 -> 0 | ... CT54: =CS54 -> 0 | CU54: =SUM(CI54:CT54) -> 0 | CV54: =CT54 -> 0 | CW54: =CV54 -> 0 | CX54: =CW54 -> 0 | CY54: =CX54 -> 0 | CZ54: =CY54 -> 0 | DA54: =CZ54 -> 0 | DB54: =DA54 -> 0 | DC54: =DB54 -> 0 | DD54: =DC54 -> 0 | ... DG54: =DF54 -> 0 | DH54: =SUM(CV54:DG54) -> 0 | DI54: =DG54 -> 0 | DJ54: =DI54 -> 0 | DK54: =DJ54 -> 0 | DL54: =DK54 -> 0 | DM54: =DL54 -> 0 | DN54: =DM54 -> 0 | DO54: =DN54 -> 0 | DP54: =DO54 -> 0 | DQ54: =DP54 -> 0 | ... DT54: =DS54 -> 0 | DU54: =SUM(DI54:DT54) -> 0 | DV54: =DT54 -> 0 | DW54: =DV54 -> 0 | DX54: =DW54 -> 0 | DY54: =DX54 -> 0 | DZ54: =DY54 -> 0 | EA54: =DZ54 -> 0 | EB54: =EA54 -> 0 | EC54: =EB54 -> 0 | ED54: =EC54 -> 0 | ... EG54: =EF54 -> 0 | EH54: =SUM(DV54:EG54) -> 0
A56: Investimentos (CAPEX) | H56: =SUM(H57,H64,H72,H78,H80,H83,H91) -> 1468881 | I56: =SUM(I57,I64,I72,I78,I80,I83,I91) -> 0 | J56: =SUM(J57,J64,J72,J78,J80,J83,J91) -> 0 | K56: =SUM(K57,K64,K72,K78,K80,K83,K91) -> 0 | L56: =SUM(L57,L64,L72,L78,L80,L83,L91) -> 0 | M56: =SUM(M57,M64,M72,M78,M80,M83,M91) -> 0 | N56: =SUM(N57,N64,N72,N78,N80,N83,N91) -> 0 | O56: =SUM(O57,O64,O72,O78,O80,O83,O91) -> 0 | ... EH56: =SUM(EH57,EH64,EH72,EH78,EH80,EH83,EH91) -> 168700
A57: Equipamentos da Operação | B57: Unidades | C57: Valor Unit. | D57: Valor Total. | H57: =SUM(H58:H63) -> 586381 | I57: =SUM(I58:I63) -> 0 | J57: =SUM(J58:J63) -> 0 | K57: =SUM(K58:K63) -> 0 | L57: =SUM(L58:L63) -> 0 | M57: =SUM(M58:M63) -> 0 | N57: =SUM(N58:N63) -> 0 | O57: =SUM(O58:O63) -> 0 | ... EH57: =SUM(EH58:EH63) -> 0
A58: Terminal POS - Ponto de Venda Comercio | B58: 17 | C58: 1133 | D58: =B58*C58 -> 19261 | H58: =D58 -> 19261 | U58: =SUM(H58:T58) -> 19261 | AH58: =SUM(V58:AG58) -> 0 | AU58: =SUM(AI58:AT58) -> 0 | BH58: =SUM(AV58:BG58) -> 0 | BI58: =$D$58/2/12 -> 802.54167 | BJ58: =$D$58/2/12 -> 802.54167 | BK58: =$D$58/2/12 -> 802.54167 | BL58: =$D$58/2/12 -> 802.54167 | BM58: =$D$58/2/12 -> 802.54167 | BN58: =$D$58/2/12 -> 802.54167 | BO58: =$D$58/2/12 -> 802.54167 | BP58: =$D$58/2/12 -> 802.54167 | ... BT58: =$D$58/2/12 -> 802.54167 | BU58: =SUM(BI58:BT58) -> 9630.5 | CH58: =SUM(BV58:CG58) -> 0 | CU58: =SUM(CI58:CT58) -> 0 | DH58: =SUM(CV58:DG58) -> 0 | DU58: =SUM(DI58:DT58) -> 0 | EH58: =SUM(DV58:EG58) -> 0
A59: Terminal POS - Fiscalização | B59: =1208/120 -> 10.066667 | C59: 1800 | D59: =B59*C59 -> 18120 | H59: =D59 -> 18120 | U59: =SUM(H59:T59) -> 18120 | AH59: =SUM(V59:AG59) -> 0 | AU59: =SUM(AI59:AT59) -> 0 | BH59: =SUM(AV59:BG59) -> 0 | BI59: =$D$59/2/12 -> 755 | BJ59: =$D$59/2/12 -> 755 | BK59: =$D$59/2/12 -> 755 | BL59: =$D$59/2/12 -> 755 | BM59: =$D$59/2/12 -> 755 | BN59: =$D$59/2/12 -> 755 | BO59: =$D$59/2/12 -> 755 | BP59: =$D$59/2/12 -> 755 | ... BT59: =$D$59/2/12 -> 755 | BU59: =SUM(BI59:BT59) -> 9060 | CH59: =SUM(BV59:CG59) -> 0 | CU59: =SUM(CI59:CT59) -> 0 | DH59: =SUM(CV59:DG59) -> 0 | DU59: =SUM(DI59:DT59) -> 0 | EH59: =SUM(DV59:EG59) -> 0
A60: Suprimentos POS | B60: 1 | C60: 5000 | D60: =B60*C60 -> 5000 | H60: =D60 -> 5000 | U60: =SUM(H60:T60) -> 5000 | AH60: =SUM(V60:AG60) -> 0 | AU60: =SUM(AI60:AT60) -> 0 | BH60: =SUM(AV60:BG60) -> 0 | BU60: =SUM(BI60:BT60) -> 0 | CH60: =SUM(BV60:CG60) -> 0 | CU60: =SUM(CI60:CT60) -> 0 | DH60: =SUM(CV60:DG60) -> 0 | DU60: =SUM(DI60:DT60) -> 0 | EH60: =SUM(DV60:EG60) -> 0
A61: Totem | B61: 2 | C61: 33500 | D61: =B61*C61 -> 67000 | H61: =D61 -> 67000 | U61: =SUM(H61:T61) -> 67000 | AH61: =SUM(V61:AG61) -> 0 | AU61: =SUM(AI61:AT61) -> 0 | BH61: =SUM(AV61:BG61) -> 0 | BU61: =SUM(BI61:BT61) -> 0 | CH61: =SUM(BV61:CG61) -> 0 | CU61: =SUM(CI61:CT61) -> 0 | DH61: =SUM(CV61:DG61) -> 0 | DU61: =SUM(DI61:DT61) -> 0 | EH61: =SUM(DV61:EG61) -> 0
A62: Parquímetro inteligente Tela Toutch | B62: 10 | C62: 35300 | D62: =B62*C62 -> 353000 | H62: =D62 -> 353000 | U62: =SUM(H62:T62) -> 353000 | AH62: =SUM(V62:AG62) -> 0 | AU62: =SUM(AI62:AT62) -> 0 | BH62: =SUM(AV62:BG62) -> 0 | BU62: =SUM(BI62:BT62) -> 0 | CH62: =SUM(BV62:CG62) -> 0 | CU62: =SUM(CI62:CT62) -> 0 | DH62: =SUM(CV62:DG62) -> 0 | DU62: =SUM(DI62:DT62) -> 0 | EH62: =SUM(DV62:EG62) -> 0
A63: Sistema Fiscalização embarcado OCR | B63: 1 | C63: 124000 | D63: =B63*C63 -> 124000 | H63: =D63 -> 124000 | U63: =SUM(H63:T63) -> 124000 | AH63: =SUM(V63:AG63) -> 0 | AU63: =SUM(AI63:AT63) -> 0 | BH63: =SUM(AV63:BG63) -> 0 | BU63: =SUM(BI63:BT63) -> 0 | CH63: =SUM(BV63:CG63) -> 0 | CU63: =SUM(CI63:CT63) -> 0 | DH63: =SUM(CV63:DG63) -> 0 | DU63: =SUM(DI63:DT63) -> 0 | EH63: =SUM(DV63:EG63) -> 0
A64: Equipamento de Informática | H64: =SUM(H65:H71) -> 71500 | I64: =SUM(I65:I71) -> 0 | J64: =SUM(J65:J71) -> 0 | K64: =SUM(K65:K71) -> 0 | L64: =SUM(L65:L71) -> 0 | M64: =SUM(M65:M71) -> 0 | N64: =SUM(N65:N71) -> 0 | O64: =SUM(O65:O71) -> 0 | ... EH64: =SUM(EH65:EH71) -> 0
A65: Computadores | B65: 5 | C65: 6000 | D65: =B65*C65 -> 30000 | H65: =D65 -> 30000 | U65: =SUM(H65:T65) -> 30000 | AH65: =SUM(V65:AG65) -> 0 | AU65: =SUM(AI65:AT65) -> 0 | BH65: =SUM(AV65:BG65) -> 0 | BI65: =$D$65/12 -> 2500 | BJ65: =$D$65/12 -> 2500 | BK65: =$D$65/12 -> 2500 | BL65: =$D$65/12 -> 2500 | BM65: =$D$65/12 -> 2500 | BN65: =$D$65/12 -> 2500 | BO65: =$D$65/12 -> 2500 | BP65: =$D$65/12 -> 2500 | ... BT65: =$D$65/12 -> 2500 | BU65: =SUM(BI65:BT65) -> 30000 | CH65: =SUM(BV65:CG65) -> 0 | CU65: =SUM(CI65:CT65) -> 0 | DH65: =SUM(CV65:DG65) -> 0 | DU65: =SUM(DI65:DT65) -> 0 | EH65: =SUM(DV65:EG65) -> 0
A66: Periféricos de Informática | B66: 1 | C66: 15000 | D66: =B66*C66 -> 15000 | H66: =D66 -> 15000 | U66: =SUM(H66:T66) -> 15000 | AH66: =SUM(V66:AG66) -> 0 | AU66: =SUM(AI66:AT66) -> 0 | BH66: =SUM(AV66:BG66) -> 0 | BU66: =SUM(BI66:BT66) -> 0 | CH66: =SUM(BV66:CG66) -> 0 | CU66: =SUM(CI66:CT66) -> 0 | DH66: =SUM(CV66:DG66) -> 0 | DU66: =SUM(DI66:DT66) -> 0 | EH66: =SUM(DV66:EG66) -> 0
A67: Smartphone Coorporativo | B67: 2 | C67: 2500 | D67: =B67*C67 -> 5000 | H67: =D67 -> 5000 | U67: =SUM(H67:T67) -> 5000 | AH67: =SUM(V67:AG67) -> 0 | AU67: =SUM(AI67:AT67) -> 0 | BH67: =SUM(AV67:BG67) -> 0 | BU67: =SUM(BI67:BT67) -> 0 | CH67: =SUM(BV67:CG67) -> 0 | CU67: =SUM(CI67:CT67) -> 0 | DH67: =SUM(CV67:DG67) -> 0 | DU67: =SUM(DI67:DT67) -> 0 | EH67: =SUM(DV67:EG67) -> 0
A68: Impressora Multifuncional | B68: 2 | C68: 3500 | D68: =B68*C68 -> 7000 | H68: =D68 -> 7000 | U68: =SUM(H68:T68) -> 7000 | AH68: =SUM(V68:AG68) -> 0 | AU68: =SUM(AI68:AT68) -> 0 | BH68: =SUM(AV68:BG68) -> 0 | BU68: =SUM(BI68:BT68) -> 0 | CH68: =SUM(BV68:CG68) -> 0 | CU68: =SUM(CI68:CT68) -> 0 | DH68: =SUM(CV68:DG68) -> 0 | DU68: =SUM(DI68:DT68) -> 0 | EH68: =SUM(DV68:EG68) -> 0
A69: TV 43" Central de Operações / Atendimento | B69: 5 | C69: 2000 | D69: =B69*C69 -> 10000 | H69: =D69 -> 10000 | U69: =SUM(H69:T69) -> 10000 | AH69: =SUM(V69:AG69) -> 0 | AU69: =SUM(AI69:AT69) -> 0 | BH69: =SUM(AV69:BG69) -> 0 | BU69: =SUM(BI69:BT69) -> 0 | CH69: =SUM(BV69:CG69) -> 0 | CU69: =SUM(CI69:CT69) -> 0 | DH69: =SUM(CV69:DG69) -> 0 | DU69: =SUM(DI69:DT69) -> 0 | EH69: =SUM(DV69:EG69) -> 0
A70: TV 58" Sala de Treinamento | B70: 1 | C70: 3000 | D70: =B70*C70 -> 3000 | H70: =D70 -> 3000 | U70: =SUM(H70:T70) -> 3000 | AH70: =SUM(V70:AG70) -> 0 | AU70: =SUM(AI70:AT70) -> 0 | BH70: =SUM(AV70:BG70) -> 0 | BU70: =SUM(BI70:BT70) -> 0 | CH70: =SUM(BV70:CG70) -> 0 | CU70: =SUM(CI70:CT70) -> 0 | DH70: =SUM(CV70:DG70) -> 0 | DU70: =SUM(DI70:DT70) -> 0 | EH70: =SUM(DV70:EG70) -> 0
A71: REP - Relógio de Ponto | B71: 1 | C71: 1500 | D71: =B71*C71 -> 1500 | H71: =D71 -> 1500 | U71: =SUM(H71:T71) -> 1500 | AH71: =SUM(V71:AG71) -> 0 | AU71: =SUM(AI71:AT71) -> 0 | BH71: =SUM(AV71:BG71) -> 0 | BU71: =SUM(BI71:BT71) -> 0 | CH71: =SUM(BV71:CG71) -> 0 | CU71: =SUM(CI71:CT71) -> 0 | DH71: =SUM(CV71:DG71) -> 0 | DU71: =SUM(DI71:DT71) -> 0 | EH71: =SUM(DV71:EG71) -> 0
A72: Infraestrutura da Sede | H72: =SUM(H73:H77) -> 68300 | I72: =SUM(I73:I77) -> 0 | J72: =SUM(J73:J77) -> 0 | K72: =SUM(K73:K77) -> 0 | L72: =SUM(L73:L77) -> 0 | M72: =SUM(M73:M77) -> 0 | N72: =SUM(N73:N77) -> 0 | O72: =SUM(O73:O77) -> 0 | ... EH72: =SUM(EH73:EH77) -> 0
A73: Filtro Bebedouro de agua 20 l | B73: 1 | C73: 2000 | D73: =B73*C73 -> 2000 | H73: =D73 -> 2000 | U73: =SUM(H73:T73) -> 2000 | AH73: =SUM(V73:AG73) -> 0 | AU73: =SUM(AI73:AT73) -> 0 | BH73: =SUM(AV73:BG73) -> 0 | BU73: =SUM(BI73:BT73) -> 0 | CH73: =SUM(BV73:CG73) -> 0 | CU73: =SUM(CI73:CT73) -> 0 | DH73: =SUM(CV73:DG73) -> 0 | DU73: =SUM(DI73:DT73) -> 0 | EH73: =SUM(DV73:EG73) -> 0
A74: Geladeira 460L | B74: 1 | C74: 3700 | D74: =B74*C74 -> 3700 | H74: =D74 -> 3700 | U74: =SUM(H74:T74) -> 3700 | AH74: =SUM(V74:AG74) -> 0 | AU74: =SUM(AI74:AT74) -> 0 | BH74: =SUM(AV74:BG74) -> 0 | BU74: =SUM(BI74:BT74) -> 0 | CH74: =SUM(BV74:CG74) -> 0 | CU74: =SUM(CI74:CT74) -> 0 | DH74: =SUM(CV74:DG74) -> 0 | DU74: =SUM(DI74:DT74) -> 0 | EH74: =SUM(DV74:EG74) -> 0
A75: Ar Condicionado 12000 Btus | B75: 4 | C75: 2700 | D75: =B75*C75 -> 10800 | H75: =D75 -> 10800 | U75: =SUM(H75:T75) -> 10800 | AH75: =SUM(V75:AG75) -> 0 | AU75: =SUM(AI75:AT75) -> 0 | BH75: =SUM(AV75:BG75) -> 0 | BU75: =SUM(BI75:BT75) -> 0 | CH75: =SUM(BV75:CG75) -> 0 | CU75: =SUM(CI75:CT75) -> 0 | DH75: =SUM(CV75:DG75) -> 0 | DU75: =SUM(DI75:DT75) -> 0 | EH75: =SUM(DV75:EG75) -> 0
A76: Instalação ar condicionado 12000 Btus | B76: 4 | C76: 450 | D76: =B76*C76 -> 1800 | H76: =D76 -> 1800 | U76: =SUM(H76:T76) -> 1800 | AH76: =SUM(V76:AG76) -> 0 | AU76: =SUM(AI76:AT76) -> 0 | BH76: =SUM(AV76:BG76) -> 0 | BU76: =SUM(BI76:BT76) -> 0 | CH76: =SUM(BV76:CG76) -> 0 | CU76: =SUM(CI76:CT76) -> 0 | DH76: =SUM(CV76:DG76) -> 0 | DU76: =SUM(DI76:DT76) -> 0 | EH76: =SUM(DV76:EG76) -> 0
A77: Mobiliário de Escritório | B77: 1 | C77: 50000 | D77: =B77*C77 -> 50000 | H77: =D77 -> 50000 | U77: =SUM(H77:T77) -> 50000 | AH77: =SUM(V77:AG77) -> 0 | AU77: =SUM(AI77:AT77) -> 0 | BH77: =SUM(AV77:BG77) -> 0 | BU77: =SUM(BI77:BT77) -> 0 | CH77: =SUM(BV77:CG77) -> 0 | CU77: =SUM(CI77:CT77) -> 0 | DH77: =SUM(CV77:DG77) -> 0 | DU77: =SUM(DI77:DT77) -> 0 | EH77: =SUM(DV77:EG77) -> 0
A78: Veículos | H78: =SUM(H79:H79) -> 90000 | I78: =SUM(I79:I79) -> 0 | J78: =SUM(J79:J79) -> 0 | K78: =SUM(K79:K79) -> 0 | L78: =SUM(L79:L79) -> 0 | M78: =SUM(M79:M79) -> 0 | N78: =SUM(N79:N79) -> 0 | O78: =SUM(O79:O79) -> 0 | ... T78: =SUM(T79:T79) -> 0 | U78: =SUM(U79) -> 90000 | V78: =SUM(V79:V79) -> 0 | W78: =SUM(W79:W79) -> 0 | X78: =SUM(X79:X79) -> 0 | Y78: =SUM(Y79:Y79) -> 0 | Z78: =SUM(Z79:Z79) -> 0 | AA78: =SUM(AA79:AA79) -> 0 | AB78: =SUM(AB79:AB79) -> 0 | AC78: =SUM(AC79:AC79) -> 0 | ... AG78: =SUM(AG79:AG79) -> 0 | AH78: =SUM(AH79) -> 0 | AI78: =SUM(AI79:AI79) -> 0 | AJ78: =SUM(AJ79:AJ79) -> 0 | AK78: =SUM(AK79:AK79) -> 0 | AL78: =SUM(AL79:AL79) -> 0 | AM78: =SUM(AM79:AM79) -> 0 | AN78: =SUM(AN79:AN79) -> 0 | AO78: =SUM(AO79:AO79) -> 0 | AP78: =SUM(AP79:AP79) -> 0 | ... AT78: =SUM(AT79:AT79) -> 0 | AU78: =SUM(AU79) -> 0 | AV78: =SUM(AV79:AV79) -> 0 | AW78: =SUM(AW79:AW79) -> 0 | AX78: =SUM(AX79:AX79) -> 0 | AY78: =SUM(AY79:AY79) -> 0 | AZ78: =SUM(AZ79:AZ79) -> 0 | BA78: =SUM(BA79:BA79) -> 0 | BB78: =SUM(BB79:BB79) -> 0 | BC78: =SUM(BC79:BC79) -> 0 | ... BG78: =SUM(BG79:BG79) -> 0 | BH78: =SUM(BH79) -> 0 | BI78: =SUM(BI79:BI79) -> 0 | BJ78: =SUM(BJ79:BJ79) -> 0 | BK78: =SUM(BK79:BK79) -> 0 | BL78: =SUM(BL79:BL79) -> 0 | BM78: =SUM(BM79:BM79) -> 0 | BN78: =SUM(BN79:BN79) -> 0 | BO78: =SUM(BO79:BO79) -> 0 | BP78: =SUM(BP79:BP79) -> 0 | ... BT78: =SUM(BT79:BT79) -> 0 | BU78: =SUM(BU79) -> 0 | BV78: =SUM(BV79:BV79) -> 0 | BW78: =SUM(BW79:BW79) -> 0 | BX78: =SUM(BX79:BX79) -> 0 | BY78: =SUM(BY79:BY79) -> 0 | BZ78: =SUM(BZ79:BZ79) -> 0 | CA78: =SUM(CA79:CA79) -> 0 | CB78: =SUM(CB79:CB79) -> 0 | CC78: =SUM(CC79:CC79) -> 0 | ... CG78: =SUM(CG79:CG79) -> 0 | CH78: =SUM(CH79) -> 0 | CI78: =SUM(CI79:CI79) -> 0 | CJ78: =SUM(CJ79:CJ79) -> 0 | CK78: =SUM(CK79:CK79) -> 0 | CL78: =SUM(CL79:CL79) -> 0 | CM78: =SUM(CM79:CM79) -> 0 | CN78: =SUM(CN79:CN79) -> 0 | CO78: =SUM(CO79:CO79) -> 0 | CP78: =SUM(CP79:CP79) -> 0 | ... CT78: =SUM(CT79:CT79) -> 0 | CU78: =SUM(CU79) -> 0 | CV78: =SUM(CV79:CV79) -> 0 | CW78: =SUM(CW79:CW79) -> 0 | CX78: =SUM(CX79:CX79) -> 0 | CY78: =SUM(CY79:CY79) -> 0 | CZ78: =SUM(CZ79:CZ79) -> 0 | DA78: =SUM(DA79:DA79) -> 0 | DB78: =SUM(DB79:DB79) -> 0 | DC78: =SUM(DC79:DC79) -> 0 | ... DG78: =SUM(DG79:DG79) -> 0 | DH78: =SUM(DH79) -> 0 | DI78: =SUM(DI79:DI79) -> 0 | DJ78: =SUM(DJ79:DJ79) -> 0 | DK78: =SUM(DK79:DK79) -> 0 | DL78: =SUM(DL79:DL79) -> 0 | DM78: =SUM(DM79:DM79) -> 0 | DN78: =SUM(DN79:DN79) -> 0 | DO78: =SUM(DO79:DO79) -> 0 | DP78: =SUM(DP79:DP79) -> 0 | ... DT78: =SUM(DT79:DT79) -> 0 | DU78: =SUM(DU79) -> 0 | DV78: =SUM(DV79:DV79) -> 0 | DW78: =SUM(DW79:DW79) -> 0 | DX78: =SUM(DX79:DX79) -> 0 | DY78: =SUM(DY79:DY79) -> 0 | DZ78: =SUM(DZ79:DZ79) -> 0 | EA78: =SUM(EA79:EA79) -> 0 | EB78: =SUM(EB79:EB79) -> 0 | EC78: =SUM(EC79:EC79) -> 0 | ... EG78: =SUM(EG79:EG79) -> 0 | EH78: =SUM(EH79) -> 0
A79: Carro Automotor 1.0 | B79: 1 | C79: 90000 | D79: =B79*C79 -> 90000 | H79: =D79 -> 90000 | U79: =SUM(H79:T79) -> 90000 | AH79: =SUM(V79:AG79) -> 0 | AU79: =SUM(AI79:AT79) -> 0 | BH79: =SUM(AV79:BG79) -> 0 | BU79: =SUM(BI79:BT79) -> 0 | CH79: =SUM(BV79:CG79) -> 0 | CU79: =SUM(CI79:CT79) -> 0 | DH79: =SUM(CV79:DG79) -> 0 | DU79: =SUM(DI79:DT79) -> 0 | EH79: =SUM(DV79:EG79) -> 0
A80: Marketing | H80: =SUM(H81:H82) -> 107000 | I80: =SUM(I81:I82) -> 0 | J80: =SUM(J81:J82) -> 0 | K80: =SUM(K81:K82) -> 0 | L80: =SUM(L81:L82) -> 0 | M80: =SUM(M81:M82) -> 0 | N80: =SUM(N81:N82) -> 0 | O80: =SUM(O81:O82) -> 0 | ... EH80: =SUM(EH81:EH82) -> 0
A81: Divulgação Inicial ( radio, tv, redes sociais) | B81: 1 | C81: 100000 | D81: =B81*C81 -> 100000 | H81: =D81 -> 100000 | U81: =SUM(H81:T81) -> 100000 | AH81: =SUM(V81:AG81) -> 0 | AU81: =SUM(AI81:AT81) -> 0 | BH81: =SUM(AV81:BG81) -> 0 | BU81: =SUM(BI81:BT81) -> 0 | CH81: =SUM(BV81:CG81) -> 0 | CU81: =SUM(CI81:CT81) -> 0 | DH81: =SUM(CV81:DG81) -> 0 | DU81: =SUM(DI81:DT81) -> 0 | EH81: =SUM(DV81:EG81) -> 0
A82: Impressão de Folders/Panfletos | B82: 1 | C82: 7000 | D82: =B82*C82 -> 7000 | H82: =D82 -> 7000 | U82: =SUM(H82:T82) -> 7000 | AH82: =SUM(V82:AG82) -> 0 | AU82: =SUM(AI82:AT82) -> 0 | BH82: =SUM(AV82:BG82) -> 0 | BU82: =SUM(BI82:BT82) -> 0 | CH82: =SUM(BV82:CG82) -> 0 | CU82: =SUM(CI82:CT82) -> 0 | DH82: =SUM(CV82:DG82) -> 0 | DU82: =SUM(DI82:DT82) -> 0 | EH82: =SUM(DV82:EG82) -> 0
A83: Sinalização | H83: =SUM(H84:H90) -> 350700 | I83: =SUM(I84:I90) -> 0 | J83: =SUM(J84:J90) -> 0 | K83: =SUM(K84:K90) -> 0 | L83: =SUM(L84:L90) -> 0 | M83: =SUM(M84:M90) -> 0 | N83: =SUM(N84:N90) -> 0 | O83: =SUM(O84:O90) -> 0 | ... EH83: =SUM(EH84:EH90) -> 168700
A84: Sinalização Vertical - Poste | B84: =(840/15)*5 -> 280 | C84: 300 | D84: =B84*C84 -> 84000 | H84: =D84 -> 84000 | U84: =SUM(H84:T84) -> 84000 | AH84: =SUM(V84:AG84) -> 0 | AU84: =SUM(AI84:AT84) -> 0 | BH84: =SUM(AV84:BG84) -> 0 | BU84: =SUM(BI84:BT84) -> 0 | CH84: =SUM(BV84:CG84) -> 0 | CU84: =SUM(CI84:CT84) -> 0 | DH84: =SUM(CV84:DG84) -> 0 | DU84: =SUM(DI84:DT84) -> 0 | EH84: =SUM(DV84:EG84) -> 0
A85: Sinalização Vertical - Placas | B85: =(840/15)*5 -> 280 | C85: 350 | D85: =B85*C85 -> 98000 | H85: =D85 -> 98000 | U85: =SUM(H85:T85) -> 98000 | AH85: =SUM(V85:AG85) -> 0 | AU85: =SUM(AI85:AT85) -> 0 | BH85: =SUM(AV85:BG85) -> 0 | BU85: =SUM(BI85:BT85) -> 0 | CH85: =SUM(BV85:CG85) -> 0 | CU85: =SUM(CI85:CT85) -> 0 | DH85: =SUM(CV85:DG85) -> 0 | DU85: =SUM(DI85:DT85) -> 0 | EH85: =SUM(DV85:EG85) -> 0
A86: Instalação - Sinalização Vertical ( Mão de Obra) | B86: =(840/15)*5 -> 280 | C86: 100 | D86: =B86*C86 -> 28000 | H86: =D86 -> 28000 | U86: =SUM(H86:T86) -> 28000 | AG86: =$D$86 -> 28000 | AH86: =SUM(V86:AG86) -> 28000 | AU86: =SUM(AI86:AT86) -> 0 | BG86: =$D$86 -> 28000 | BH86: =SUM(AV86:BG86) -> 28000 | BU86: =SUM(BI86:BT86) -> 0 | CG86: =$D$86 -> 28000 | CH86: =SUM(BV86:CG86) -> 28000 | CU86: =SUM(CI86:CT86) -> 0 | DG86: =D86 -> 28000 | DH86: =SUM(CW86:DG86) -> 28000 | DU86: =SUM(DI86:DT86) -> 0 | EA86: =$D$86 -> 28000 | EH86: =SUM(DV86:EG86) -> 28000
A87: Pintura - Sinalização Horizontal ( Mão de Obra) | B87: 840 | C87: 80 | D87: =B87*C87 -> 67200 | H87: =D87 -> 67200 | U87: =SUM(H87:T87) -> 67200 | AG87: =$D$87 -> 67200 | AH87: =SUM(V87:AG87) -> 67200 | AU87: =SUM(AI87:AT87) -> 0 | BG87: =$D$87 -> 67200 | BH87: =SUM(AV87:BG87) -> 67200 | BU87: =SUM(BI87:BT87) -> 0 | CG87: =$D$87 -> 67200 | CH87: =SUM(BV87:CG87) -> 67200 | CU87: =SUM(CI87:CT87) -> 0 | DG87: =D87 -> 67200 | DH87: =SUM(CW87:DG87) -> 67200 | DU87: =SUM(DI87:DT87) -> 0 | EA87: =$D$87 -> 67200 | EH87: =SUM(DV87:EG87) -> 67200
A88: Sinalização Horizontal - Tinta Azul | B88: 70 | C88: 450 | D88: =B88*C88 -> 31500 | H88: =D88 -> 31500 | U88: =SUM(H88:T88) -> 31500 | AG88: =$D$88 -> 31500 | AH88: =SUM(V88:AG88) -> 31500 | AU88: =SUM(AI88:AT88) -> 0 | BG88: =$D$88 -> 31500 | BH88: =SUM(AV88:BG88) -> 31500 | BU88: =SUM(BI88:BT88) -> 0 | CG88: =$D$88 -> 31500 | CH88: =SUM(BV88:CG88) -> 31500 | CU88: =SUM(CI88:CT88) -> 0 | DG88: =D88 -> 31500 | DH88: =SUM(CW88:DG88) -> 31500 | DU88: =SUM(DI88:DT88) -> 0 | EA88: =$D$88 -> 31500 | EH88: =SUM(DV88:EG88) -> 31500
A89: Sinalização Horizontal - Tinta Branca | B89: 70 | C89: 450 | D89: =B89*C89 -> 31500 | H89: =D89 -> 31500 | U89: =SUM(H89:T89) -> 31500 | AG89: =$D$89 -> 31500 | AH89: =SUM(V89:AG89) -> 31500 | AU89: =SUM(AI89:AT89) -> 0 | BG89: =$D$89 -> 31500 | BH89: =SUM(AV89:BG89) -> 31500 | BU89: =SUM(BI89:BT89) -> 0 | CG89: =$D$89 -> 31500 | CH89: =SUM(BV89:CG89) -> 31500 | CU89: =SUM(CI89:CT89) -> 0 | DG89: =D89 -> 31500 | DH89: =SUM(CW89:DG89) -> 31500 | DU89: =SUM(DI89:DT89) -> 0 | EA89: =$D$89 -> 31500 | EH89: =SUM(DV89:EG89) -> 31500
A90: Sinalização Horizontal - Solvente | B90: 30 | C90: 350 | D90: =B90*C90 -> 10500 | H90: =D90 -> 10500 | U90: =SUM(H90:T90) -> 10500 | AG90: =$D$90 -> 10500 | AH90: =SUM(V90:AG90) -> 10500 | AU90: =SUM(AI90:AT90) -> 0 | BG90: =$D$90 -> 10500 | BH90: =SUM(AV90:BG90) -> 10500 | BU90: =SUM(BI90:BT90) -> 0 | CG90: =$D$90 -> 10500 | CH90: =SUM(BV90:CG90) -> 10500 | CU90: =SUM(CI90:CT90) -> 0 | DG90: =D90 -> 10500 | DH90: =SUM(CW90:DG90) -> 10500 | DU90: =SUM(DI90:DT90) -> 0 | EA90: =$D$90 -> 10500 | EH90: =SUM(DV90:EG90) -> 10500
A91: Implantação/Treinamento | H91: =SUM(H92:H95) -> 195000 | I91: =SUM(I92:I95) -> 0 | J91: =SUM(J92:J95) -> 0 | K91: =SUM(K92:K95) -> 0 | L91: =SUM(L92:L95) -> 0 | M91: =SUM(M92:M95) -> 0 | N91: =SUM(N92:N95) -> 0 | O91: =SUM(O92:O95) -> 0 | ... EH91: =SUM(EH92:EH95) -> 0
A92: Despesas reforma - Central de Atendimento | B92: 1 | C92: 40000 | D92: =B92*C92 -> 40000 | H92: =D92 -> 40000 | U92: =SUM(H92:T92) -> 40000 | AH92: =SUM(V92:AG92) -> 0 | AU92: =SUM(AI92:AT92) -> 0 | BH92: =SUM(AV92:BG92) -> 0 | BU92: =SUM(BI92:BT92) -> 0 | CH92: =SUM(BV92:CG92) -> 0 | CU92: =SUM(CI92:CT92) -> 0 | DH92: =SUM(CV92:DG92) -> 0 | DU92: =SUM(DI92:DT92) -> 0 | EH92: =SUM(DV92:EG92) -> 0
A93: Treinamento de Colaboradores | B93: 1 | C93: 35000 | D93: =B93*C93 -> 35000 | H93: =D93 -> 35000 | U93: =SUM(H93:T93) -> 35000 | AH93: =SUM(V93:AG93) -> 0 | AU93: =SUM(AI93:AT93) -> 0 | BH93: =SUM(AV93:BG93) -> 0 | BU93: =SUM(BI93:BT93) -> 0 | CH93: =SUM(BV93:CG93) -> 0 | CU93: =SUM(CI93:CT93) -> 0 | DH93: =SUM(CV93:DG93) -> 0 | DU93: =SUM(DI93:DT93) -> 0 | EH93: =SUM(DV93:EG93) -> 0
A94: Recrutamento Recursos Humanos | B94: 1 | C94: 20000 | D94: =B94*C94 -> 20000 | H94: =D94 -> 20000 | U94: =SUM(H94:T94) -> 20000 | AH94: =SUM(V94:AG94) -> 0 | AU94: =SUM(AI94:AT94) -> 0 | BH94: =SUM(AV94:BG94) -> 0 | BU94: =SUM(BI94:BT94) -> 0 | CH94: =SUM(BV94:CG94) -> 0 | CU94: =SUM(CI94:CT94) -> 0 | DH94: =SUM(CV94:DG94) -> 0 | DU94: =SUM(DI94:DT94) -> 0 | EH94: =SUM(DV94:EG94) -> 0
A95: Desenvolvimento de Software | B95: 1 | C95: 100000 | D95: =B95*C95 -> 100000 | H95: =D95 -> 100000 | U95: =SUM(H95:T95) -> 100000 | AH95: =SUM(V95:AG95) -> 0 | AU95: =SUM(AI95:AT95) -> 0 | BH95: =SUM(AV95:BG95) -> 0 | BU95: =SUM(BI95:BT95) -> 0 | CH95: =SUM(BV95:CG95) -> 0 | CU95: =SUM(CI95:CT95) -> 0 | DH95: =SUM(CV95:DG95) -> 0 | DU95: =SUM(DI95:DT95) -> 0 | EH95: =SUM(DV95:EG95) -> 0
H97: 0º mês | I97: 1º mês | J97: 2º mês | K97: 3º mês | L97: 4º mês | M97: 5º mês | N97: 6º mês | O97: 7º mês | P97: 8º mês | Q97: 9º mês | R97: 10º mês | S97: 11º mês | T97: 12º mês | U97: 1º ANO | V97: 13º mês | W97: 14º mês | X97: 15º mês | Y97: 16º mês | Z97: 17º mês | AA97: 18º mês | AB97: 19º mês | AC97: 20º mês | AD97: 21º mês | AE97: 22º mês | AF97: 23º mês | AG97: 24º mês | AH97: 2º ANO | AI97: 25º mês | AJ97: 26º mês | AK97: 27º mês | AL97: 28º mês | AM97: 29º mês | AN97: 30º mês | AO97: 31º mês | AP97: 32º mês | AQ97: 33º mês | AR97: 34º mês | AS97: 35º mês | AT97: 36º mês | AU97: 3º ANO | AV97: 37º mês | AW97: 38º mês | AX97: 39º mês | AY97: 40º mês | AZ97: 41º mês | BA97: 42º mês | BB97: 43º mês | BC97: 44º mês | BD97: 45º mês | BE97: 46º mês | BF97: 47º mês | BG97: 48º mês | BH97: 4º ANO | BI97: 49º mês | BJ97: 50º mês | BK97: 51º mês | BL97: 52º mês | BM97: 53º mês | BN97: 54º mês | BO97: 55º mês | BP97: 56º mês | BQ97: 57º mês | BR97: 58º mês | BS97: 59º mês | BT97: 60º mês | BU97: 5º ANO | BV97: 61º mês | BW97: 62º mês | BX97: 63º mês | BY97: 64º mês | BZ97: 65º mês | CA97: 66º mês | CB97: 67º mês | CC97: 68º mês | CD97: 69º mês | CE97: 70º mês | CF97: 71º mês | CG97: 72º mês | CH97: 6º ANO | CI97: 73º mês | CJ97: 74º mês | CK97: 75º mês | CL97: 76º mês | CM97: 77º mês | CN97: 78º mês | CO97: 79º mês | CP97: 80º mês | CQ97: 81º mês | CR97: 82º mês | CS97: 83º mês | CT97: 84º mês | CU97: 7º ANO | CV97: 85º mês | CW97: 86º mês | CX97: 87º mês | CY97: 88º mês | CZ97: 89º mês | DA97: 90º mês | DB97: 91º mês | DC97: 92º mês | DD97: 93º mês | DE97: 94º mês | DF97: 95º mês | DG97: 96º mês | DH97: 8º ANO | DI97: 97º mês | DJ97: 98º mês | DK97: 99º mês | DL97: 100º mês | DM97: 101º mês | DN97: 102º mês | DO97: 103º mês | DP97: 104º mês | DQ97: 105º mês | DR97: 106º mês | DS97: 107º mês | DT97: 108º mês | DU97: 9º ANO | DV97: 109º mês | DW97: 110º mês | DX97: 111º mês | DY97: 112º mês | DZ97: 113º mês | EA97: 114º mês | EB97: 115º mês | EC97: 116º mês | ED97: 117º mês | EE97: 118º mês | EF97: 119º mês | EG97: 120º mês | EH97: 10º ANO
A98: Fluxo de Caixa Final (anual) | H98: =-H23 -> -1468881 | U98: =SUM(I103:T103) -> 412194.5 | AH98: =SUM(V103:AG103) -> 450854.5 | AU98: =SUM(AI103:AT103) -> 619554.5 | BH98: =SUM(AV103:BG103) -> 450854.5 | BU98: =SUM(BI103:BT103) -> 570864 | CH98: =SUM(BV103:CG103) -> 450854.5 | CU98: =SUM(CI103:CT103) -> 619554.5 | DH98: =SUM(CV103:DG103) -> 450854.5 | DU98: =SUM(DI103:DT103) -> 619554.5 | EH98: =SUM(DV103:EG103) -> 450854.5
A99: Fluxo de Caixa Acumulado (anual) | H99: =-H23 -> -1468881 | U99: =T104 -> -1056686.5 | AH99: =AG104 -> -605831.99 | AU99: =AT104 -> 13722.512 | BH99: =BG104 -> 464577.02 | BU99: =BT104 -> 1035441 | CH99: =CG104 -> 1486295.5 | CU99: =CT104 -> 2105850 | DH99: =DG104 -> 2556704.5 | DU99: =DT104 -> 3176259 | EH99: =EG104 -> 3627113.5
A100: Fluxo de Caixa Descontado (anual) | H100: =H99 -> -1468881 | U100: =SUM(I106:T106) -> 383570.79 | AH100: =SUM(V106:AG106) -> 375127.94 | AU100: =SUM(AI106:AT106) -> 440776.08 | BH100: =SUM(AV106:BG106) -> 286796.98 | BU100: =SUM(BI106:BT106) -> 310503.38 | CH100: =SUM(BV106:CG106) -> 219265.22 | CU100: =SUM(CI106:CT106) -> 257637.07 | DH100: =SUM(CV106:DG106) -> 167635.08 | DU100: =SUM(DI106:DT106) -> 196971.56 | EH100: =SUM(DV106:EG106) -> 125102.95
A101: Fluxo de Caixa Descontado Acumulado (anual) | H101: =H100 -> -1468881 | U101: =H101+U100 -> -1085310.2 | AH101: =U101+AH100 -> -710182.27 | AU101: =AH101+AU100 -> -269406.19 | BH101: =AU101+BH100 -> 17390.792 | BU101: =BH101+BU100 -> 327894.17 | CH101: =BU101+CH100 -> 547159.39 | CU101: =CH101+CU100 -> 804796.46 | DH101: =CU101+DH100 -> 972431.55 | DU101: =DH101+DU100 -> 1169403.1 | EH101: =DU101+EH100 -> 1294506.1
A102: Ano | U102: 1 | AH102: 2 | AU102: 3 | BH102: 4 | BU102: 5 | CH102: 6 | CU102: 7 | DH102: 8 | DU102: 9 | EH102: 10
A103: Fluxo de Caixa Final (mensal) | H103: =-H23 -> -1468881 | I103: =I3-I23 -> 34349.542 | J103: =J3-J23 -> 34349.542 | K103: =K3-K23 -> 34349.542 | L103: =L3-L23 -> 34349.542 | M103: =M3-M23 -> 34349.542 | N103: =N3-N23 -> 34349.542 | O103: =O3-O23 -> 34349.542 | P103: =P3-P23 -> 34349.542 | ... T103: =T3-T23 -> 34349.542 | V103: =V3-V23 -> 51629.542 | W103: =W3-W23 -> 51629.542 | X103: =X3-X23 -> 51629.542 | Y103: =Y3-Y23 -> 51629.542 | Z103: =Z3-Z23 -> 51629.542 | AA103: =AA3-AA23 -> 51629.542 | AB103: =AB3-AB23 -> 51629.542 | AC103: =AC3-AC23 -> 51629.542 | ... AG103: =AG3-AG23 -> -117070.46 | AI103: =AI3-AI23 -> 51629.542 | AJ103: =AJ3-AJ23 -> 51629.542 | AK103: =AK3-AK23 -> 51629.542 | AL103: =AL3-AL23 -> 51629.542 | AM103: =AM3-AM23 -> 51629.542 | AN103: =AN3-AN23 -> 51629.542 | AO103: =AO3-AO23 -> 51629.542 | AP103: =AP3-AP23 -> 51629.542 | ... AT103: =AT3-AT23 -> 51629.542 | AV103: =AV3-AV23 -> 51629.542 | AW103: =AW3-AW23 -> 51629.542 | AX103: =AX3-AX23 -> 51629.542 | AY103: =AY3-AY23 -> 51629.542 | AZ103: =AZ3-AZ23 -> 51629.542 | BA103: =BA3-BA23 -> 51629.542 | BB103: =BB3-BB23 -> 51629.542 | BC103: =BC3-BC23 -> 51629.542 | ... BG103: =BG3-BG23 -> -117070.46 | BI103: =BI3-BI23 -> 47572 | BJ103: =BJ3-BJ23 -> 47572 | BK103: =BK3-BK23 -> 47572 | BL103: =BL3-BL23 -> 47572 | BM103: =BM3-BM23 -> 47572 | BN103: =BN3-BN23 -> 47572 | BO103: =BO3-BO23 -> 47572 | BP103: =BP3-BP23 -> 47572 | ... BT103: =BT3-BT23 -> 47572 | BV103: =BV3-BV23 -> 51629.542 | BW103: =BW3-BW23 -> 51629.542 | BX103: =BX3-BX23 -> 51629.542 | BY103: =BY3-BY23 -> 51629.542 | BZ103: =BZ3-BZ23 -> 51629.542 | CA103: =CA3-CA23 -> 51629.542 | CB103: =CB3-CB23 -> 51629.542 | CC103: =CC3-CC23 -> 51629.542 | ... CG103: =CG3-CG23 -> -117070.46 | CI103: =CI3-CI23 -> 51629.542 | CJ103: =CJ3-CJ23 -> 51629.542 | CK103: =CK3-CK23 -> 51629.542 | CL103: =CL3-CL23 -> 51629.542 | CM103: =CM3-CM23 -> 51629.542 | CN103: =CN3-CN23 -> 51629.542 | CO103: =CO3-CO23 -> 51629.542 | CP103: =CP3-CP23 -> 51629.542 | ... CT103: =CT3-CT23 -> 51629.542 | CV103: =CV3-CV23 -> 51629.542 | CW103: =CW3-CW23 -> 51629.542 | CX103: =CX3-CX23 -> 51629.542 | CY103: =CY3-CY23 -> 51629.542 | CZ103: =CZ3-CZ23 -> 51629.542 | DA103: =DA3-DA23 -> 51629.542 | DB103: =DB3-DB23 -> 51629.542 | DC103: =DC3-DC23 -> 51629.542 | ... DG103: =DG3-DG23 -> -117070.46 | DI103: =DI3-DI23 -> 51629.542 | DJ103: =DJ3-DJ23 -> 51629.542 | DK103: =DK3-DK23 -> 51629.542 | DL103: =DL3-DL23 -> 51629.542 | DM103: =DM3-DM23 -> 51629.542 | DN103: =DN3-DN23 -> 51629.542 | DO103: =DO3-DO23 -> 51629.542 | DP103: =DP3-DP23 -> 51629.542 | ... DT103: =DT3-DT23 -> 51629.542 | DV103: =DV3-DV23 -> 51629.542 | DW103: =DW3-DW23 -> 51629.542 | DX103: =DX3-DX23 -> 51629.542 | DY103: =DY3-DY23 -> 51629.542 | DZ103: =DZ3-DZ23 -> 51629.542 | EA103: =EA3-EA23 -> -117070.46 | EB103: =EB3-EB23 -> 51629.542 | EC103: =EC3-EC23 -> 51629.542 | ... EG103: =EG3-EG23 -> 51629.542
...

Sheet Planilha5
A1: REAJUSTE ANUAL | B1: 0.04 | F1: 1º mês | G1: 2º mês | H1: 3º mês | I1: 4º mês | J1: 5º mês | K1: 6º mês | L1: 7º mês | M1: 8º mês | N1: 9º mês | O1: 10º mês | P1: 11º mês | Q1: 12º mês | R1: 13º mês | S1: 14º mês | T1: 15º mês | U1: 16º mês | V1: 17º mês | W1: 18º mês | X1: 19º mês | Y1: 20º mês | Z1: 21º mês | AA1: 22º mês | AB1: 23º mês | AC1: 24º mês | AD1: 25º mês | AE1: 26º mês | AF1: 27º mês | AG1: 28º mês | AH1: 29º mês | AI1: 30º mês | AJ1: 31º mês | AK1: 32º mês | AL1: 33º mês | AM1: 34º mês | AN1: 35º mês | AO1: 36º mês | AP1: 37º mês | AQ1: 38º mês | AR1: 39º mês | AS1: 40º mês | AT1: 41º mês | AU1: 42º mês | AV1: 43º mês | AW1: 44º mês | AX1: 45º mês | AY1: 46º mês | AZ1: 47º mês | BA1: 48º mês | BB1: 49º mês | BC1: 50º mês | BD1: 51º mês | BE1: 52º mês | BF1: 53º mês | BG1: 54º mês | BH1: 55º mês | BI1: 56º mês | BJ1: 57º mês | BK1: 58º mês | BL1: 59º mês | BM1: 60º mês | BN1: 61º mês | BO1: 62º mês | BP1: 63º mês | BQ1: 64º mês | BR1: 65º mês | BS1: 66º mês | BT1: 67º mês | BU1: 68º mês | BV1: 69º mês | BW1: 70º mês | BX1: 71º mês | BY1: 72º mês | BZ1: 73º mês | CA1: 74º mês | CB1: 75º mês | CC1: 76º mês | CD1: 77º mês | CE1: 78º mês | CF1: 79º mês | CG1: 80º mês | CH1: 81º mês | CI1: 82º mês | CJ1: 83º mês | CK1: 84º mês | CL1: 85º mês | CM1: 86º mês | CN1: 87º mês | CO1: 88º mês | CP1: 89º mês | CQ1: 90º mês | CR1: 91º mês | CS1: 92º mês | CT1: 93º mês | CU1: 94º mês | CV1: 95º mês | CW1: 96º mês | CX1: 97º mês | CY1: 98º mês | CZ1: 99º mês | DA1: 100º mês | DB1: 101º mês | DC1: 102º mês | DD1: 103º mês | DE1: 104º mês | DF1: 105º mês | DG1: 106º mês | DH1: 107º mês | DI1: 108º mês | DJ1: 109º mês | DK1: 110º mês | DL1: 111º mês | DM1: 112º mês | DN1: 113º mês | DO1: 114º mês | DP1: 115º mês | DQ1: 116º mês | DR1: 117º mês | DS1: 118º mês | DT1: 119º mês | DU1: 120º mês
A2: Rotativo | B2: 600 | C2: 205 | D2: 0.4 | E2: 2
B3: Celular | E3: 0.2 | F3: =($B$2*$C$2*$D$2*$E$2*$E$3) -> 19680 | G3: =($B$2*$C$2*$D$2*$E$2*$E$3) -> 19680 | H3: =($B$2*$C$2*$D$2*$E$2*$E$3) -> 19680 | I3: =($B$2*$C$2*$D$2*$E$2*$E$3) -> 19680 | J3: =($B$2*$C$2*$D$2*$E$2*$E$3) -> 19680 | K3: =($B$2*$C$2*$D$2*$E$2*$E$3) -> 19680 | L3: =($B$2*$C$2*$D$2*$E$2*$E$3) -> 19680 | M3: =($B$2*$C$2*$D$2*$E$2*$E$3) -> 19680 | ... P3: =($B$2*$C$2*$D$2*$E$2*$E$3) -> 19680 | Q3: =($B$2*$C$2*$D$2*$E$2*$E$3)*($B$1+1) -> 20467.2 | R3: =($B$2*$C$2*$D$2*$E$2*$E$3)*($B$1+1) -> 20467.2 | S3: =($B$2*$C$2*$D$2*$E$2*$E$3)*($B$1+1) -> 20467.2 | T3: =($B$2*$C$2*$D$2*$E$2*$E$3)*($B$1+1) -> 20467.2 | U3: =($B$2*$C$2*$D$2*$E$2*$E$3)*($B$1+1) -> 20467.2 | V3: =($B$2*$C$2*$D$2*$E$2*$E$3)*($B$1+1) -> 20467.2 | W3: =($B$2*$C$2*$D$2*$E$2*$E$3)*($B$1+1) -> 20467.2 | X3: =($B$2*$C$2*$D$2*$E$2*$E$3)*($B$1+1) -> 20467.2 | ... AC3: =($B$2*$C$2*$D$2*$E$2*$E$3)*($B$1+1) -> 20467.2 | AD3: =($B$2*$C$2*$D$2*$E$2*$E$3)*($B$1+1)*($B$1+1) -> 21285.888 | AE3: =($B$2*$C$2*$D$2*$E$2*$E$3)*($B$1+1)*($B$1+1) -> 21285.888 | AF3: =($B$2*$C$2*$D$2*$E$2*$E$3)*($B$1+1)*($B$1+1) -> 21285.888 | AG3: =($B$2*$C$2*$D$2*$E$2*$E$3)*($B$1+1)*($B$1+1) -> 21285.888 | AH3: =($B$2*$C$2*$D$2*$E$2*$E$3)*($B$1+1)*($B$1+1) -> 21285.888 | AI3: =($B$2*$C$2*$D$2*$E$2*$E$3)*($B$1+1)*($B$1+1) -> 21285.888 | AJ3: =($B$2*$C$2*$D$2*$E$2*$E$3)*($B$1+1)*($B$1+1) -> 21285.888 | AK3: =($B$2*$C$2*$D$2*$E$2*$E$3)*($B$1+1)*($B$1+1) -> 21285.888 | ... AO3: =($B$2*$C$2*$D$2*$E$2*$E$3)*($B$1+1)*($B$1+1) -> 21285.888 | AP3: =($B$2*$C$2*$D$2*$E$2*$E$3)*($B$1+1)*($B$1+1)*($B$1+1) -> 22137.324 | AQ3: =($B$2*$C$2*$D$2*$E$2*$E$3)*($B$1+1)*($B$1+1)*($B$1+1) -> 22137.324 | AR3: =($B$2*$C$2*$D$2*$E$2*$E$3)*($B$1+1)*($B$1+1)*($B$1+1) -> 22137.324 | AS3: =($B$2*$C$2*$D$2*$E$2*$E$3)*($B$1+1)*($B$1+1)*($B$1+1) -> 22137.324 | AT3: =($B$2*$C$2*$D$2*$E$2*$E$3)*($B$1+1)*($B$1+1)*($B$1+1) -> 22137.324 | AU3: =($B$2*$C$2*$D$2*$E$2*$E$3)*($B$1+1)*($B$1+1)*($B$1+1) -> 22137.324 | AV3: =($B$2*$C$2*$D$2*$E$2*$E$3)*($B$1+1)*($B$1+1)*($B$1+1) -> 22137.324 | AW3: =($B$2*$C$2*$D$2*$E$2*$E$3)*($B$1+1)*($B$1+1)*($B$1+1) -> 22137.324 | ... BA3: =($B$2*$C$2*$D$2*$E$2*$E$3)*($B$1+1)*($B$1+1)*($B$1+1) -> 22137.324 | BB3: =($B$2*$C$2*$D$2*$E$2*$E$3)*($B$1+1)*($B$1+1)*($B$1+1)*($B$1+1) -> 23022.816 | BC3: =($B$2*$C$2*$D$2*$E$2*$E$3)*($B$1+1)*($B$1+1)*($B$1+1)*($B$1+1) -> 23022.816 | BD3: =($B$2*$C$2*$D$2*$E$2*$E$3)*($B$1+1)*($B$1+1)*($B$1+1)*($B$1+1) -> 23022.816 | BE3: =($B$2*$C$2*$D$2*$E$2*$E$3)*($B$1+1)*($B$1+1)*($B$1+1)*($B$1+1) -> 23022.816 | BF3: =($B$2*$C$2*$D$2*$E$2*$E$3)*($B$1+1)*($B$1+1)*($B$1+1)*($B$1+1) -> 23022.816 | BG3: =($B$2*$C$2*$D$2*$E$2*$E$3)*($B$1+1)*($B$1+1)*($B$1+1)*($B$1+1) -> 23022.816 | BH3: =($B$2*$C$2*$D$2*$E$2*$E$3)*($B$1+1)*($B$1+1)*($B$1+1)*($B$1+1) -> 23022.816 | BI3: =($B$2*$C$2*$D$2*$E$2*$E$3)*($B$1+1)*($B$1+1)*($B$1+1)*($B$1+1) -> 23022.816 | ... BM3: =($B$2*$C$2*$D$2*$E$2*$E$3)*($B$1+1)*($B$1+1)*($B$1+1)*($B$1+1) -> 23022.816 | BN3: =($B$2*$C$2*$D$2*$E$2*$E$3)*($B$1+1)*($B$1+1)*($B$1+1)*($B$1+1)*($B$1+1) -> 23943.729 | BO3: =($B$2*$C$2*$D$2*$E$2*$E$3)*($B$1+1)*($B$1+1)*($B$1+1)*($B$1+1)*($B$1+1) -> 23943.729 | BP3: =($B$2*$C$2*$D$2*$E$2*$E$3)*($B$1+1)*($B$1+1)*($B$1+1)*($B$1+1)*($B$1+1) -> 23943.729 | BQ3: =($B$2*$C$2*$D$2*$E$2*$E$3)*($B$1+1)*($B$1+1)*($B$1+1)*($B$1+1)*($B$1+1) -> 23943.729 | BR3: =($B$2*$C$2*$D$2*$E$2*$E$3)*($B$1+1)*($B$1+1)*($B$1+1)*($B$1+1)*($B$1+1) -> 23943.729 | BS3: =($B$2*$C$2*$D$2*$E$2*$E$3)*($B$1+1)*($B$1+1)*($B$1+1)*($B$1+1)*($B$1+1) -> 23943.729 | BT3: =($B$2*$C$2*$D$2*$E$2*$E$3)*($B$1+1)*($B$1+1)*($B$1+1)*($B$1+1)*($B$1+1) -> 23943.729 | BU3: =($B$2*$C$2*$D$2*$E$2*$E$3)*($B$1+1)*($B$1+1)*($B$1+1)*($B$1+1)*($B$1+1) -> 23943.729 | ... BY3: =($B$2*$C$2*$D$2*$E$2*$E$3)*($B$1+1)*($B$1+1)*($B$1+1)*($B$1+1)*($B$1+1) -> 23943.729 | BZ3: =($B$2*$C$2*$D$2*$E$2*$E$3)*($B$1+1)*($B$1+1)*($B$1+1)*($B$1+1)*($B$1+1)*($B$1+1) -> 24901.478 | CA3: =($B$2*$C$2*$D$2*$E$2*$E$3)*($B$1+1)*($B$1+1)*($B$1+1)*($B$1+1)*($B$1+1)*($B$1+1) -> 24901.478 | CB3: =($B$2*$C$2*$D$2*$E$2*$E$3)*($B$1+1)*($B$1+1)*($B$1+1)*($B$1+1)*($B$1+1)*($B$1+1) -> 24901.478 | CC3: =($B$2*$C$2*$D$2*$E$2*$E$3)*($B$1+1)*($B$1+1)*($B$1+1)*($B$1+1)*($B$1+1)*($B$1+1) -> 24901.478 | CD3: =($B$2*$C$2*$D$2*$E$2*$E$3)*($B$1+1)*($B$1+1)*($B$1+1)*($B$1+1)*($B$1+1)*($B$1+1) -> 24901.478 | CE3: =($B$2*$C$2*$D$2*$E$2*$E$3)*($B$1+1)*($B$1+1)*($B$1+1)*($B$1+1)*($B$1+1)*($B$1+1) -> 24901.478 | CF3: =($B$2*$C$2*$D$2*$E$2*$E$3)*($B$1+1)*($B$1+1)*($B$1+1)*($B$1+1)*($B$1+1)*($B$1+1) -> 24901.478 | CG3: =($B$2*$C$2*$D$2*$E$2*$E$3)*($B$1+1)*($B$1+1)*($B$1+1)*($B$1+1)*($B$1+1)*($B$1+1) -> 24901.478 | ... CK3: =($B$2*$C$2*$D$2*$E$2*$E$3)*($B$1+1)*($B$1+1)*($B$1+1)*($B$1+1)*($B$1+1)*($B$1+1) -> 24901.478 | CL3: =($B$2*$C$2*$D$2*$E$2*$E$3)*($B$1+1)*($B$1+1)*($B$1+1)*($B$1+1)*($B$1+1)*($B$1+1)*($B$1+1) -> 25897.537 | CM3: =($B$2*$C$2*$D$2*$E$2*$E$3)*($B$1+1)*($B$1+1)*($B$1+1)*($B$1+1)*($B$1+1)*($B$1+1)*($B$1+1) -> 25897.537 | CN3: =($B$2*$C$2*$D$2*$E$2*$E$3)*($B$1+1)*($B$1+1)*($B$1+1)*($B$1+1)*($B$1+1)*($B$1+1)*($B$1+1) -> 25897.537 | CO3: =($B$2*$C$2*$D$2*$E$2*$E$3)*($B$1+1)*($B$1+1)*($B$1+1)*($B$1+1)*($B$1+1)*($B$1+1)*($B$1+1) -> 25897.537 | CP3: =($B$2*$C$2*$D$2*$E$2*$E$3)*($B$1+1)*($B$1+1)*($B$1+1)*($B$1+1)*($B$1+1)*($B$1+1)*($B$1+1) -> 25897.537 | CQ3: =($B$2*$C$2*$D$2*$E$2*$E$3)*($B$1+1)*($B$1+1)*($B$1+1)*($B$1+1)*($B$1+1)*($B$1+1)*($B$1+1) -> 25897.537 | CR3: =($B$2*$C$2*$D$2*$E$2*$E$3)*($B$1+1)*($B$1+1)*($B$1+1)*($B$1+1)*($B$1+1)*($B$1+1)*($B$1+1) -> 25897.537 | CS3: =($B$2*$C$2*$D$2*$E$2*$E$3)*($B$1+1)*($B$1+1)*($B$1+1)*($B$1+1)*($B$1+1)*($B$1+1)*($B$1+1) -> 25897.537 | ... CW3: =($B$2*$C$2*$D$2*$E$2*$E$3)*($B$1+1)*($B$1+1)*($B$1+1)*($B$1+1)*($B$1+1)*($B$1+1)*($B$1+1) -> 25897.537 | CX3: =($B$2*$C$2*$D$2*$E$2*$E$3)*($B$1+1)*($B$1+1)*($B$1+1)*($B$1+1)*($B$1+1)*($B$1+1)*($B$1+1)*($B$1+1) -> 26933.439 | CY3: =($B$2*$C$2*$D$2*$E$2*$E$3)*($B$1+1)*($B$1+1)*($B$1+1)*($B$1+1)*($B$1+1)*($B$1+1)*($B$1+1)*($B$1+1) -> 26933.439 | CZ3: =($B$2*$C$2*$D$2*$E$2*$E$3)*($B$1+1)*($B$1+1)*($B$1+1)*($B$1+1)*($B$1+1)*($B$1+1)*($B$1+1)*($B$1+1) -> 26933.439 | DA3: =($B$2*$C$2*$D$2*$E$2*$E$3)*($B$1+1)*($B$1+1)*($B$1+1)*($B$1+1)*($B$1+1)*($B$1+1)*($B$1+1)*($B$1+1) -> 26933.439 | DB3: =($B$2*$C$2*$D$2*$E$2*$E$3)*($B$1+1)*($B$1+1)*($B$1+1)*($B$1+1)*($B$1+1)*($B$1+1)*($B$1+1)*($B$1+1) -> 26933.439 | DC3: =($B$2*$C$2*$D$2*$E$2*$E$3)*($B$1+1)*($B$1+1)*($B$1+1)*($B$1+1)*($B$1+1)*($B$1+1)*($B$1+1)*($B$1+1) -> 26933.439 | DD3: =($B$2*$C$2*$D$2*$E$2*$E$3)*($B$1+1)*($B$1+1)*($B$1+1)*($B$1+1)*($B$1+1)*($B$1+1)*($B$1+1)*($B$1+1) -> 26933.439 | DE3: =($B$2*$C$2*$D$2*$E$2*$E$3)*($B$1+1)*($B$1+1)*($B$1+1)*($B$1+1)*($B$1+1)*($B$1+1)*($B$1+1)*($B$1+1) -> 26933.439 | ... DI3: =($B$2*$C$2*$D$2*$E$2*$E$3)*($B$1+1)*($B$1+1)*($B$1+1)*($B$1+1)*($B$1+1)*($B$1+1)*($B$1+1)*($B$1+1) -> 26933.439 | DJ3: =($B$2*$C$2*$D$2*$E$2*$E$3)*($B$1+1)*($B$1+1)*($B$1+1)*($B$1+1)*($B$1+1)*($B$1+1)*($B$1+1)*($B$1+1)*($B$1+1) -> 28010.776 | DK3: =($B$2*$C$2*$D$2*$E$2*$E$3)*($B$1+1)*($B$1+1)*($B$1+1)*($B$1+1)*($B$1+1)*($B$1+1)*($B$1+1)*($B$1+1) -> 26933.439 | DL3: =($B$2*$C$2*$D$2*$E$2*$E$3)*($B$1+1)*($B$1+1)*($B$1+1)*($B$1+1)*($B$1+1)*($B$1+1)*($B$1+1)*($B$1+1) -> 26933.439 | DM3: =($B$2*$C$2*$D$2*$E$2*$E$3)*($B$1+1)*($B$1+1)*($B$1+1)*($B$1+1)*($B$1+1)*($B$1+1)*($B$1+1)*($B$1+1) -> 26933.439 | DN3: =($B$2*$C$2*$D$2*$E$2*$E$3)*($B$1+1)*($B$1+1)*($B$1+1)*($B$1+1)*($B$1+1)*($B$1+1)*($B$1+1)*($B$1+1) -> 26933.439 | DO3: =($B$2*$C$2*$D$2*$E$2*$E$3)*($B$1+1)*($B$1+1)*($B$1+1)*($B$1+1)*($B$1+1)*($B$1+1)*($B$1+1)*($B$1+1) -> 26933.439 | DP3: =($B$2*$C$2*$D$2*$E$2*$E$3)*($B$1+1)*($B$1+1)*($B$1+1)*($B$1+1)*($B$1+1)*($B$1+1)*($B$1+1)*($B$1+1) -> 26933.439 | DQ3: =($B$2*$C$2*$D$2*$E$2*$E$3)*($B$1+1)*($B$1+1)*($B$1+1)*($B$1+1)*($B$1+1)*($B$1+1)*($B$1+1)*($B$1+1) -> 26933.439 | DR3: =($B$2*$C$2*$D$2*$E$2*$E$3)*($B$1+1)*($B$1+1)*($B$1+1)*($B$1+1)*($B$1+1)*($B$1+1)*($B$1+1)*($B$1+1) -> 26933.439 | ... DU3: =($B$2*$C$2*$D$2*$E$2*$E$3)*($B$1+1)*($B$1+1)*($B$1+1)*($B$1+1)*($B$1+1)*($B$1+1)*($B$1+1)*($B$1+1) -> 26933.439
B4: PDA | E4: 0.5 | F4: =($B$2*$C$2*$D$2*$E$2*$E$4) -> 49200 | G4: =($B$2*$C$2*$D$2*$E$2*$E$4) -> 49200 | H4: =($B$2*$C$2*$D$2*$E$2*$E$4) -> 49200 | I4: =($B$2*$C$2*$D$2*$E$2*$E$4) -> 49200 | J4: =($B$2*$C$2*$D$2*$E$2*$E$4) -> 49200 | K4: =($B$2*$C$2*$D$2*$E$2*$E$4) -> 49200 | L4: =($B$2*$C$2*$D$2*$E$2*$E$4) -> 49200 | M4: =($B$2*$C$2*$D$2*$E$2*$E$4) -> 49200 | ... P4: =($B$2*$C$2*$D$2*$E$2*$E$4) -> 49200 | Q4: =($B$2*$C$2*$D$2*$E$2*$E$4)*($B$1+1) -> 51168 | R4: =($B$2*$C$2*$D$2*$E$2*$E$4)*($B$1+1) -> 51168 | S4: =($B$2*$C$2*$D$2*$E$2*$E$4)*($B$1+1) -> 51168 | T4: =($B$2*$C$2*$D$2*$E$2*$E$4)*($B$1+1) -> 51168 | U4: =($B$2*$C$2*$D$2*$E$2*$E$4)*($B$1+1) -> 51168 | V4: =($B$2*$C$2*$D$2*$E$2*$E$4)*($B$1+1) -> 51168 | W4: =($B$2*$C$2*$D$2*$E$2*$E$4)*($B$1+1) -> 51168 | X4: =($B$2*$C$2*$D$2*$E$2*$E$4)*($B$1+1) -> 51168 | ... AC4: =($B$2*$C$2*$D$2*$E$2*$E$4)*($B$1+1) -> 51168 | AD4: =($B$2*$C$2*$D$2*$E$2*$E$4)*($B$1+1)*($B$1+1) -> 53214.72 | AE4: =($B$2*$C$2*$D$2*$E$2*$E$4)*($B$1+1)*($B$1+1) -> 53214.72 | AF4: =($B$2*$C$2*$D$2*$E$2*$E$4)*($B$1+1)*($B$1+1) -> 53214.72 | AG4: =($B$2*$C$2*$D$2*$E$2*$E$4)*($B$1+1)*($B$1+1) -> 53214.72 | AH4: =($B$2*$C$2*$D$2*$E$2*$E$4)*($B$1+1)*($B$1+1) -> 53214.72 | AI4: =($B$2*$C$2*$D$2*$E$2*$E$4)*($B$1+1)*($B$1+1) -> 53214.72 | AJ4: =($B$2*$C$2*$D$2*$E$2*$E$4)*($B$1+1)*($B$1+1) -> 53214.72 | AK4: =($B$2*$C$2*$D$2*$E$2*$E$4)*($B$1+1)*($B$1+1) -> 53214.72 | ... AO4: =($B$2*$C$2*$D$2*$E$2*$E$4)*($B$1+1)*($B$1+1) -> 53214.72 | AP4: =($B$2*$C$2*$D$2*$E$2*$E$4)*($B$1+1)*($B$1+1)*($B$1+1) -> 55343.309 | AQ4: =($B$2*$C$2*$D$2*$E$2*$E$4)*($B$1+1)*($B$1+1)*($B$1+1) -> 55343.309 | AR4: =($B$2*$C$2*$D$2*$E$2*$E$4)*($B$1+1)*($B$1+1)*($B$1+1) -> 55343.309 | AS4: =($B$2*$C$2*$D$2*$E$2*$E$4)*($B$1+1)*($B$1+1)*($B$1+1) -> 55343.309 | AT4: =($B$2*$C$2*$D$2*$E$2*$E$4)*($B$1+1)*($B$1+1)*($B$1+1) -> 55343.309 | AU4: =($B$2*$C$2*$D$2*$E$2*$E$4)*($B$1+1)*($B$1+1)*($B$1+1) -> 55343.309 | AV4: =($B$2*$C$2*$D$2*$E$2*$E$4)*($B$1+1)*($B$1+1)*($B$1+1) -> 55343.309 | AW4: =($B$2*$C$2*$D$2*$E$2*$E$4)*($B$1+1)*($B$1+1)*($B$1+1) -> 55343.309 | ... BA4: =($B$2*$C$2*$D$2*$E$2*$E$4)*($B$1+1)*($B$1+1)*($B$1+1) -> 55343.309 | BB4: =($B$2*$C$2*$D$2*$E$2*$E$4)*($B$1+1)*($B$1+1)*($B$1+1)*($B$1+1) -> 57557.041 | BC4: =($B$2*$C$2*$D$2*$E$2*$E$4)*($B$1+1)*($B$1+1)*($B$1+1)*($B$1+1) -> 57557.041 | BD4: =($B$2*$C$2*$D$2*$E$2*$E$4)*($B$1+1)*($B$1+1)*($B$1+1)*($B$1+1) -> 57557.041 | BE4: =($B$2*$C$2*$D$2*$E$2*$E$4)*($B$1+1)*($B$1+1)*($B$1+1)*($B$1+1) -> 57557.041 | BF4: =($B$2*$C$2*$D$2*$E$2*$E$4)*($B$1+1)*($B$1+1)*($B$1+1)*($B$1+1) -> 57557.041 | BG4: =($B$2*$C$2*$D$2*$E$2*$E$4)*($B$1+1)*($B$1+1)*($B$1+1)*($B$1+1) -> 57557.041 | BH4: =($B$2*$C$2*$D$2*$E$2*$E$4)*($B$1+1)*($B$1+1)*($B$1+1)*($B$1+1) -> 57557.041 | BI4: =($B$2*$C$2*$D$2*$E$2*$E$4)*($B$1+1)*($B$1+1)*($B$1+1)*($B$1+1) -> 57557.041 | ... BM4: =($B$2*$C$2*$D$2*$E$2*$E$4)*($B$1+1)*($B$1+1)*($B$1+1)*($B$1+1) -> 57557.041 | BN4: =($B$2*$C$2*$D$2*$E$2*$E$4)*($B$1+1)*($B$1+1)*($B$1+1)*($B$1+1)*($B$1+1) -> 59859.323 | BO4: =($B$2*$C$2*$D$2*$E$2*$E$4)*($B$1+1)*($B$1+1)*($B$1+1)*($B$1+1)*($B$1+1) -> 59859.323 | BP4: =($B$2*$C$2*$D$2*$E$2*$E$4)*($B$1+1)*($B$1+1)*($B$1+1)*($B$1+1)*($B$1+1) -> 59859.323 | BQ4: =($B$2*$C$2*$D$2*$E$2*$E$4)*($B$1+1)*($B$1+1)*($B$1+1)*($B$1+1)*($B$1+1) -> 59859.323 | BR4: =($B$2*$C$2*$D$2*$E$2*$E$4)*($B$1+1)*($B$1+1)*($B$1+1)*($B$1+1)*($B$1+1) -> 59859.323 | BS4: =($B$2*$C$2*$D$2*$E$2*$E$4)*($B$1+1)*($B$1+1)*($B$1+1)*($B$1+1)*($B$1+1) -> 59859.323 | BT4: =($B$2*$C$2*$D$2*$E$2*$E$4)*($B$1+1)*($B$1+1)*($B$1+1)*($B$1+1)*($B$1+1) -> 59859.323 | BU4: =($B$2*$C$2*$D$2*$E$2*$E$4)*($B$1+1)*($B$1+1)*($B$1+1)*($B$1+1)*($B$1+1) -> 59859.323 | ... BY4: =($B$2*$C$2*$D$2*$E$2*$E$4)*($B$1+1)*($B$1+1)*($B$1+1)*($B$1+1)*($B$1+1) -> 59859.323 | BZ4: =($B$2*$C$2*$D$2*$E$2*$E$4)*($B$1+1)*($B$1+1)*($B$1+1)*($B$1+1)*($B$1+1)*($B$1+1) -> 62253.696 | CA4: =($B$2*$C$2*$D$2*$E$2*$E$4)*($B$1+1)*($B$1+1)*($B$1+1)*($B$1+1)*($B$1+1)*($B$1+1) -> 62253.696 | CB4: =($B$2*$C$2*$D$2*$E$2*$E$4)*($B$1+1)*($B$1+1)*($B$1+1)*($B$1+1)*($B$1+1)*($B$1+1) -> 62253.696 | CC4: =($B$2*$C$2*$D$2*$E$2*$E$4)*($B$1+1)*($B$1+1)*($B$1+1)*($B$1+1)*($B$1+1)*($B$1+1) -> 62253.696 | CD4: =($B$2*$C$2*$D$2*$E$2*$E$4)*($B$1+1)*($B$1+1)*($B$1+1)*($B$1+1)*($B$1+1)*($B$1+1) -> 62253.696 | CE4: =($B$2*$C$2*$D$2*$E$2*$E$4)*($B$1+1)*($B$1+1)*($B$1+1)*($B$1+1)*($B$1+1)*($B$1+1) -> 62253.696 | CF4: =($B$2*$C$2*$D$2*$E$2*$E$4)*($B$1+1)*($B$1+1)*($B$1+1)*($B$1+1)*($B$1+1)*($B$1+1) -> 62253.696 | CG4: =($B$2*$C$2*$D$2*$E$2*$E$4)*($B$1+1)*($B$1+1)*($B$1+1)*($B$1+1)*($B$1+1)*($B$1+1) -> 62253.696 | ... CK4: =($B$2*$C$2*$D$2*$E$2*$E$4)*($B$1+1)*($B$1+1)*($B$1+1)*($B$1+1)*($B$1+1)*($B$1+1) -> 62253.696 | CL4: =($B$2*$C$2*$D$2*$E$2*$E$4)*($B$1+1)*($B$1+1)*($B$1+1)*($B$1+1)*($B$1+1)*($B$1+1)*($B$1+1) -> 64743.844 | CM4: =($B$2*$C$2*$D$2*$E$2*$E$4)*($B$1+1)*($B$1+1)*($B$1+1)*($B$1+1)*($B$1+1)*($B$1+1)*($B$1+1) -> 64743.844 | CN4: =($B$2*$C$2*$D$2*$E$2*$E$4)*($B$1+1)*($B$1+1)*($B$1+1)*($B$1+1)*($B$1+1)*($B$1+1)*($B$1+1) -> 64743.844 | CO4: =($B$2*$C$2*$D$2*$E$2*$E$4)*($B$1+1)*($B$1+1)*($B$1+1)*($B$1+1)*($B$1+1)*($B$1+1)*($B$1+1) -> 64743.844 | CP4: =($B$2*$C$2*$D$2*$E$2*$E$4)*($B$1+1)*($B$1+1)*($B$1+1)*($B$1+1)*($B$1+1)*($B$1+1)*($B$1+1) -> 64743.844 | CQ4: =($B$2*$C$2*$D$2*$E$2*$E$4)*($B$1+1)*($B$1+1)*($B$1+1)*($B$1+1)*($B$1+1)*($B$1+1)*($B$1+1) -> 64743.844 | CR4: =($B$2*$C$2*$D$2*$E$2*$E$4)*($B$1+1)*($B$1+1)*($B$1+1)*($B$1+1)*($B$1+1)*($B$1+1)*($B$1+1) -> 64743.844 | CS4: =($B$2*$C$2*$D$2*$E$2*$E$4)*($B$1+1)*($B$1+1)*($B$1+1)*($B$1+1)*($B$1+1)*($B$1+1)*($B$1+1) -> 64743.844 | ... CW4: =($B$2*$C$2*$D$2*$E$2*$E$4)*($B$1+1)*($B$1+1)*($B$1+1)*($B$1+1)*($B$1+1)*($B$1+1)*($B$1+1) -> 64743.844 | CX4: =($B$2*$C$2*$D$2*$E$2*$E$4)*($B$1+1)*($B$1+1)*($B$1+1)*($B$1+1)*($B$1+1)*($B$1+1)*($B$1+1)*($B$1+1) -> 67333.597 | CY4: =($B$2*$C$2*$D$2*$E$2*$E$4)*($B$1+1)*($B$1+1)*($B$1+1)*($B$1+1)*($B$1+1)*($B$1+1)*($B$1+1)*($B$1+1) -> 67333.597 | CZ4: =($B$2*$C$2*$D$2*$E$2*$E$4)*($B$1+1)*($B$1+1)*($B$1+1)*($B$1+1)*($B$1+1)*($B$1+1)*($B$1+1)*($B$1+1) -> 67333.597 | DA4: =($B$2*$C$2*$D$2*$E$2*$E$4)*($B$1+1)*($B$1+1)*($B$1+1)*($B$1+1)*($B$1+1)*($B$1+1)*($B$1+1)*($B$1+1) -> 67333.597 | DB4: =($B$2*$C$2*$D$2*$E$2*$E$4)*($B$1+1)*($B$1+1)*($B$1+1)*($B$1+1)*($B$1+1)*($B$1+1)*($B$1+1)*($B$1+1) -> 67333.597 | DC4: =($B$2*$C$2*$D$2*$E$2*$E$4)*($B$1+1)*($B$1+1)*($B$1+1)*($B$1+1)*($B$1+1)*($B$1+1)*($B$1+1)*($B$1+1) -> 67333.597 | DD4: =($B$2*$C$2*$D$2*$E$2*$E$4)*($B$1+1)*($B$1+1)*($B$1+1)*($B$1+1)*($B$1+1)*($B$1+1)*($B$1+1)*($B$1+1) -> 67333.597 | DE4: =($B$2*$C$2*$D$2*$E$2*$E$4)*($B$1+1)*($B$1+1)*($B$1+1)*($B$1+1)*($B$1+1)*($B$1+1)*($B$1+1)*($B$1+1) -> 67333.597 | ... DI4: =($B$2*$C$2*$D$2*$E$2*$E$4)*($B$1+1)*($B$1+1)*($B$1+1)*($B$1+1)*($B$1+1)*($B$1+1)*($B$1+1)*($B$1+1) -> 67333.597 | DJ4: =($B$2*$C$2*$D$2*$E$2*$E$4)*($B$1+1)*($B$1+1)*($B$1+1)*($B$1+1)*($B$1+1)*($B$1+1)*($B$1+1)*($B$1+1)*($B$1+1) -> 70026.941 | DK4: =($B$2*$C$2*$D$2*$E$2*$E$4)*($B$1+1)*($B$1+1)*($B$1+1)*($B$1+1)*($B$1+1)*($B$1+1)*($B$1+1)*($B$1+1) -> 67333.597 | DL4: =($B$2*$C$2*$D$2*$E$2*$E$4)*($B$1+1)*($B$1+1)*($B$1+1)*($B$1+1)*($B$1+1)*($B$1+1)*($B$1+1)*($B$1+1) -> 67333.597 | DM4: =($B$2*$C$2*$D$2*$E$2*$E$4)*($B$1+1)*($B$1+1)*($B$1+1)*($B$1+1)*($B$1+1)*($B$1+1)*($B$1+1)*($B$1+1) -> 67333.597 | DN4: =($B$2*$C$2*$D$2*$E$2*$E$4)*($B$1+1)*($B$1+1)*($B$1+1)*($B$1+1)*($B$1+1)*($B$1+1)*($B$1+1)*($B$1+1) -> 67333.597 | DO4: =($B$2*$C$2*$D$2*$E$2*$E$4)*($B$1+1)*($B$1+1)*($B$1+1)*($B$1+1)*($B$1+1)*($B$1+1)*($B$1+1)*($B$1+1) -> 67333.597 | DP4: =($B$2*$C$2*$D$2*$E$2*$E$4)*($B$1+1)*($B$1+1)*($B$1+1)*($B$1+1)*($B$1+1)*($B$1+1)*($B$1+1)*($B$1+1) -> 67333.597 | DQ4: =($B$2*$C$2*$D$2*$E$2*$E$4)*($B$1+1)*($B$1+1)*($B$1+1)*($B$1+1)*($B$1+1)*($B$1+1)*($B$1+1)*($B$1+1) -> 67333.597 | DR4: =($B$2*$C$2*$D$2*$E$2*$E$4)*($B$1+1)*($B$1+1)*($B$1+1)*($B$1+1)*($B$1+1)*($B$1+1)*($B$1+1)*($B$1+1) -> 67333.597 | ... DU4: =($B$2*$C$2*$D$2*$E$2*$E$4)*($B$1+1)*($B$1+1)*($B$1+1)*($B$1+1)*($B$1+1)*($B$1+1)*($B$1+1)*($B$1+1) -> 67333.597
B5: Parquimetro | E5: 0.3 | F5: =($B$2*$C$2*$D$2*$E$2*$E$5) -> 29520 | G5: =($B$2*$C$2*$D$2*$E$2*$E$5) -> 29520 | H5: =($B$2*$C$2*$D$2*$E$2*$E$5) -> 29520 | I5: =($B$2*$C$2*$D$2*$E$2*$E$5) -> 29520 | J5: =($B$2*$C$2*$D$2*$E$2*$E$5) -> 29520 | K5: =($B$2*$C$2*$D$2*$E$2*$E$5) -> 29520 | L5: =($B$2*$C$2*$D$2*$E$2*$E$5) -> 29520 | M5: =($B$2*$C$2*$D$2*$E$2*$E$5) -> 29520 | ... P5: =($B$2*$C$2*$D$2*$E$2*$E$5) -> 29520 | Q5: =($B$2*$C$2*$D$2*$E$2*$E$5)*($B$1+1) -> 30700.8 | R5: =($B$2*$C$2*$D$2*$E$2*$E$5)*($B$1+1) -> 30700.8 | S5: =($B$2*$C$2*$D$2*$E$2*$E$5)*($B$1+1) -> 30700.8 | T5: =($B$2*$C$2*$D$2*$E$2*$E$5)*($B$1+1) -> 30700.8 | U5: =($B$2*$C$2*$D$2*$E$2*$E$5)*($B$1+1) -> 30700.8 | V5: =($B$2*$C$2*$D$2*$E$2*$E$5)*($B$1+1) -> 30700.8 | W5: =($B$2*$C$2*$D$2*$E$2*$E$5)*($B$1+1) -> 30700.8 | X5: =($B$2*$C$2*$D$2*$E$2*$E$5)*($B$1+1) -> 30700.8 | ... AC5: =($B$2*$C$2*$D$2*$E$2*$E$5)*($B$1+1) -> 30700.8 | AD5: =($B$2*$C$2*$D$2*$E$2*$E$5)*($B$1+1)*($B$1+1) -> 31928.832 | AE5: =($B$2*$C$2*$D$2*$E$2*$E$5)*($B$1+1)*($B$1+1) -> 31928.832 | AF5: =($B$2*$C$2*$D$2*$E$2*$E$5)*($B$1+1)*($B$1+1) -> 31928.832 | AG5: =($B$2*$C$2*$D$2*$E$2*$E$5)*($B$1+1)*($B$1+1) -> 31928.832 | AH5: =($B$2*$C$2*$D$2*$E$2*$E$5)*($B$1+1)*($B$1+1) -> 31928.832 | AI5: =($B$2*$C$2*$D$2*$E$2*$E$5)*($B$1+1)*($B$1+1) -> 31928.832 | AJ5: =($B$2*$C$2*$D$2*$E$2*$E$5)*($B$1+1)*($B$1+1) -> 31928.832 | AK5: =($B$2*$C$2*$D$2*$E$2*$E$5)*($B$1+1)*($B$1+1) -> 31928.832 | ... AO5: =($B$2*$C$2*$D$2*$E$2*$E$5)*($B$1+1)*($B$1+1) -> 31928.832 | AP5: =($B$2*$C$2*$D$2*$E$2*$E$5)*($B$1+1)*($B$1+1)*($B$1+1) -> 33205.985 | AQ5: =($B$2*$C$2*$D$2*$E$2*$E$5)*($B$1+1)*($B$1+1)*($B$1+1) -> 33205.985 | AR5: =($B$2*$C$2*$D$2*$E$2*$E$5)*($B$1+1)*($B$1+1)*($B$1+1) -> 33205.985 | AS5: =($B$2*$C$2*$D$2*$E$2*$E$5)*($B$1+1)*($B$1+1)*($B$1+1) -> 33205.985 | AT5: =($B$2*$C$2*$D$2*$E$2*$E$5)*($B$1+1)*($B$1+1)*($B$1+1) -> 33205.985 | AU5: =($B$2*$C$2*$D$2*$E$2*$E$5)*($B$1+1)*($B$1+1)*($B$1+1) -> 33205.985 | AV5: =($B$2*$C$2*$D$2*$E$2*$E$5)*($B$1+1)*($B$1+1)*($B$1+1) -> 33205.985 | AW5: =($B$2*$C$2*$D$2*$E$2*$E$5)*($B$1+1)*($B$1+1)*($B$1+1) -> 33205.985 | ... BA5: =($B$2*$C$2*$D$2*$E$2*$E$5)*($B$1+1)*($B$1+1)*($B$1+1) -> 33205.985 | BB5: =($B$2*$C$2*$D$2*$E$2*$E$5)*($B$1+1)*($B$1+1)*($B$1+1)*($B$1+1) -> 34534.225 | BC5: =($B$2*$C$2*$D$2*$E$2*$E$5)*($B$1+1)*($B$1+1)*($B$1+1)*($B$1+1) -> 34534.225 | BD5: =($B$2*$C$2*$D$2*$E$2*$E$5)*($B$1+1)*($B$1+1)*($B$1+1)*($B$1+1) -> 34534.225 | BE5: =($B$2*$C$2*$D$2*$E$2*$E$5)*($B$1+1)*($B$1+1)*($B$1+1)*($B$1+1) -> 34534.225 | BF5: =($B$2*$C$2*$D$2*$E$2*$E$5)*($B$1+1)*($B$1+1)*($B$1+1)*($B$1+1) -> 34534.225 | BG5: =($B$2*$C$2*$D$2*$E$2*$E$5)*($B$1+1)*($B$1+1)*($B$1+1)*($B$1+1) -> 34534.225 | BH5: =($B$2*$C$2*$D$2*$E$2*$E$5)*($B$1+1)*($B$1+1)*($B$1+1)*($B$1+1) -> 34534.225 | BI5: =($B$2*$C$2*$D$2*$E$2*$E$5)*($B$1+1)*($B$1+1)*($B$1+1)*($B$1+1) -> 34534.225 | ... BM5: =($B$2*$C$2*$D$2*$E$2*$E$5)*($B$1+1)*($B$1+1)*($B$1+1)*($B$1+1) -> 34534.225 | BN5: =($B$2*$C$2*$D$2*$E$2*$E$5)*($B$1+1)*($B$1+1)*($B$1+1)*($B$1+1)*($B$1+1) -> 35915.594 | BO5: =($B$2*$C$2*$D$2*$E$2*$E$5)*($B$1+1)*($B$1+1)*($B$1+1)*($B$1+1)*($B$1+1) -> 35915.594 | BP5: =($B$2*$C$2*$D$2*$E$2*$E$5)*($B$1+1)*($B$1+1)*($B$1+1)*($B$1+1)*($B$1+1) -> 35915.594 | BQ5: =($B$2*$C$2*$D$2*$E$2*$E$5)*($B$1+1)*($B$1+1)*($B$1+1)*($B$1+1)*($B$1+1) -> 35915.594 | BR5: =($B$2*$C$2*$D$2*$E$2*$E$5)*($B$1+1)*($B$1+1)*($B$1+1)*($B$1+1)*($B$1+1) -> 35915.594 | BS5: =($B$2*$C$2*$D$2*$E$2*$E$5)*($B$1+1)*($B$1+1)*($B$1+1)*($B$1+1)*($B$1+1) -> 35915.594 | BT5: =($B$2*$C$2*$D$2*$E$2*$E$5)*($B$1+1)*($B$1+1)*($B$1+1)*($B$1+1)*($B$1+1) -> 35915.594 | BU5: =($B$2*$C$2*$D$2*$E$2*$E$5)*($B$1+1)*($B$1+1)*($B$1+1)*($B$1+1)*($B$1+1) -> 35915.594 | ... BY5: =($B$2*$C$2*$D$2*$E$2*$E$5)*($B$1+1)*($B$1+1)*($B$1+1)*($B$1+1)*($B$1+1) -> 35915.594 | BZ5: =($B$2*$C$2*$D$2*$E$2*$E$5)*($B$1+1)*($B$1+1)*($B$1+1)*($B$1+1)*($B$1+1)*($B$1+1) -> 37352.217 | CA5: =($B$2*$C$2*$D$2*$E$2*$E$5)*($B$1+1)*($B$1+1)*($B$1+1)*($B$1+1)*($B$1+1)*($B$1+1) -> 37352.217 | CB5: =($B$2*$C$2*$D$2*$E$2*$E$5)*($B$1+1)*($B$1+1)*($B$1+1)*($B$1+1)*($B$1+1)*($B$1+1) -> 37352.217 | CC5: =($B$2*$C$2*$D$2*$E$2*$E$5)*($B$1+1)*($B$1+1)*($B$1+1)*($B$1+1)*($B$1+1)*($B$1+1) -> 37352.217 | CD5: =($B$2*$C$2*$D$2*$E$2*$E$5)*($B$1+1)*($B$1+1)*($B$1+1)*($B$1+1)*($B$1+1)*($B$1+1) -> 37352.217 | CE5: =($B$2*$C$2*$D$2*$E$2*$E$5)*($B$1+1)*($B$1+1)*($B$1+1)*($B$1+1)*($B$1+1)*($B$1+1) -> 37352.217 | CF5: =($B$2*$C$2*$D$2*$E$2*$E$5)*($B$1+1)*($B$1+1)*($B$1+1)*($B$1+1)*($B$1+1)*($B$1+1) -> 37352.217 | CG5: =($B$2*$C$2*$D$2*$E$2*$E$5)*($B$1+1)*($B$1+1)*($B$1+1)*($B$1+1)*($B$1+1)*($B$1+1) -> 37352.217 | ... CK5: =($B$2*$C$2*$D$2*$E$2*$E$5)*($B$1+1)*($B$1+1)*($B$1+1)*($B$1+1)*($B$1+1)*($B$1+1) -> 37352.217 | CL5: =($B$2*$C$2*$D$2*$E$2*$E$5)*($B$1+1)*($B$1+1)*($B$1+1)*($B$1+1)*($B$1+1)*($B$1+1)*($B$1+1) -> 38846.306 | CM5: =($B$2*$C$2*$D$2*$E$2*$E$5)*($B$1+1)*($B$1+1)*($B$1+1)*($B$1+1)*($B$1+1)*($B$1+1)*($B$1+1) -> 38846.306 | CN5: =($B$2*$C$2*$D$2*$E$2*$E$5)*($B$1+1)*($B$1+1)*($B$1+1)*($B$1+1)*($B$1+1)*($B$1+1)*($B$1+1) -> 38846.306 | CO5: =($B$2*$C$2*$D$2*$E$2*$E$5)*($B$1+1)*($B$1+1)*($B$1+1)*($B$1+1)*($B$1+1)*($B$1+1)*($B$1+1) -> 38846.306 | CP5: =($B$2*$C$2*$D$2*$E$2*$E$5)*($B$1+1)*($B$1+1)*($B$1+1)*($B$1+1)*($B$1+1)*($B$1+1)*($B$1+1) -> 38846.306 | CQ5: =($B$2*$C$2*$D$2*$E$2*$E$5)*($B$1+1)*($B$1+1)*($B$1+1)*($B$1+1)*($B$1+1)*($B$1+1)*($B$1+1) -> 38846.306 | CR5: =($B$2*$C$2*$D$2*$E$2*$E$5)*($B$1+1)*($B$1+1)*($B$1+1)*($B$1+1)*($B$1+1)*($B$1+1)*($B$1+1) -> 38846.306 | CS5: =($B$2*$C$2*$D$2*$E$2*$E$5)*($B$1+1)*($B$1+1)*($B$1+1)*($B$1+1)*($B$1+1)*($B$1+1)*($B$1+1) -> 38846.306 | ... CW5: =($B$2*$C$2*$D$2*$E$2*$E$5)*($B$1+1)*($B$1+1)*($B$1+1)*($B$1+1)*($B$1+1)*($B$1+1)*($B$1+1) -> 38846.306 | CX5: =($B$2*$C$2*$D$2*$E$2*$E$5)*($B$1+1)*($B$1+1)*($B$1+1)*($B$1+1)*($B$1+1)*($B$1+1)*($B$1+1)*($B$1+1) -> 40400.158 | CY5: =($B$2*$C$2*$D$2*$E$2*$E$5)*($B$1+1)*($B$1+1)*($B$1+1)*($B$1+1)*($B$1+1)*($B$1+1)*($B$1+1)*($B$1+1) -> 40400.158 | CZ5: =($B$2*$C$2*$D$2*$E$2*$E$5)*($B$1+1)*($B$1+1)*($B$1+1)*($B$1+1)*($B$1+1)*($B$1+1)*($B$1+1)*($B$1+1) -> 40400.158 | DA5: =($B$2*$C$2*$D$2*$E$2*$E$5)*($B$1+1)*($B$1+1)*($B$1+1)*($B$1+1)*($B$1+1)*($B$1+1)*($B$1+1)*($B$1+1) -> 40400.158 | DB5: =($B$2*$C$2*$D$2*$E$2*$E$5)*($B$1+1)*($B$1+1)*($B$1+1)*($B$1+1)*($B$1+1)*($B$1+1)*($B$1+1)*($B$1+1) -> 40400.158 | DC5: =($B$2*$C$2*$D$2*$E$2*$E$5)*($B$1+1)*($B$1+1)*($B$1+1)*($B$1+1)*($B$1+1)*($B$1+1)*($B$1+1)*($B$1+1) -> 40400.158 | DD5: =($B$2*$C$2*$D$2*$E$2*$E$5)*($B$1+1)*($B$1+1)*($B$1+1)*($B$1+1)*($B$1+1)*($B$1+1)*($B$1+1)*($B$1+1) -> 40400.158 | DE5: =($B$2*$C$2*$D$2*$E$2*$E$5)*($B$1+1)*($B$1+1)*($B$1+1)*($B$1+1)*($B$1+1)*($B$1+1)*($B$1+1)*($B$1+1) -> 40400.158 | ... DI5: =($B$2*$C$2*$D$2*$E$2*$E$5)*($B$1+1)*($B$1+1)*($B$1+1)*($B$1+1)*($B$1+1)*($B$1+1)*($B$1+1)*($B$1+1) -> 40400.158 | DJ5: =($B$2*$C$2*$D$2*$E$2*$E$5)*($B$1+1)*($B$1+1)*($B$1+1)*($B$1+1)*($B$1+1)*($B$1+1)*($B$1+1)*($B$1+1)*($B$1+1) -> 42016.165 | DK5: =($B$2*$C$2*$D$2*$E$2*$E$5)*($B$1+1)*($B$1+1)*($B$1+1)*($B$1+1)*($B$1+1)*($B$1+1)*($B$1+1)*($B$1+1) -> 40400.158 | DL5: =($B$2*$C$2*$D$2*$E$2*$E$5)*($B$1+1)*($B$1+1)*($B$1+1)*($B$1+1)*($B$1+1)*($B$1+1)*($B$1+1)*($B$1+1) -> 40400.158 | DM5: =($B$2*$C$2*$D$2*$E$2*$E$5)*($B$1+1)*($B$1+1)*($B$1+1)*($B$1+1)*($B$1+1)*($B$1+1)*($B$1+1)*($B$1+1) -> 40400.158 | DN5: =($B$2*$C$2*$D$2*$E$2*$E$5)*($B$1+1)*($B$1+1)*($B$1+1)*($B$1+1)*($B$1+1)*($B$1+1)*($B$1+1)*($B$1+1) -> 40400.158 | DO5: =($B$2*$C$2*$D$2*$E$2*$E$5)*($B$1+1)*($B$1+1)*($B$1+1)*($B$1+1)*($B$1+1)*($B$1+1)*($B$1+1)*($B$1+1) -> 40400.158 | DP5: =($B$2*$C$2*$D$2*$E$2*$E$5)*($B$1+1)*($B$1+1)*($B$1+1)*($B$1+1)*($B$1+1)*($B$1+1)*($B$1+1)*($B$1+1) -> 40400.158 | DQ5: =($B$2*$C$2*$D$2*$E$2*$E$5)*($B$1+1)*($B$1+1)*($B$1+1)*($B$1+1)*($B$1+1)*($B$1+1)*($B$1+1)*($B$1+1) -> 40400.158 | DR5: =($B$2*$C$2*$D$2*$E$2*$E$5)*($B$1+1)*($B$1+1)*($B$1+1)*($B$1+1)*($B$1+1)*($B$1+1)*($B$1+1)*($B$1+1) -> 40400.158 | ... DU5: =($B$2*$C$2*$D$2*$E$2*$E$5)*($B$1+1)*($B$1+1)*($B$1+1)*($B$1+1)*($B$1+1)*($B$1+1)*($B$1+1)*($B$1+1) -> 40400.158
A6: Avisos | B6: 60 | C6: 15 | D6: 23 | F6: =$B$6*$C$6*$D$6 -> 20700 | G6: =$B$6*$C$6*$D$6 -> 20700 | H6: =$B$6*$C$6*$D$6 -> 20700 | I6: =$B$6*$C$6*$D$6 -> 20700 | J6: =$B$6*$C$6*$D$6 -> 20700 | K6: =$B$6*$C$6*$D$6 -> 20700 | L6: =$B$6*$C$6*$D$6 -> 20700 | M6: =$B$6*$C$6*$D$6 -> 20700 | ... P6: =$B$6*$C$6*$D$6 -> 20700 | Q6: =$B$6*$C$6*$D$6*($B$1+1) -> 21528 | R6: =$B$6*$C$6*$D$6*($B$1+1) -> 21528 | S6: =$B$6*$C$6*$D$6*($B$1+1) -> 21528 | T6: =$B$6*$C$6*$D$6*($B$1+1) -> 21528 | U6: =$B$6*$C$6*$D$6*($B$1+1) -> 21528 | V6: =$B$6*$C$6*$D$6*($B$1+1) -> 21528 | W6: =$B$6*$C$6*$D$6*($B$1+1) -> 21528 | X6: =$B$6*$C$6*$D$6*($B$1+1) -> 21528 | ... AO6: =$B$6*$C$6*$D$6*($B$1+1) -> 21528 | AP6: =$B$6*$C$6*$D$6*($B$1+1)*($B$1+1) -> 22389.12 | AQ6: =$B$6*$C$6*$D$6*($B$1+1)*($B$1+1) -> 22389.12 | AR6: =$B$6*$C$6*$D$6*($B$1+1)*($B$1+1) -> 22389.12 | AS6: =$B$6*$C$6*$D$6*($B$1+1)*($B$1+1) -> 22389.12 | AT6: =$B$6*$C$6*$D$6*($B$1+1)*($B$1+1) -> 22389.12 | AU6: =$B$6*$C$6*$D$6*($B$1+1)*($B$1+1) -> 22389.12 | AV6: =$B$6*$C$6*$D$6*($B$1+1)*($B$1+1) -> 22389.12 | AW6: =$B$6*$C$6*$D$6*($B$1+1)*($B$1+1) -> 22389.12 | ... BA6: =$B$6*$C$6*$D$6*($B$1+1)*($B$1+1) -> 22389.12 | BB6: =$B$6*$C$6*$D$6*($B$1+1)*($B$1+1)*($B$1+1) -> 23284.685 | BC6: =$B$6*$C$6*$D$6*($B$1+1)*($B$1+1)*($B$1+1) -> 23284.685 | BD6: =$B$6*$C$6*$D$6*($B$1+1)*($B$1+1)*($B$1+1) -> 23284.685 | BE6: =$B$6*$C$6*$D$6*($B$1+1)*($B$1+1)*($B$1+1) -> 23284.685 | BF6: =$B$6*$C$6*$D$6*($B$1+1)*($B$1+1)*($B$1+1) -> 23284.685 | BG6: =$B$6*$C$6*$D$6*($B$1+1)*($B$1+1)*($B$1+1) -> 23284.685 | BH6: =$B$6*$C$6*$D$6*($B$1+1)*($B$1+1)*($B$1+1) -> 23284.685 | BI6: =$B$6*$C$6*$D$6*($B$1+1)*($B$1+1)*($B$1+1) -> 23284.685 | ... BM6: =$B$6*$C$6*$D$6*($B$1+1)*($B$1+1)*($B$1+1) -> 23284.685 | BN6: =$B$6*$C$6*$D$6*($B$1+1)*($B$1+1)*($B$1+1)*($B$1+1) -> 24216.072 | BO6: =$B$6*$C$6*$D$6*($B$1+1)*($B$1+1)*($B$1+1)*($B$1+1) -> 24216.072 | BP6: =$B$6*$C$6*$D$6*($B$1+1)*($B$1+1)*($B$1+1)*($B$1+1) -> 24216.072 | BQ6: =$B$6*$C$6*$D$6*($B$1+1)*($B$1+1)*($B$1+1)*($B$1+1) -> 24216.072 | BR6: =$B$6*$C$6*$D$6*($B$1+1)*($B$1+1)*($B$1+1)*($B$1+1) -> 24216.072 | BS6: =$B$6*$C$6*$D$6*($B$1+1)*($B$1+1)*($B$1+1)*($B$1+1) -> 24216.072 | BT6: =$B$6*$C$6*$D$6*($B$1+1)*($B$1+1)*($B$1+1)*($B$1+1) -> 24216.072 | BU6: =$B$6*$C$6*$D$6*($B$1+1)*($B$1+1)*($B$1+1)*($B$1+1) -> 24216.072 | ... BY6: =$B$6*$C$6*$D$6*($B$1+1)*($B$1+1)*($B$1+1)*($B$1+1) -> 24216.072 | BZ6: =$B$6*$C$6*$D$6*($B$1+1)*($B$1+1)*($B$1+1)*($B$1+1)*($B$1+1) -> 25184.715 | CA6: =$B$6*$C$6*$D$6*($B$1+1)*($B$1+1)*($B$1+1)*($B$1+1)*($B$1+1) -> 25184.715 | CB6: =$B$6*$C$6*$D$6*($B$1+1)*($B$1+1)*($B$1+1)*($B$1+1)*($B$1+1) -> 25184.715 | CC6: =$B$6*$C$6*$D$6*($B$1+1)*($B$1+1)*($B$1+1)*($B$1+1)*($B$1+1) -> 25184.715 | CD6: =$B$6*$C$6*$D$6*($B$1+1)*($B$1+1)*($B$1+1)*($B$1+1)*($B$1+1) -> 25184.715 | CE6: =$B$6*$C$6*$D$6*($B$1+1)*($B$1+1)*($B$1+1)*($B$1+1)*($B$1+1) -> 25184.715 | CF6: =$B$6*$C$6*$D$6*($B$1+1)*($B$1+1)*($B$1+1)*($B$1+1)*($B$1+1) -> 25184.715 | CG6: =$B$6*$C$6*$D$6*($B$1+1)*($B$1+1)*($B$1+1)*($B$1+1)*($B$1+1) -> 25184.715 | ... CK6: =$B$6*$C$6*$D$6*($B$1+1)*($B$1+1)*($B$1+1)*($B$1+1)*($B$1+1) -> 25184.715 | CL6: =$B$6*$C$6*$D$6*($B$1+1)*($B$1+1)*($B$1+1)*($B$1+1)*($B$1+1)*($B$1+1) -> 26192.104 | CM6: =$B$6*$C$6*$D$6*($B$1+1)*($B$1+1)*($B$1+1)*($B$1+1)*($B$1+1)*($B$1+1) -> 26192.104 | CN6: =$B$6*$C$6*$D$6*($B$1+1)*($B$1+1)*($B$1+1)*($B$1+1)*($B$1+1)*($B$1+1) -> 26192.104 | CO6: =$B$6*$C$6*$D$6*($B$1+1)*($B$1+1)*($B$1+1)*($B$1+1)*($B$1+1)*($B$1+1) -> 26192.104 | CP6: =$B$6*$C$6*$D$6*($B$1+1)*($B$1+1)*($B$1+1)*($B$1+1)*($B$1+1)*($B$1+1) -> 26192.104 | CQ6: =$B$6*$C$6*$D$6*($B$1+1)*($B$1+1)*($B$1+1)*($B$1+1)*($B$1+1)*($B$1+1) -> 26192.104 | CR6: =$B$6*$C$6*$D$6*($B$1+1)*($B$1+1)*($B$1+1)*($B$1+1)*($B$1+1)*($B$1+1) -> 26192.104 | CS6: =$B$6*$C$6*$D$6*($B$1+1)*($B$1+1)*($B$1+1)*($B$1+1)*($B$1+1)*($B$1+1) -> 26192.104 | ... CW6: =$B$6*$C$6*$D$6*($B$1+1)*($B$1+1)*($B$1+1)*($B$1+1)*($B$1+1)*($B$1+1) -> 26192.104 | CX6: =$B$6*$C$6*$D$6*($B$1+1)*($B$1+1)*($B$1+1)*($B$1+1)*($B$1+1)*($B$1+1)*($B$1+1) -> 27239.788 | CY6: =$B$6*$C$6*$D$6*($B$1+1)*($B$1+1)*($B$1+1)*($B$1+1)*($B$1+1)*($B$1+1)*($B$1+1) -> 27239.788 | CZ6: =$B$6*$C$6*$D$6*($B$1+1)*($B$1+1)*($B$1+1)*($B$1+1)*($B$1+1)*($B$1+1)*($B$1+1) -> 27239.788 | DA6: =$B$6*$C$6*$D$6*($B$1+1)*($B$1+1)*($B$1+1)*($B$1+1)*($B$1+1)*($B$1+1)*($B$1+1) -> 27239.788 | DB6: =$B$6*$C$6*$D$6*($B$1+1)*($B$1+1)*($B$1+1)*($B$1+1)*($B$1+1)*($B$1+1)*($B$1+1) -> 27239.788 | DC6: =$B$6*$C$6*$D$6*($B$1+1)*($B$1+1)*($B$1+1)*($B$1+1)*($B$1+1)*($B$1+1)*($B$1+1) -> 27239.788 | DD6: =$B$6*$C$6*$D$6*($B$1+1)*($B$1+1)*($B$1+1)*($B$1+1)*($B$1+1)*($B$1+1)*($B$1+1) -> 27239.788 | DE6: =$B$6*$C$6*$D$6*($B$1+1)*($B$1+1)*($B$1+1)*($B$1+1)*($B$1+1)*($B$1+1)*($B$1+1) -> 27239.788 | ... DU6: =$B$6*$C$6*$D$6*($B$1+1)*($B$1+1)*($B$1+1)*($B$1+1)*($B$1+1)*($B$1+1)*($B$1+1) -> 27239.788
A7: TOTAL FATURAMENTO MENSAL | F7: =SUM(F2:F6) -> 119100 | G7: =SUM(G2:G6) -> 119100 | H7: =SUM(H2:H6) -> 119100 | I7: =SUM(I2:I6) -> 119100 | J7: =SUM(J2:J6) -> 119100 | K7: =SUM(K2:K6) -> 119100 | L7: =SUM(L2:L6) -> 119100 | M7: =SUM(M2:M6) -> 119100 | ... DU7: =SUM(DU2:DU6) -> 161906.98
A8: PIS/COFINS/CSLL/IRPJ/ISS | B8: =0.135+0.04 -> 0.175 | F8: =-F7*$B$8 -> -20842.5 | G8: =-G7*$B$8 -> -20842.5 | H8: =-H7*$B$8 -> -20842.5 | I8: =-I7*$B$8 -> -20842.5 | J8: =-J7*$B$8 -> -20842.5 | K8: =-K7*$B$8 -> -20842.5 | L8: =-L7*$B$8 -> -20842.5 | M8: =-M7*$B$8 -> -20842.5 | ... DU8: =-DU7*$B$8 -> -28333.722
A9: Receita Líquida | F9: =SUM(F7:F8) -> 98257.5 | G9: =SUM(G7:G8) -> 98257.5 | H9: =SUM(H7:H8) -> 98257.5 | I9: =SUM(I7:I8) -> 98257.5 | J9: =SUM(J7:J8) -> 98257.5 | K9: =SUM(K7:K8) -> 98257.5 | L9: =SUM(L7:L8) -> 98257.5 | M9: =SUM(M7:M8) -> 98257.5 | ... DU9: =SUM(DU7:DU8) -> 133573.26
A11: Despesas
A12: Repasse Prefeitura | B12: 0.07 | F12: =-$B$12*F7 -> -8337 | G12: =-$B$12*G7 -> -8337 | H12: =-$B$12*H7 -> -8337 | I12: =-$B$12*I7 -> -8337 | J12: =-$B$12*J7 -> -8337 | K12: =-$B$12*K7 -> -8337 | L12: =-$B$12*L7 -> -8337 | M12: =-$B$12*M7 -> -8337 | ... DU12: =-$B$12*DU7 -> -11333.489
A13: Mão de Obra | B13: ='Mão de Obra'!#REF! -> #REF! | F13: =-$B$13 -> #REF! | G13: =-$B$13 -> #REF! | H13: =-$B$13 -> #REF! | I13: =-$B$13 -> #REF! | J13: =-$B$13 -> #REF! | K13: =-$B$13 -> #REF! | L13: =-$B$13 -> #REF! | M13: =-$B$13 -> #REF! | ... P13: =-$B$13 -> #REF! | Q13: =-$B13*(1+$B$1)^0 -> #REF! | R13: =-$B13*(1+$B$1)^1 -> #REF! | S13: =-$B13*(1+$B$1)^1 -> #REF! | T13: =-$B13*(1+$B$1)^1 -> #REF! | U13: =-$B13*(1+$B$1)^1 -> #REF! | V13: =-$B13*(1+$B$1)^1 -> #REF! | W13: =-$B13*(1+$B$1)^1 -> #REF! | X13: =-$B13*(1+$B$1)^1 -> #REF! | Y13: =-$B13*(1+$B$1)^1 -> #REF! | ... AC13: =-$B13*(1+$B$1)^1 -> #REF! | AD13: =-$B13*(1+$B$1)^2 -> #REF! | AE13: =-$B13*(1+$B$1)^2 -> #REF! | AF13: =-$B13*(1+$B$1)^2 -> #REF! | AG13: =-$B13*(1+$B$1)^2 -> #REF! | AH13: =-$B13*(1+$B$1)^2 -> #REF! | AI13: =-$B13*(1+$B$1)^2 -> #REF! | AJ13: =-$B13*(1+$B$1)^2 -> #REF! | AK13: =-$B13*(1+$B$1)^2 -> #REF! | ... AO13: =-$B13*(1+$B$1)^2 -> #REF! | AP13: =-$B13*(1+$B$1)^3 -> #REF! | AQ13: =-$B13*(1+$B$1)^3 -> #REF! | AR13: =-$B13*(1+$B$1)^3 -> #REF! | AS13: =-$B13*(1+$B$1)^3 -> #REF! | AT13: =-$B13*(1+$B$1)^3 -> #REF! | AU13: =-$B13*(1+$B$1)^3 -> #REF! | AV13: =-$B13*(1+$B$1)^3 -> #REF! | AW13: =-$B13*(1+$B$1)^3 -> #REF! | ... BA13: =-$B13*(1+$B$1)^3 -> #REF! | BB13: =-$B13*(1+$B$1)^4 -> #REF! | BC13: =-$B13*(1+$B$1)^4 -> #REF! | BD13: =-$B13*(1+$B$1)^4 -> #REF! | BE13: =-$B13*(1+$B$1)^4 -> #REF! | BF13: =-$B13*(1+$B$1)^4 -> #REF! | BG13: =-$B13*(1+$B$1)^4 -> #REF! | BH13: =-$B13*(1+$B$1)^4 -> #REF! | BI13: =-$B13*(1+$B$1)^4 -> #REF! | ... BM13: =-$B13*(1+$B$1)^4 -> #REF! | BN13: =-$B13*(1+$B$1)^5 -> #REF! | BO13: =-$B13*(1+$B$1)^5 -> #REF! | BP13: =-$B13*(1+$B$1)^5 -> #REF! | BQ13: =-$B13*(1+$B$1)^5 -> #REF! | BR13: =-$B13*(1+$B$1)^5 -> #REF! | BS13: =-$B13*(1+$B$1)^5 -> #REF! | BT13: =-$B13*(1+$B$1)^5 -> #REF! | BU13: =-$B13*(1+$B$1)^5 -> #REF! | ... BY13: =-$B13*(1+$B$1)^5 -> #REF! | BZ13: =-$B13*(1+$B$1)^6 -> #REF! | CA13: =-$B13*(1+$B$1)^6 -> #REF! | CB13: =-$B13*(1+$B$1)^6 -> #REF! | CC13: =-$B13*(1+$B$1)^6 -> #REF! | CD13: =-$B13*(1+$B$1)^6 -> #REF! | CE13: =-$B13*(1+$B$1)^6 -> #REF! | CF13: =-$B13*(1+$B$1)^6 -> #REF! | CG13: =-$B13*(1+$B$1)^6 -> #REF! | ... CK13: =-$B13*(1+$B$1)^6 -> #REF! | CL13: =-$B13*(1+$B$1)^7 -> #REF! | CM13: =-$B13*(1+$B$1)^7 -> #REF! | CN13: =-$B13*(1+$B$1)^7 -> #REF! | CO13: =-$B13*(1+$B$1)^7 -> #REF! | CP13: =-$B13*(1+$B$1)^7 -> #REF! | CQ13: =-$B13*(1+$B$1)^7 -> #REF! | CR13: =-$B13*(1+$B$1)^7 -> #REF! | CS13: =-$B13*(1+$B$1)^7 -> #REF! | ... CW13: =-$B13*(1+$B$1)^7 -> #REF! | CX13: =-$B13*(1+$B$1)^8 -> #REF! | CY13: =-$B13*(1+$B$1)^8 -> #REF! | CZ13: =-$B13*(1+$B$1)^8 -> #REF! | DA13: =-$B13*(1+$B$1)^8 -> #REF! | DB13: =-$B13*(1+$B$1)^8 -> #REF! | DC13: =-$B13*(1+$B$1)^8 -> #REF! | DD13: =-$B13*(1+$B$1)^8 -> #REF! | DE13: =-$B13*(1+$B$1)^8 -> #REF! | ... DI13: =-$B13*(1+$B$1)^8 -> #REF! | DJ13: =-$B13*(1+$B$1)^9 -> #REF! | DK13: =-$B13*(1+$B$1)^9 -> #REF! | DL13: =-$B13*(1+$B$1)^9 -> #REF! | DM13: =-$B13*(1+$B$1)^9 -> #REF! | DN13: =-$B13*(1+$B$1)^9 -> #REF! | DO13: =-$B13*(1+$B$1)^9 -> #REF! | DP13: =-$B13*(1+$B$1)^9 -> #REF! | DQ13: =-$B13*(1+$B$1)^9 -> #REF! | ... DU13: =-$B13*(1+$B$1)^9 -> #REF!
A14: Encargos Trabalhistas | B14: ='Mão de Obra'!#REF! -> #REF! | F14: =-$B$14 -> #REF! | G14: =-$B$14 -> #REF! | H14: =-$B$14 -> #REF! | I14: =-$B$14 -> #REF! | J14: =-$B$14 -> #REF! | K14: =-$B$14 -> #REF! | L14: =-$B$14 -> #REF! | M14: =-$B$14 -> #REF! | ... P14: =-$B$14 -> #REF! | Q14: =-$B14*(1+$B$1)^0 -> #REF! | R14: =-$B14*(1+$B$1)^1 -> #REF! | S14: =-$B14*(1+$B$1)^1 -> #REF! | T14: =-$B14*(1+$B$1)^1 -> #REF! | U14: =-$B14*(1+$B$1)^1 -> #REF! | V14: =-$B14*(1+$B$1)^1 -> #REF! | W14: =-$B14*(1+$B$1)^1 -> #REF! | X14: =-$B14*(1+$B$1)^1 -> #REF! | Y14: =-$B14*(1+$B$1)^1 -> #REF! | ... AC14: =-$B14*(1+$B$1)^1 -> #REF! | AD14: =-$B14*(1+$B$1)^2 -> #REF! | AE14: =-$B14*(1+$B$1)^2 -> #REF! | AF14: =-$B14*(1+$B$1)^2 -> #REF! | AG14: =-$B14*(1+$B$1)^2 -> #REF! | AH14: =-$B14*(1+$B$1)^2 -> #REF! | AI14: =-$B14*(1+$B$1)^2 -> #REF! | AJ14: =-$B14*(1+$B$1)^2 -> #REF! | AK14: =-$B14*(1+$B$1)^2 -> #REF! | ... AO14: =-$B14*(1+$B$1)^2 -> #REF! | AP14: =-$B14*(1+$B$1)^3 -> #REF! | AQ14: =-$B14*(1+$B$1)^3 -> #REF! | AR14: =-$B14*(1+$B$1)^3 -> #REF! | AS14: =-$B14*(1+$B$1)^3 -> #REF! | AT14: =-$B14*(1+$B$1)^3 -> #REF! | AU14: =-$B14*(1+$B$1)^3 -> #REF! | AV14: =-$B14*(1+$B$1)^3 -> #REF! | AW14: =-$B14*(1+$B$1)^3 -> #REF! | ... BA14: =-$B14*(1+$B$1)^3 -> #REF! | BB14: =-$B14*(1+$B$1)^4 -> #REF! | BC14: =-$B14*(1+$B$1)^4 -> #REF! | BD14: =-$B14*(1+$B$1)^4 -> #REF! | BE14: =-$B14*(1+$B$1)^4 -> #REF! | BF14: =-$B14*(1+$B$1)^4 -> #REF! | BG14: =-$B14*(1+$B$1)^4 -> #REF! | BH14: =-$B14*(1+$B$1)^4 -> #REF! | BI14: =-$B14*(1+$B$1)^4 -> #REF! | ... BM14: =-$B14*(1+$B$1)^4 -> #REF! | BN14: =-$B14*(1+$B$1)^5 -> #REF! | BO14: =-$B14*(1+$B$1)^5 -> #REF! | BP14: =-$B14*(1+$B$1)^5 -> #REF! | BQ14: =-$B14*(1+$B$1)^5 -> #REF! | BR14: =-$B14*(1+$B$1)^5 -> #REF! | BS14: =-$B14*(1+$B$1)^5 -> #REF! | BT14: =-$B14*(1+$B$1)^5 -> #REF! | BU14: =-$B14*(1+$B$1)^5 -> #REF! | ... BY14: =-$B14*(1+$B$1)^5 -> #REF! | BZ14: =-$B14*(1+$B$1)^6 -> #REF! | CA14: =-$B14*(1+$B$1)^6 -> #REF! | CB14: =-$B14*(1+$B$1)^6 -> #REF! | CC14: =-$B14*(1+$B$1)^6 -> #REF! | CD14: =-$B14*(1+$B$1)^6 -> #REF! | CE14: =-$B14*(1+$B$1)^6 -> #REF! | CF14: =-$B14*(1+$B$1)^6 -> #REF! | CG14: =-$B14*(1+$B$1)^6 -> #REF! | ... CK14: =-$B14*(1+$B$1)^6 -> #REF! | CL14: =-$B14*(1+$B$1)^7 -> #REF! | CM14: =-$B14*(1+$B$1)^7 -> #REF! | CN14: =-$B14*(1+$B$1)^7 -> #REF! | CO14: =-$B14*(1+$B$1)^7 -> #REF! | CP14: =-$B14*(1+$B$1)^7 -> #REF! | CQ14: =-$B14*(1+$B$1)^7 -> #REF! | CR14: =-$B14*(1+$B$1)^7 -> #REF! | CS14: =-$B14*(1+$B$1)^7 -> #REF! | ... CW14: =-$B14*(1+$B$1)^7 -> #REF! | CX14: =-$B14*(1+$B$1)^8 -> #REF! | CY14: =-$B14*(1+$B$1)^8 -> #REF! | CZ14: =-$B14*(1+$B$1)^8 -> #REF! | DA14: =-$B14*(1+$B$1)^8 -> #REF! | DB14: =-$B14*(1+$B$1)^8 -> #REF! | DC14: =-$B14*(1+$B$1)^8 -> #REF! | DD14: =-$B14*(1+$B$1)^8 -> #REF! | DE14: =-$B14*(1+$B$1)^8 -> #REF! | ... DI14: =-$B14*(1+$B$1)^8 -> #REF! | DJ14: =-$B14*(1+$B$1)^9 -> #REF! | DK14: =-$B14*(1+$B$1)^9 -> #REF! | DL14: =-$B14*(1+$B$1)^9 -> #REF! | DM14: =-$B14*(1+$B$1)^9 -> #REF! | DN14: =-$B14*(1+$B$1)^9 -> #REF! | DO14: =-$B14*(1+$B$1)^9 -> #REF! | DP14: =-$B14*(1+$B$1)^9 -> #REF! | DQ14: =-$B14*(1+$B$1)^9 -> #REF! | ... DU14: =-$B14*(1+$B$1)^9 -> #REF!
A15: Vale Refeição | B15: 3312 | F15: =-$B$15 -> -3312 | G15: =-$B$15 -> -3312 | H15: =-$B$15 -> -3312 | I15: =-$B$15 -> -3312 | J15: =-$B$15 -> -3312 | K15: =-$B$15 -> -3312 | L15: =-$B$15 -> -3312 | M15: =-$B$15 -> -3312 | ... P15: =-$B$15 -> -3312 | Q15: =-$B15*(1+$B$1)^0 -> -3312 | R15: =-$B15*(1+$B$1)^1 -> -3444.48 | S15: =-$B15*(1+$B$1)^1 -> -3444.48 | T15: =-$B15*(1+$B$1)^1 -> -3444.48 | U15: =-$B15*(1+$B$1)^1 -> -3444.48 | V15: =-$B15*(1+$B$1)^1 -> -3444.48 | W15: =-$B15*(1+$B$1)^1 -> -3444.48 | X15: =-$B15*(1+$B$1)^1 -> -3444.48 | Y15: =-$B15*(1+$B$1)^1 -> -3444.48 | ... AC15: =-$B15*(1+$B$1)^1 -> -3444.48 | AD15: =-$B15*(1+$B$1)^2 -> -3582.2592 | AE15: =-$B15*(1+$B$1)^2 -> -3582.2592 | AF15: =-$B15*(1+$B$1)^2 -> -3582.2592 | AG15: =-$B15*(1+$B$1)^2 -> -3582.2592 | AH15: =-$B15*(1+$B$1)^2 -> -3582.2592 | AI15: =-$B15*(1+$B$1)^2 -> -3582.2592 | AJ15: =-$B15*(1+$B$1)^2 -> -3582.2592 | AK15: =-$B15*(1+$B$1)^2 -> -3582.2592 | ... AO15: =-$B15*(1+$B$1)^2 -> -3582.2592 | AP15: =-$B15*(1+$B$1)^3 -> -3725.5496 | AQ15: =-$B15*(1+$B$1)^3 -> -3725.5496 | AR15: =-$B15*(1+$B$1)^3 -> -3725.5496 | AS15: =-$B15*(1+$B$1)^3 -> -3725.5496 | AT15: =-$B15*(1+$B$1)^3 -> -3725.5496 | AU15: =-$B15*(1+$B$1)^3 -> -3725.5496 | AV15: =-$B15*(1+$B$1)^3 -> -3725.5496 | AW15: =-$B15*(1+$B$1)^3 -> -3725.5496 | ... BA15: =-$B15*(1+$B$1)^3 -> -3725.5496 | BB15: =-$B15*(1+$B$1)^4 -> -3874.5716 | BC15: =-$B15*(1+$B$1)^4 -> -3874.5716 | BD15: =-$B15*(1+$B$1)^4 -> -3874.5716 | BE15: =-$B15*(1+$B$1)^4 -> -3874.5716 | BF15: =-$B15*(1+$B$1)^4 -> -3874.5716 | BG15: =-$B15*(1+$B$1)^4 -> -3874.5716 | BH15: =-$B15*(1+$B$1)^4 -> -3874.5716 | BI15: =-$B15*(1+$B$1)^4 -> -3874.5716 | ... BM15: =-$B15*(1+$B$1)^4 -> -3874.5716 | BN15: =-$B15*(1+$B$1)^5 -> -4029.5544 | BO15: =-$B15*(1+$B$1)^5 -> -4029.5544 | BP15: =-$B15*(1+$B$1)^5 -> -4029.5544 | BQ15: =-$B15*(1+$B$1)^5 -> -4029.5544 | BR15: =-$B15*(1+$B$1)^5 -> -4029.5544 | BS15: =-$B15*(1+$B$1)^5 -> -4029.5544 | BT15: =-$B15*(1+$B$1)^5 -> -4029.5544 | BU15: =-$B15*(1+$B$1)^5 -> -4029.5544 | ... BY15: =-$B15*(1+$B$1)^5 -> -4029.5544 | BZ15: =-$B15*(1+$B$1)^6 -> -4190.7366 | CA15: =-$B15*(1+$B$1)^6 -> -4190.7366 | CB15: =-$B15*(1+$B$1)^6 -> -4190.7366 | CC15: =-$B15*(1+$B$1)^6 -> -4190.7366 | CD15: =-$B15*(1+$B$1)^6 -> -4190.7366 | CE15: =-$B15*(1+$B$1)^6 -> -4190.7366 | CF15: =-$B15*(1+$B$1)^6 -> -4190.7366 | CG15: =-$B15*(1+$B$1)^6 -> -4190.7366 | ... CK15: =-$B15*(1+$B$1)^6 -> -4190.7366 | CL15: =-$B15*(1+$B$1)^7 -> -4358.3661 | CM15: =-$B15*(1+$B$1)^7 -> -4358.3661 | CN15: =-$B15*(1+$B$1)^7 -> -4358.3661 | CO15: =-$B15*(1+$B$1)^7 -> -4358.3661 | CP15: =-$B15*(1+$B$1)^7 -> -4358.3661 | CQ15: =-$B15*(1+$B$1)^7 -> -4358.3661 | CR15: =-$B15*(1+$B$1)^7 -> -4358.3661 | CS15: =-$B15*(1+$B$1)^7 -> -4358.3661 | ... CW15: =-$B15*(1+$B$1)^7 -> -4358.3661 | CX15: =-$B15*(1+$B$1)^8 -> -4532.7007 | CY15: =-$B15*(1+$B$1)^8 -> -4532.7007 | CZ15: =-$B15*(1+$B$1)^8 -> -4532.7007 | DA15: =-$B15*(1+$B$1)^8 -> -4532.7007 | DB15: =-$B15*(1+$B$1)^8 -> -4532.7007 | DC15: =-$B15*(1+$B$1)^8 -> -4532.7007 | DD15: =-$B15*(1+$B$1)^8 -> -4532.7007 | DE15: =-$B15*(1+$B$1)^8 -> -4532.7007 | ... DI15: =-$B15*(1+$B$1)^8 -> -4532.7007 | DJ15: =-$B15*(1+$B$1)^9 -> -4714.0087 | DK15: =-$B15*(1+$B$1)^9 -> -4714.0087 | DL15: =-$B15*(1+$B$1)^9 -> -4714.0087 | DM15: =-$B15*(1+$B$1)^9 -> -4714.0087 | DN15: =-$B15*(1+$B$1)^9 -> -4714.0087 | DO15: =-$B15*(1+$B$1)^9 -> -4714.0087 | DP15: =-$B15*(1+$B$1)^9 -> -4714.0087 | DQ15: =-$B15*(1+$B$1)^9 -> -4714.0087 | ... DU15: =-$B15*(1+$B$1)^9 -> -4714.0087
A16: Vale Transporte | B16: 1398.4 | F16: =-$B$16 -> -1398.4 | G16: =-$B$16 -> -1398.4 | H16: =-$B$16 -> -1398.4 | I16: =-$B$16 -> -1398.4 | J16: =-$B$16 -> -1398.4 | K16: =-$B$16 -> -1398.4 | L16: =-$B$16 -> -1398.4 | M16: =-$B$16 -> -1398.4 | ... P16: =-$B$16 -> -1398.4 | Q16: =-$B16*(1+$B$1)^0 -> -1398.4 | R16: =-$B16*(1+$B$1)^1 -> -1454.336 | S16: =-$B16*(1+$B$1)^1 -> -1454.336 | T16: =-$B16*(1+$B$1)^1 -> -1454.336 | U16: =-$B16*(1+$B$1)^1 -> -1454.336 | V16: =-$B16*(1+$B$1)^1 -> -1454.336 | W16: =-$B16*(1+$B$1)^1 -> -1454.336 | X16: =-$B16*(1+$B$1)^1 -> -1454.336 | Y16: =-$B16*(1+$B$1)^1 -> -1454.336 | ... AC16: =-$B16*(1+$B$1)^1 -> -1454.336 | AD16: =-$B16*(1+$B$1)^2 -> -1512.5094 | AE16: =-$B16*(1+$B$1)^2 -> -1512.5094 | AF16: =-$B16*(1+$B$1)^2 -> -1512.5094 | AG16: =-$B16*(1+$B$1)^2 -> -1512.5094 | AH16: =-$B16*(1+$B$1)^2 -> -1512.5094 | AI16: =-$B16*(1+$B$1)^2 -> -1512.5094 | AJ16: =-$B16*(1+$B$1)^2 -> -1512.5094 | AK16: =-$B16*(1+$B$1)^2 -> -1512.5094 | ... AO16: =-$B16*(1+$B$1)^2 -> -1512.5094 | AP16: =-$B16*(1+$B$1)^3 -> -1573.0098 | AQ16: =-$B16*(1+$B$1)^3 -> -1573.0098 | AR16: =-$B16*(1+$B$1)^3 -> -1573.0098 | AS16: =-$B16*(1+$B$1)^3 -> -1573.0098 | AT16: =-$B16*(1+$B$1)^3 -> -1573.0098 | AU16: =-$B16*(1+$B$1)^3 -> -1573.0098 | AV16: =-$B16*(1+$B$1)^3 -> -1573.0098 | AW16: =-$B16*(1+$B$1)^3 -> -1573.0098 | ... BA16: =-$B16*(1+$B$1)^3 -> -1573.0098 | BB16: =-$B16*(1+$B$1)^4 -> -1635.9302 | BC16: =-$B16*(1+$B$1)^4 -> -1635.9302 | BD16: =-$B16*(1+$B$1)^4 -> -1635.9302 | BE16: =-$B16*(1+$B$1)^4 -> -1635.9302 | BF16: =-$B16*(1+$B$1)^4 -> -1635.9302 | BG16: =-$B16*(1+$B$1)^4 -> -1635.9302 | BH16: =-$B16*(1+$B$1)^4 -> -1635.9302 | BI16: =-$B16*(1+$B$1)^4 -> -1635.9302 | ... BM16: =-$B16*(1+$B$1)^4 -> -1635.9302 | BN16: =-$B16*(1+$B$1)^5 -> -1701.3674 | BO16: =-$B16*(1+$B$1)^5 -> -1701.3674 | BP16: =-$B16*(1+$B$1)^5 -> -1701.3674 | BQ16: =-$B16*(1+$B$1)^5 -> -1701.3674 | BR16: =-$B16*(1+$B$1)^5 -> -1701.3674 | BS16: =-$B16*(1+$B$1)^5 -> -1701.3674 | BT16: =-$B16*(1+$B$1)^5 -> -1701.3674 | BU16: =-$B16*(1+$B$1)^5 -> -1701.3674 | ... BY16: =-$B16*(1+$B$1)^5 -> -1701.3674 | BZ16: =-$B16*(1+$B$1)^6 -> -1769.4221 | CA16: =-$B16*(1+$B$1)^6 -> -1769.4221 | CB16: =-$B16*(1+$B$1)^6 -> -1769.4221 | CC16: =-$B16*(1+$B$1)^6 -> -1769.4221 | CD16: =-$B16*(1+$B$1)^6 -> -1769.4221 | CE16: =-$B16*(1+$B$1)^6 -> -1769.4221 | CF16: =-$B16*(1+$B$1)^6 -> -1769.4221 | CG16: =-$B16*(1+$B$1)^6 -> -1769.4221 | ... CK16: =-$B16*(1+$B$1)^6 -> -1769.4221 | CL16: =-$B16*(1+$B$1)^7 -> -1840.199 | CM16: =-$B16*(1+$B$1)^7 -> -1840.199 | CN16: =-$B16*(1+$B$1)^7 -> -1840.199 | CO16: =-$B16*(1+$B$1)^7 -> -1840.199 | CP16: =-$B16*(1+$B$1)^7 -> -1840.199 | CQ16: =-$B16*(1+$B$1)^7 -> -1840.199 | CR16: =-$B16*(1+$B$1)^7 -> -1840.199 | CS16: =-$B16*(1+$B$1)^7 -> -1840.199 | ... CW16: =-$B16*(1+$B$1)^7 -> -1840.199 | CX16: =-$B16*(1+$B$1)^8 -> -1913.807 | CY16: =-$B16*(1+$B$1)^8 -> -1913.807 | CZ16: =-$B16*(1+$B$1)^8 -> -1913.807 | DA16: =-$B16*(1+$B$1)^8 -> -1913.807 | DB16: =-$B16*(1+$B$1)^8 -> -1913.807 | DC16: =-$B16*(1+$B$1)^8 -> -1913.807 | DD16: =-$B16*(1+$B$1)^8 -> -1913.807 | DE16: =-$B16*(1+$B$1)^8 -> -1913.807 | ... DI16: =-$B16*(1+$B$1)^8 -> -1913.807 | DJ16: =-$B16*(1+$B$1)^9 -> -1990.3592 | DK16: =-$B16*(1+$B$1)^9 -> -1990.3592 | DL16: =-$B16*(1+$B$1)^9 -> -1990.3592 | DM16: =-$B16*(1+$B$1)^9 -> -1990.3592 | DN16: =-$B16*(1+$B$1)^9 -> -1990.3592 | DO16: =-$B16*(1+$B$1)^9 -> -1990.3592 | DP16: =-$B16*(1+$B$1)^9 -> -1990.3592 | DQ16: =-$B16*(1+$B$1)^9 -> -1990.3592 | ... DU16: =-$B16*(1+$B$1)^9 -> -1990.3592
A17: Aluguel escritório | B17: 1500 | F17: =-$B$17 -> -1500 | G17: =-$B$17 -> -1500 | H17: =-$B$17 -> -1500 | I17: =-$B$17 -> -1500 | J17: =-$B$17 -> -1500 | K17: =-$B$17 -> -1500 | L17: =-$B$17 -> -1500 | M17: =-$B$17 -> -1500 | ... P17: =-$B$17 -> -1500 | Q17: =-$B17*(1+$B$1)^0 -> -1500 | R17: =-$B17*(1+$B$1)^1 -> -1560 | S17: =-$B17*(1+$B$1)^1 -> -1560 | T17: =-$B17*(1+$B$1)^1 -> -1560 | U17: =-$B17*(1+$B$1)^1 -> -1560 | V17: =-$B17*(1+$B$1)^1 -> -1560 | W17: =-$B17*(1+$B$1)^1 -> -1560 | X17: =-$B17*(1+$B$1)^1 -> -1560 | Y17: =-$B17*(1+$B$1)^1 -> -1560 | ... AC17: =-$B17*(1+$B$1)^1 -> -1560 | AD17: =-$B17*(1+$B$1)^2 -> -1622.4 | AE17: =-$B17*(1+$B$1)^2 -> -1622.4 | AF17: =-$B17*(1+$B$1)^2 -> -1622.4 | AG17: =-$B17*(1+$B$1)^2 -> -1622.4 | AH17: =-$B17*(1+$B$1)^2 -> -1622.4 | AI17: =-$B17*(1+$B$1)^2 -> -1622.4 | AJ17: =-$B17*(1+$B$1)^2 -> -1622.4 | AK17: =-$B17*(1+$B$1)^2 -> -1622.4 | ... AO17: =-$B17*(1+$B$1)^2 -> -1622.4 | AP17: =-$B17*(1+$B$1)^3 -> -1687.296 | AQ17: =-$B17*(1+$B$1)^3 -> -1687.296 | AR17: =-$B17*(1+$B$1)^3 -> -1687.296 | AS17: =-$B17*(1+$B$1)^3 -> -1687.296 | AT17: =-$B17*(1+$B$1)^3 -> -1687.296 | AU17: =-$B17*(1+$B$1)^3 -> -1687.296 | AV17: =-$B17*(1+$B$1)^3 -> -1687.296 | AW17: =-$B17*(1+$B$1)^3 -> -1687.296 | ... BA17: =-$B17*(1+$B$1)^3 -> -1687.296 | BB17: =-$B17*(1+$B$1)^4 -> -1754.7878 | BC17: =-$B17*(1+$B$1)^4 -> -1754.7878 | BD17: =-$B17*(1+$B$1)^4 -> -1754.7878 | BE17: =-$B17*(1+$B$1)^4 -> -1754.7878 | BF17: =-$B17*(1+$B$1)^4 -> -1754.7878 | BG17: =-$B17*(1+$B$1)^4 -> -1754.7878 | BH17: =-$B17*(1+$B$1)^4 -> -1754.7878 | BI17: =-$B17*(1+$B$1)^4 -> -1754.7878 | ... BM17: =-$B17*(1+$B$1)^4 -> -1754.7878 | BN17: =-$B17*(1+$B$1)^5 -> -1824.9794 | BO17: =-$B17*(1+$B$1)^5 -> -1824.9794 | BP17: =-$B17*(1+$B$1)^5 -> -1824.9794 | BQ17: =-$B17*(1+$B$1)^5 -> -1824.9794 | BR17: =-$B17*(1+$B$1)^5 -> -1824.9794 | BS17: =-$B17*(1+$B$1)^5 -> -1824.9794 | BT17: =-$B17*(1+$B$1)^5 -> -1824.9794 | BU17: =-$B17*(1+$B$1)^5 -> -1824.9794 | ... BY17: =-$B17*(1+$B$1)^5 -> -1824.9794 | BZ17: =-$B17*(1+$B$1)^6 -> -1897.9785 | CA17: =-$B17*(1+$B$1)^6 -> -1897.9785 | CB17: =-$B17*(1+$B$1)^6 -> -1897.9785 | CC17: =-$B17*(1+$B$1)^6 -> -1897.9785 | CD17: =-$B17*(1+$B$1)^6 -> -1897.9785 | CE17: =-$B17*(1+$B$1)^6 -> -1897.9785 | CF17: =-$B17*(1+$B$1)^6 -> -1897.9785 | CG17: =-$B17*(1+$B$1)^6 -> -1897.9785 | ... CK17: =-$B17*(1+$B$1)^6 -> -1897.9785 | CL17: =-$B17*(1+$B$1)^7 -> -1973.8977 | CM17: =-$B17*(1+$B$1)^7 -> -1973.8977 | CN17: =-$B17*(1+$B$1)^7 -> -1973.8977 | CO17: =-$B17*(1+$B$1)^7 -> -1973.8977 | CP17: =-$B17*(1+$B$1)^7 -> -1973.8977 | CQ17: =-$B17*(1+$B$1)^7 -> -1973.8977 | CR17: =-$B17*(1+$B$1)^7 -> -1973.8977 | CS17: =-$B17*(1+$B$1)^7 -> -1973.8977 | ... CW17: =-$B17*(1+$B$1)^7 -> -1973.8977 | CX17: =-$B17*(1+$B$1)^8 -> -2052.8536 | CY17: =-$B17*(1+$B$1)^8 -> -2052.8536 | CZ17: =-$B17*(1+$B$1)^8 -> -2052.8536 | DA17: =-$B17*(1+$B$1)^8 -> -2052.8536 | DB17: =-$B17*(1+$B$1)^8 -> -2052.8536 | DC17: =-$B17*(1+$B$1)^8 -> -2052.8536 | DD17: =-$B17*(1+$B$1)^8 -> -2052.8536 | DE17: =-$B17*(1+$B$1)^8 -> -2052.8536 | ... DI17: =-$B17*(1+$B$1)^8 -> -2052.8536 | DJ17: =-$B17*(1+$B$1)^9 -> -2134.9677 | DK17: =-$B17*(1+$B$1)^9 -> -2134.9677 | DL17: =-$B17*(1+$B$1)^9 -> -2134.9677 | DM17: =-$B17*(1+$B$1)^9 -> -2134.9677 | DN17: =-$B17*(1+$B$1)^9 -> -2134.9677 | DO17: =-$B17*(1+$B$1)^9 -> -2134.9677 | DP17: =-$B17*(1+$B$1)^9 -> -2134.9677 | DQ17: =-$B17*(1+$B$1)^9 -> -2134.9677 | ... DU17: =-$B17*(1+$B$1)^9 -> -2134.9677
A18: Aluguel software | B18: 6000 | F18: =-B18 -> -6000 | G18: =-C18 -> 0 | H18: =-D18 -> 0 | I18: =-E18 -> 0 | J18: =-F18 -> 6000 | K18: =-G18 -> 0 | L18: =-H18 -> 0 | M18: =-I18 -> 0 | ... P18: =-L18 -> 0 | Q18: =-$B18*(1+$B$1)^0 -> -6000 | R18: =-$B18*(1+$B$1)^1 -> -6240 | S18: =-$B18*(1+$B$1)^1 -> -6240 | T18: =-$B18*(1+$B$1)^1 -> -6240 | U18: =-$B18*(1+$B$1)^1 -> -6240 | V18: =-$B18*(1+$B$1)^1 -> -6240 | W18: =-$B18*(1+$B$1)^1 -> -6240 | X18: =-$B18*(1+$B$1)^1 -> -6240 | Y18: =-$B18*(1+$B$1)^1 -> -6240 | ... AC18: =-$B18*(1+$B$1)^1 -> -6240 | AD18: =-$B18*(1+$B$1)^2 -> -6489.6 | AE18: =-$B18*(1+$B$1)^2 -> -6489.6 | AF18: =-$B18*(1+$B$1)^2 -> -6489.6 | AG18: =-$B18*(1+$B$1)^2 -> -6489.6 | AH18: =-$B18*(1+$B$1)^2 -> -6489.6 | AI18: =-$B18*(1+$B$1)^2 -> -6489.6 | AJ18: =-$B18*(1+$B$1)^2 -> -6489.6 | AK18: =-$B18*(1+$B$1)^2 -> -6489.6 | ... AO18: =-$B18*(1+$B$1)^2 -> -6489.6 | AP18: =-$B18*(1+$B$1)^3 -> -6749.184 | AQ18: =-$B18*(1+$B$1)^3 -> -6749.184 | AR18: =-$B18*(1+$B$1)^3 -> -6749.184 | AS18: =-$B18*(1+$B$1)^3 -> -6749.184 | AT18: =-$B18*(1+$B$1)^3 -> -6749.184 | AU18: =-$B18*(1+$B$1)^3 -> -6749.184 | AV18: =-$B18*(1+$B$1)^3 -> -6749.184 | AW18: =-$B18*(1+$B$1)^3 -> -6749.184 | ... BA18: =-$B18*(1+$B$1)^3 -> -6749.184 | BB18: =-$B18*(1+$B$1)^4 -> -7019.1514 | BC18: =-$B18*(1+$B$1)^4 -> -7019.1514 | BD18: =-$B18*(1+$B$1)^4 -> -7019.1514 | BE18: =-$B18*(1+$B$1)^4 -> -7019.1514 | BF18: =-$B18*(1+$B$1)^4 -> -7019.1514 | BG18: =-$B18*(1+$B$1)^4 -> -7019.1514 | BH18: =-$B18*(1+$B$1)^4 -> -7019.1514 | BI18: =-$B18*(1+$B$1)^4 -> -7019.1514 | ... BM18: =-$B18*(1+$B$1)^4 -> -7019.1514 | BN18: =-$B18*(1+$B$1)^5 -> -7299.9174 | BO18: =-$B18*(1+$B$1)^5 -> -7299.9174 | BP18: =-$B18*(1+$B$1)^5 -> -7299.9174 | BQ18: =-$B18*(1+$B$1)^5 -> -7299.9174 | BR18: =-$B18*(1+$B$1)^5 -> -7299.9174 | BS18: =-$B18*(1+$B$1)^5 -> -7299.9174 | BT18: =-$B18*(1+$B$1)^5 -> -7299.9174 | BU18: =-$B18*(1+$B$1)^5 -> -7299.9174 | ... BY18: =-$B18*(1+$B$1)^5 -> -7299.9174 | BZ18: =-$B18*(1+$B$1)^6 -> -7591.9141 | CA18: =-$B18*(1+$B$1)^6 -> -7591.9141 | CB18: =-$B18*(1+$B$1)^6 -> -7591.9141 | CC18: =-$B18*(1+$B$1)^6 -> -7591.9141 | CD18: =-$B18*(1+$B$1)^6 -> -7591.9141 | CE18: =-$B18*(1+$B$1)^6 -> -7591.9141 | CF18: =-$B18*(1+$B$1)^6 -> -7591.9141 | CG18: =-$B18*(1+$B$1)^6 -> -7591.9141 | ... CK18: =-$B18*(1+$B$1)^6 -> -7591.9141 | CL18: =-$B18*(1+$B$1)^7 -> -7895.5907 | CM18: =-$B18*(1+$B$1)^7 -> -7895.5907 | CN18: =-$B18*(1+$B$1)^7 -> -7895.5907 | CO18: =-$B18*(1+$B$1)^7 -> -7895.5907 | CP18: =-$B18*(1+$B$1)^7 -> -7895.5907 | CQ18: =-$B18*(1+$B$1)^7 -> -7895.5907 | CR18: =-$B18*(1+$B$1)^7 -> -7895.5907 | CS18: =-$B18*(1+$B$1)^7 -> -7895.5907 | ... CW18: =-$B18*(1+$B$1)^7 -> -7895.5907 | CX18: =-$B18*(1+$B$1)^8 -> -8211.4143 | CY18: =-$B18*(1+$B$1)^8 -> -8211.4143 | CZ18: =-$B18*(1+$B$1)^8 -> -8211.4143 | DA18: =-$B18*(1+$B$1)^8 -> -8211.4143 | DB18: =-$B18*(1+$B$1)^8 -> -8211.4143 | DC18: =-$B18*(1+$B$1)^8 -> -8211.4143 | DD18: =-$B18*(1+$B$1)^8 -> -8211.4143 | DE18: =-$B18*(1+$B$1)^8 -> -8211.4143 | ... DI18: =-$B18*(1+$B$1)^8 -> -8211.4143 | DJ18: =-$B18*(1+$B$1)^9 -> -8539.8709 | DK18: =-$B18*(1+$B$1)^9 -> -8539.8709 | DL18: =-$B18*(1+$B$1)^9 -> -8539.8709 | DM18: =-$B18*(1+$B$1)^9 -> -8539.8709 | DN18: =-$B18*(1+$B$1)^9 -> -8539.8709 | DO18: =-$B18*(1+$B$1)^9 -> -8539.8709 | DP18: =-$B18*(1+$B$1)^9 -> -8539.8709 | DQ18: =-$B18*(1+$B$1)^9 -> -8539.8709 | ... DU18: =-$B18*(1+$B$1)^9 -> -8539.8709
A19: Manutenção PDV + Smart Phone + Parquímetro | B19: 3000 | F19: =-$B$19 -> -3000 | G19: =-$B$19 -> -3000 | H19: =-$B$19 -> -3000 | I19: =-$B$19 -> -3000 | J19: =-$B$19 -> -3000 | K19: =-$B$19 -> -3000 | L19: =-$B$19 -> -3000 | M19: =-$B$19 -> -3000 | ... P19: =-$B$19 -> -3000 | Q19: =-$B19*(1+$B$1)^0 -> -3000 | R19: =-$B19*(1+$B$1)^1 -> -3120 | S19: =-$B19*(1+$B$1)^1 -> -3120 | T19: =-$B19*(1+$B$1)^1 -> -3120 | U19: =-$B19*(1+$B$1)^1 -> -3120 | V19: =-$B19*(1+$B$1)^1 -> -3120 | W19: =-$B19*(1+$B$1)^1 -> -3120 | X19: =-$B19*(1+$B$1)^1 -> -3120 | Y19: =-$B19*(1+$B$1)^1 -> -3120 | ... AC19: =-$B19*(1+$B$1)^1 -> -3120 | AD19: =-$B19*(1+$B$1)^2 -> -3244.8 | AE19: =-$B19*(1+$B$1)^2 -> -3244.8 | AF19: =-$B19*(1+$B$1)^2 -> -3244.8 | AG19: =-$B19*(1+$B$1)^2 -> -3244.8 | AH19: =-$B19*(1+$B$1)^2 -> -3244.8 | AI19: =-$B19*(1+$B$1)^2 -> -3244.8 | AJ19: =-$B19*(1+$B$1)^2 -> -3244.8 | AK19: =-$B19*(1+$B$1)^2 -> -3244.8 | ... AO19: =-$B19*(1+$B$1)^2 -> -3244.8 | AP19: =-$B19*(1+$B$1)^3 -> -3374.592 | AQ19: =-$B19*(1+$B$1)^3 -> -3374.592 | AR19: =-$B19*(1+$B$1)^3 -> -3374.592 | AS19: =-$B19*(1+$B$1)^3 -> -3374.592 | AT19: =-$B19*(1+$B$1)^3 -> -3374.592 | AU19: =-$B19*(1+$B$1)^3 -> -3374.592 | AV19: =-$B19*(1+$B$1)^3 -> -3374.592 | AW19: =-$B19*(1+$B$1)^3 -> -3374.592 | ... BA19: =-$B19*(1+$B$1)^3 -> -3374.592 | BB19: =-$B19*(1+$B$1)^4 -> -3509.5757 | BC19: =-$B19*(1+$B$1)^4 -> -3509.5757 | BD19: =-$B19*(1+$B$1)^4 -> -3509.5757 | BE19: =-$B19*(1+$B$1)^4 -> -3509.5757 | BF19: =-$B19*(1+$B$1)^4 -> -3509.5757 | BG19: =-$B19*(1+$B$1)^4 -> -3509.5757 | BH19: =-$B19*(1+$B$1)^4 -> -3509.5757 | BI19: =-$B19*(1+$B$1)^4 -> -3509.5757 | ... BM19: =-$B19*(1+$B$1)^4 -> -3509.5757 | BN19: =-$B19*(1+$B$1)^5 -> -3649.9587 | BO19: =-$B19*(1+$B$1)^5 -> -3649.9587 | BP19: =-$B19*(1+$B$1)^5 -> -3649.9587 | BQ19: =-$B19*(1+$B$1)^5 -> -3649.9587 | BR19: =-$B19*(1+$B$1)^5 -> -3649.9587 | BS19: =-$B19*(1+$B$1)^5 -> -3649.9587 | BT19: =-$B19*(1+$B$1)^5 -> -3649.9587 | BU19: =-$B19*(1+$B$1)^5 -> -3649.9587 | ... BY19: =-$B19*(1+$B$1)^5 -> -3649.9587 | BZ19: =-$B19*(1+$B$1)^6 -> -3795.9571 | CA19: =-$B19*(1+$B$1)^6 -> -3795.9571 | CB19: =-$B19*(1+$B$1)^6 -> -3795.9571 | CC19: =-$B19*(1+$B$1)^6 -> -3795.9571 | CD19: =-$B19*(1+$B$1)^6 -> -3795.9571 | CE19: =-$B19*(1+$B$1)^6 -> -3795.9571 | CF19: =-$B19*(1+$B$1)^6 -> -3795.9571 | CG19: =-$B19*(1+$B$1)^6 -> -3795.9571 | ... CK19: =-$B19*(1+$B$1)^6 -> -3795.9571 | CL19: =-$B19*(1+$B$1)^7 -> -3947.7953 | CM19: =-$B19*(1+$B$1)^7 -> -3947.7953 | CN19: =-$B19*(1+$B$1)^7 -> -3947.7953 | CO19: =-$B19*(1+$B$1)^7 -> -3947.7953 | CP19: =-$B19*(1+$B$1)^7 -> -3947.7953 | CQ19: =-$B19*(1+$B$1)^7 -> -3947.7953 | CR19: =-$B19*(1+$B$1)^7 -> -3947.7953 | CS19: =-$B19*(1+$B$1)^7 -> -3947.7953 | ... CW19: =-$B19*(1+$B$1)^7 -> -3947.7953 | CX19: =-$B19*(1+$B$1)^8 -> -4105.7072 | CY19: =-$B19*(1+$B$1)^8 -> -4105.7072 | CZ19: =-$B19*(1+$B$1)^8 -> -4105.7072 | DA19: =-$B19*(1+$B$1)^8 -> -4105.7072 | DB19: =-$B19*(1+$B$1)^8 -> -4105.7072 | DC19: =-$B19*(1+$B$1)^8 -> -4105.7072 | DD19: =-$B19*(1+$B$1)^8 -> -4105.7072 | DE19: =-$B19*(1+$B$1)^8 -> -4105.7072 | ... DI19: =-$B19*(1+$B$1)^8 -> -4105.7072 | DJ19: =-$B19*(1+$B$1)^9 -> -4269.9354 | DK19: =-$B19*(1+$B$1)^9 -> -4269.9354 | DL19: =-$B19*(1+$B$1)^9 -> -4269.9354 | DM19: =-$B19*(1+$B$1)^9 -> -4269.9354 | DN19: =-$B19*(1+$B$1)^9 -> -4269.9354 | DO19: =-$B19*(1+$B$1)^9 -> -4269.9354 | DP19: =-$B19*(1+$B$1)^9 -> -4269.9354 | DQ19: =-$B19*(1+$B$1)^9 -> -4269.9354 | ... DU19: =-$B19*(1+$B$1)^9 -> -4269.9354
